Workbook
Name ____________________________________R: #REF!
Name ____________________________________R: #REF!
Name ____________________________________R: #REF!
Name ___________________________________R: #REF!
Name ___________________________________R: #REF!
Name ___________________________________R: #REF!
Name __________________________________R: #REF!
Name __________________________________R: #REF!
Name __________________________________R: #REF!
Name _________________________________R: 'PLAZOS EXOGENA'!#REF!
Name _________________________________R: #REF!
Name _________________________________R: #REF!
Name _________________________________R: #REF!
Name ________________________________R: 'PLAZOS EXOGENA'!#REF!
Name ________________________________R: #REF!
Name ________________________________R: #REF!
Name ________________________________R: #REF!
Name _______________________________R: 'PLAZOS EXOGENA'!#REF!
Name _______________________________R: #REF!
Name _______________________________R: #REF!
Name _______________________________R: #REF!
Name ______________________________R: 'PLAZOS EXOGENA'!#REF!
Name ______________________________R: #REF!
Name ______________________________R: #REF!
Name ______________________________R: #REF!
Name _____________________________R: 'PLAZOS EXOGENA'!#REF!
Name _____________________________R: #REF!
Name _____________________________R: #REF!
Name _____________________________R: #REF!
Name ____________________________R: 'PLAZOS EXOGENA'!#REF!
Name ____________________________R: #REF!
Name ____________________________R: #REF!
Name ____________________________R: #REF!
Name ___________________________R: 'PLAZOS EXOGENA'!#REF!
Name ___________________________R: #REF!
Name ___________________________R: #REF!
Name ___________________________R: #REF!
Name __________________________R: 'PLAZOS EXOGENA'!#REF!
Name __________________________R: #REF!
Name __________________________R: #REF!
Name __________________________R: #REF!
Name _________________________R: 'PLAZOS EXOGENA'!#REF!
Name _________________________R: #REF!
Name _________________________R: #REF!
Name _________________________R: #REF!
Name ________________________R: 'PLAZOS EXOGENA'!#REF!
Name ________________________R: #REF!
Name ________________________R: #REF!
Name ________________________R: #REF!
Name _______________________R: 'PLAZOS EXOGENA'!#REF!
Name _______________________R: #REF!
Name _______________________R: #REF!
Name _______________________R: #REF!
Name ______________________R: 'PLAZOS EXOGENA'!#REF!
Name ______________________R: #REF!
Name ______________________R: #REF!
Name ______________________R: #REF!
Name _____________________R: 'PLAZOS EXOGENA'!#REF!
Name _____________________R: #REF!
Name _____________________R: #REF!

Sheet LISTA H
B1: No. | C1: Nombre HOJAS | D1: DESCRIPCIÓN
B2: 1 | C2: {=IFERROR(RIGHT(INDEX(ListaHojas,ROWS(B$1:B1)),LEN(INDEX(ListaHojas,ROWS(B$1:B1)))-FIND("]",INDEX(ListaHojas,ROWS(B$1:B1)))),"")}
B3: 2 | C3: {=IFERROR(RIGHT(INDEX(ListaHojas,ROWS(B$1:B2)),LEN(INDEX(ListaHojas,ROWS(B$1:B2)))-FIND("]",INDEX(ListaHojas,ROWS(B$1:B2)))),"")} | D3: Hoja para Llevar el control de los formatos
B4: 3 | C4: 1001 | D4: =VLOOKUP(VALUE(RIGHT(C4,4)),Formatos!$A:$B,2,0) -> 1001(V-10) - Pagos o abonos en cuenta y retenciones practicadas
B5: 4 | C5: 1003 | D5: =VLOOKUP(VALUE(RIGHT(C5,4)),Formatos!$A:$B,2,0) -> 1003(V-7) - Retenciones en la fuente que le practicaron
B6: 5 | C6: 1004 | D6: =VLOOKUP(VALUE(RIGHT(C6,4)),Formatos!$A:$B,2,0) -> 1004(V-8) - Descuentos Tributarios Solicitados
B7: 6 | C7: 1005 | D7: =VLOOKUP(VALUE(RIGHT(C7,4)),Formatos!$A:$B,2,0) -> 1005(V-8) - Impuesto a las ventas por pagar-Descontable
B8: 7 | C8: 1006 | D8: =VLOOKUP(VALUE(RIGHT(C8,4)),Formatos!$A:$B,2,0) -> 1006(V-8) - Impuestos a las Ventas por Pagar (Generado) e Impuesto al Consumo
B9: 8 | C9: 1007 | D9: =VLOOKUP(VALUE(RIGHT(C9,4)),Formatos!$A:$B,2,0) -> 1007(V-9) - Ingresos recibidos
B10: 9 | C10: 1008 | D10: =VLOOKUP(VALUE(RIGHT(C10,4)),Formatos!$A:$B,2,0) -> 1008(V-7) - Saldos de cuentas por cobrar al 31 de diciembre
B11: 10 | C11: 1009 | D11: =VLOOKUP(VALUE(RIGHT(C11,4)),Formatos!$A:$B,2,0) -> 1009(V-7) - Saldos de cuentas por pagar al 31 de diciembre
B12: 11 | C12: 1010 | D12: =VLOOKUP(VALUE(RIGHT(C12,4)),Formatos!$A:$B,2,0) -> 1010(V-9) - Información de socios, accionistas, comuneros y/o cooperados
B13: 12 | C13: 1011 | D13: =VLOOKUP(VALUE(RIGHT(C13,4)),Formatos!$A:$B,2,0) -> 1011(V-6) - Información de las declaraciones Tributarias
B14: 13 | C14: 1012 | D14: =VLOOKUP(VALUE(RIGHT(C14,4)),Formatos!$A:$B,2,0) -> 1012(V-7) - Información de las declaraciones tributarias, acciones y aportes e inversiones en bonos, certificados, titulos y demas inversiones tributarias
B15: 14 | C15: 1056 | D15: =VLOOKUP(VALUE(RIGHT(C15,4)),Formatos!$A:$B,2,0) -> 1056(V-10) - Pagos o Abonos en cuenta y retenciones por secretarios generales que administran recursos del tesoro
... B20: 19 | C20: 2276 | D20: =VLOOKUP(VALUE(RIGHT(C20,4)),Formatos!$A:$B,2,0) -> 2276(V-4) - Información de Rentas de Trabajo y Pensiones
B21: 20 | C21: Formatos | D21: Todos los Formatos de Informantes AG-2024
B22: 21 | C22: Tablas | D22: Todas las tablas Utilizadas en los Formatos
B23: 22 | C23: Conceptos | D23: Todos los conceptos de los diferentes Formatos
B24: 23 | C24: Actividades económicas | D24: Lista de Actividades económicas
B25: 24 | C25: Códigos Mun-Deptos-Países | D25: Listado con códigos de Municipios, deptos y paises
B26: 25 | C26: Plazos | D26: Plazos
C27: Fuentes: | D27: Prevalidador Tributario Informantes AG2024
D28: Formato-Exogena-AG2025-q-se-presenta-en-2026-F-Basicos-1.xlsx
D29: William Dussan
D30: https://normograma.dian.gov.co/dian/compilacion/docs/resolucion_dian_0162_2023.htm
D32: Resolución 000227 (Título 3) de 23-09-2025 MODIFICA Resolución 162.pdf
D33: Desde la página 62 hasta la 157

Sheet Lista y Control Envio
D1: EMPRESA LA BERRAQUERA S.A.S. | E1: Personas Jurídicas y Nat | G1: VENCE | H1: =IF(D2="","",IF(E1="Personas Jurídicas y Nat",J1,J2)) -> 46169 | I1: =RIGHT($D$2,2) -> 45 | J1: =VLOOKUP(I1,'PLAZOS EXOGENA'!$B$3:$C$102,2,0) -> 46169
B2: NIT: | D2: 900000145 | I2: =RIGHT($D$2,1) -> 5 | J2: =VLOOKUP(VALUE(I2),'PLAZOS EXOGENA'!$F$7:$G$16,2,0) -> 46148
E3: =CONCATENATE("Cantidad de Formatos Diligenciados"," ",SUM(F6:F30)) -> Cantidad de Formatos Diligenciados 0 | G3: =CONCATENATE(COUNT(B6:B1048576)," ","Formatos") -> 17 Formatos | H3: =IF(H4="Presentada","Qué bien!",IF(H1="","",IF(H1-TODAY()<0,"… Ya Venció ...",CONCATENATE("Faltan ...",H1-TODAY()," ","dias.")))) -> Faltan ...46 dias.
B4: CONTROL PRESENTACION FORMATOS | H4: Elaboracion
B5: N° | D5: Formato | E5: Cantidad de Registros | G5: Envío N° | L5: 1
B6: =IF(D6="","",1) -> 1 | D6: 1001 (V-10) - Pagos o abonos en cuenta y retenciones practicadas | E6: =COUNTA('F1001'!B15:B17,'F1001'!B15:B17>0)-1 -> 0 | F6: =IF(E6>0,COUNT(E6),"")
B7: =IF(D7="","",B6+1) -> 2 | D7: 1003 (V-7) - Retenciones en la fuente que le practicaron | E7: =COUNTA('F1003'!B15:B17,'F1003'!B15:B17>0)-1 -> 0 | F7: =IF(E7>0,COUNT(E7),"")
B8: =IF(D8="","",B7+1) -> 3 | D8: 1004 (V-8) - Descuentos Tributarios Solicitados | E8: =COUNTA('F1004'!B15:B18,'F1004'!B15:B18>0)-1 -> 0 | F8: =IF(E8>0,COUNT(E8),"")
B9: =IF(D9="","",B8+1) -> 4 | D9: 1005 (V-8) - Impuesto a las ventas por pagar-Descontable | E9: =COUNTA('F1005'!B15:B17,'F1005'!B15:B17>0)-1 -> 0 | F9: =IF(E9>0,COUNT(E9),"")
B10: =IF(D10="","",B9+1) -> 5 | D10: 1006 (V-8) - Impuestos a las Ventas por Pagar (Generado) e Impuesto al Consumo | E10: =COUNTA('F1006'!B15:B17,'F1006'!B15:B17>0)-1 -> 0 | F10: =IF(E10>0,COUNT(E10),"")
B11: =IF(D11="","",B10+1) -> 6 | D11: 1007 (V-9) - Ingresos recibidos | E11: =COUNTA('F1007'!B15:B17,'F1007'!B15:B17>0)-1 -> 0 | F11: =IF(E11>0,COUNT(E11),"")
B12: =IF(D12="","",B11+1) -> 7 | D12: 1008 (V-7) - Saldos de cuentas por cobrar al 31 de diciembre | E12: =COUNTA('F1008'!B15:B18,'F1008'!B15:B18>0)-1 -> 0 | F12: =IF(E12>0,COUNT(E12),"")
B13: =IF(D13="","",B12+1) -> 8 | D13: 1009 (V-7) - Saldos de cuentas por pagar al 31 de diciembre | E13: =COUNTA('F1009'!B15:B17,'F1009'!B15:B17>0)-1 -> 0 | F13: =IF(E13>0,COUNT(E13),"")
B14: =IF(D14="","",B13+1) -> 9 | D14: 1010 (V-9) - Información de socios, accionistas, comuneros y/o cooperados | E14: =COUNTA('F1010'!B15:B17,'F1010'!B15:B17>0)-1 -> 0 | F14: =IF(E14>0,COUNT(E14),"")
B15: =IF(D15="","",B14+1) -> 10 | D15: 1011 (V-6) - Información de las declaraciones Tributarias | E15: =COUNTA('F1011'!B15:B18,'F1011'!B15:B18>0)-1 -> 0 | F15: =IF(E15>0,COUNT(E15),"")
B16: =IF(D16="","",B15+1) -> 11 | D16: 1012 (V-7) - Información de las declaraciones tributarias, acciones y aportes e inversiones en bonos, certificados, titulos y demas inversiones tributarias | E16: =COUNTA('F1012'!B15:B17,'F1012'!B15:B17>0)-1 -> 0 | F16: =IF(E16>0,COUNT(E16),"")
B17: =IF(D17="","",B16+1) -> 12 | D17: 1056 (V-10) - Pagos o Abonos en cuenta y retenciones por secretarios generales que administran recursos del tesoro | E17: =COUNTA('F1056'!B15:B18,'F1056'!B15:B18>0)-1 -> 0 | F17: =IF(E17>0,COUNT(E17),"")
B18: =IF(D18="","",B17+1) -> 13 | D18: 1647 (V-2) - Ingresos recibidos para terceros | E18: =COUNTA('F1647'!B15:B18,'F1647'!B15:B18>0)-1 -> 0 | F18: =IF(E18>0,COUNT(E18),"")
B19: =IF(D19="","",B18+1) -> 14 | D19: 2275 (V-2) - Ingresos No Constitutivos de Renta Ni Ganancia Ocasional | E19: =COUNTA('F2275'!B15:B18,'F2275'!B15:B18>0)-1 -> 0 | F19: =IF(E19>0,COUNT(E19),"")
B20: =IF(D20="","",B19+1) -> 15 | D20: 2276 (V-4) - Información de Rentas de Trabajo y Pensiones | E20: =COUNTA('F2276'!C15:C20,'F2276'!C15:C20>0)-1 -> 0 | F20: =IF(E20>0,COUNT(E20),"")
B21: =IF(D21="","",B20+1) -> 16 | D21: 2278 (V-1) - Compra de bonos electrónicos o papel de servicio, cheques o vales para beneficio de los trabajadores | E21: =COUNTA('F2278'!B15:B17,'F2278'!B15:B17>0)-1 -> 0 | F21: =IF(E21>0,COUNT(E21),"")
B22: =IF(D22="","",B21+1) -> 17 | D22: 5253 (V-2) - Información de beneficiarios efectivos | E22: =COUNTA('F5253'!B15:B17,'F5253'!B15:B17>0)-1 -> 0 | F22: =IF(E22>0,COUNT(E22),"")
D23: Tipo de Documento | E23: =CONCATENATE("Total Registros Enviados"," ",SUM(E6:E22)) -> Total Registros Enviados 0
D24: Formatos
D25: Tablas
D26: Conceptos
D27: Actividad Económica
D28: Códigos Mun-Deptos-Países
D29: Plazos Exógena
D30: PUC Exógena
D33: Páginas - Prevalidadores Informacion Tributaria
D36: NORMATIVIDAD APLICABLE
D37: Resolución Única 00227 del 23 de septiembre de 2025
D38: Resolución 0233 del 30 de octubre de 2025

Sheet F1001
A1: 20 | B1: *24 | C1: *25 | D1: *26 | E1: 27 | F1: 28 | G1: 29 | H1: 30 | I1: 31 | J1: 32 | K1: 33 | L1: 34 | M1: 35 | N1: 36 | O1: 37 | P1: 38 | Q1: 39 | R1: 40 | S1: 41 | T1: 42 | U1: 43
A2: 15 | B2: Concepto | C2: Tipo de documento | D2: Número identificación | E2: Primer apellido del informado | F2: Segundo apellido del informado | G2: Primer nombre del informado | H2: Otros nombres del informado | I2: Razón social informado | J2: Dirección | K2: Código dpto | L2: Código mcp | M2: País de Residencia o domicilio | N2: Pago o abono en cuenta deducible | O2: Pago o abono en cuenta NO deducible | P2: IVA mayor valor del costo o gasto, deducible | Q2: IVA mayor valor del costo o gasto no deducible | R2: Retención en la fuente practicada Renta | S2: Retención en la fuente asumida Renta | T2: Retención en la fuente practicada IVA a responsables del IVA | U2: Retención en la fuente practicada IVA a no residentes o no domiciliados
A3: 15 | B3: N | C3: N | D3: A | E3: A | F3: A | G3: A | H3: A | I3: A | J3: A | K3: N | L3: N | M3: N | N3: N | O3: N | P3: N | Q3: N | R3: N | S3: N | T3: N | U3: N
B4: 4 | C4: 2 | D4: 20 | E4: 60 | F4: 60 | G4: 60 | H4: 60 | I4: 450 | J4: 200 | K4: 2 | L4: 3 | M4: 4 | N4: 18 | O4: 18 | P4: 18 | Q4: 18 | R4: 18 | S4: 18 | T4: 18 | U4: 18
A5: B | B5: S | C5: S | D5: S | E5: N | F5: N | G5: N | H5: N | I5: N | J5: N | K5: N | L5: N | M5: S | N5: S | O5: S | P5: S | Q5: S | R5: S | S5: S | T5: S | U5: S
A6: 4 | B6: DConcepto3 | C6: DTiposDocto | K6: D_2_108 | L6: D_2_109 | M6: D_2_107
B7: Seleccione el concepto por el cual efectuó el pago o abono en cuenta. | C7: Seleccione el tipo de documento de identificación que posee el informado. Cuando vaya a informar cuantías menores o personas o entidades del exterior, Utilice el tipo de Documento 43. Si la Persona o Entidad del exterior, tiene Número, Código o Clave Fiscal, Utilice 42. | D7: Indique el número de identificación que corresponda al beneficiario del pago informado. Si es por cuantías menores indique el Nit 222222222. Cuando sean transacciones con personas o entidades del exterior que no posea Número, Código o Clave Fiscal deberá informarse con Nit 444444001 aumentando en una unidad cada relacionado hasta el 444449999. | E7: Indique el primer apellido del beneficiario del pago. Si es una persona jurídica, deje este espacio en blanco. | F7: Indique el segundo apellido del beneficiario del pago. Si no tiene segundo apellido o es una persona jurídica, deje este espacio en blanco | G7: Indique el primer nombre del beneficiario del pago. Si es una persona jurídica, deje este espacio en blanco. | H7: Indique el segundo nombre u otros nombres del beneficiario del pago. Si no tiene más nombres o es una persona jurídica, deje este espacio en blanco. | I7: Indique la razón social del beneficiario del pago. Si es una persona natural, deje la casilla en blanco. Utilice "Cuantías menores" cuando el Nit sea 222222222 y la razón social o nombre que corresponda para Nits 444444001 en adelante. | J7: Relacione la dirección del beneficiario del pago o abono en cuenta informado. Cuando se refiera a cuantías menores indique la dirección del informante. Cuando se refiera a personas o entidades del exterior la dirección, no se diligencia. | K7: Seleccione el departamento al cual pertenece la dirección informada, conforme con los códigos indicados en las tablas del Dane, se deben incluir los ceros a la izquierda. Para personas o entidades del exterior este campo no se diligencia. | L7: Seleccione el municipio correspondiente a la dirección informada, conforme con los códigos indicados por el Dane, se deben incluir los ceros a la izquierda. Para personas o entidades del exterior este campo no se diligencia. | M7: Seleccione el código del país al cual pertenece el informado. | N7: Digite los pagos o abonos en cuenta (causación) que constituyan costo o deducción o den derecho a impuesto descontable por beneficiario correspondiente al año gravable informado. | O7: Informe el Valor de los Pagos o Abonos en cuenta (causación) NO solicitados Fiscalmente como costo o Deducción | P7: Informe el valor del IVA que llevo como Mayor Valor del Costo y solicitado como Deducible. | Q7: Informe el valor del IVA que llevo como mayor valor del costo y NO solicitado como Deducible | R7: Informe el valor de la Retencion en la Fuente Practicada a Titulo de Renta. | S7: Informe el valor de la Retencion en la Fuente Asumida a Titulo de Renta. | T7: Informe el valor de la Retención en la fuente practicada IVA a responsables del IVA. | U7: Informe el valor de la Retención en la fuente practicada IVA a no residentes o no domiciliados.
A8: ColPadre
A9: ValEsp | D9: E0064 | E9: E0141(31) | F9: E0143 | G9: E0141(31) | H9: E0143 | I9: E0142(27|29) | J9: E0074(8) | K9: E0075 | L9: E0076 | M9: E0087 | N9: E0130(37|38|39|40|41|42|43) | O9: E0118 | P9: E0118 | Q9: E0118 | R9: E0118 | S9: E0118 | T9: E0118 | U9: E0118 | V9: |Concepto - Este campo es obligatorio|Tipo de documento - Este campo es obligatorio|Número identificación - El campo debe ser numérico, no utilice puntos(.), ni comas(,)|DV - Este campo debe ser numérico mayor a 0, no utilice puntos(.), ni comas(,) - La longitud excede el maximo de 1 caracter. - El Digito de Verificación solamente se debe diligenciar si el Tipo de Documento 31 - NIT|Dirección - Esta casilla no debe diligenciarse si su pais de residencia es diferente a Colombia.|Código dpto - Este campo debe ser numérico mayor a 0, no utilice puntos(.), ni comas(,) - La longitud excede el maximo de 2 caracteres. - El código diligenciado no coincide con la tabla. - Esta casilla no debe diligenciarse si su pais de residencia es diferente a Colombia.|Código mcp - Este campo debe ser numérico mayor a 0, no utilice puntos(.), ni comas(,) - La longitud excede el maximo de 3 caracteres. - Valor no valido para este campo - Esta casilla no debe diligenciarse si su pais de residencia es diferente a Colombia.|País de Residencia o domicilio - Este campo debe ser numérico mayor a 0, no utilice puntos(.), ni comas(,) - La longitud excede el maximo de 4 caracteres. - El código diligenciado no coincide con la tabla.|Pago o abono en cuenta deducible - Este campo debe ser numérico mayor a 0, no utilice puntos(.), ni comas(,)|Pago o abono en cuenta NO deducible - Este campo debe ser numérico mayor a 0, no utilice puntos(.), ni comas(,)|IVA mayor valor del costo o gasto deducible - Este campo debe ser numérico mayor a 0, no utilice puntos(.), ni comas(,) - El valor ingresado no es numerico.|IVA mayor valor del costo o gasto NO deducible - Este campo debe ser numérico mayor a 0, no utilice puntos(.), ni comas(,) - El valor ingresado no es numerico.|Retención en la fuente practicada Renta - Este campo es obligatorio|Retención en la fuente asumida Renta - Este campo debe ser numérico mayor a 0, no utilice puntos(.), ni comas(,) - El valor ingresado no es numerico.|Retención en la fuente practicada IVA Régimen Común - Este campo debe ser numérico mayor a 0, no utilice puntos(.), ni comas(,) - El valor ingresado no es numerico.|Retención en la fuente asumida IVA Régimen Simplificado - Este campo es obligatorio|Retención en la fuente practicada IVA NO domiciliados - Este campo es obligatorio|Retención en la fuente practicadas CREE - Este campo es obligatorio|Retención en la fuente asumidas CREE - Este campo es obligatorio
A10: pagos | B10: cpt | C10: tdoc | D10: nid | E10: apl1 | F10: apl2 | G10: nom1 | H10: nom2 | I10: raz | J10: dir | K10: dpto | L10: mun | M10: pais | N10: pago | O10: pnded | P10: ided | Q10: inded | R10: retp | S10: reta | T10: comun | U10: ndom | V10: |Concepto - Este campo debe ser numérico mayor o igual a 0, no utilice puntos(.), ni comas(,) - El código diligenciado no coincide con la tabla.|Tipo de documento - Este campo debe ser numérico mayor o igual a 0, no utilice puntos(.), ni comas(,) - La longitud excede el maximo de 2 caracteres. - El código diligenciado no coincide con la tabla.|Número identificación - El campo debe ser numérico, no utilice puntos(.), ni comas(,)|DV - Este campo debe ser numérico mayor o igual a 0, no utilice puntos(.), ni comas(,) - La longitud excede el maximo de 1 caracter. - El Digito de Verificación solamente se debe diligenciar si el Tipo de Documento 31 - NIT|Dirección - Esta casilla no debe diligenciarse si su pais de residencia es diferente a Colombia.|Código dpto - Este campo debe ser numérico mayor o igual a 0, no utilice puntos(.), ni comas(,) - La longitud excede el maximo de 2 caracteres. - El código diligenciado no coincide con la tabla. - Esta casilla no debe diligenciarse si su pais de residencia es diferente a Colombia.|Código mcp - Este campo debe ser numérico mayor o igual a 0, no utilice puntos(.), ni comas(,) - Valor no valido para este campo - Esta casilla no debe diligenciarse si su pais de residencia es diferente a Colombia.|País de Residencia o domicilio - Este campo debe ser numérico mayor o igual a 0, no utilice puntos(.), ni comas(,) - El código diligenciado no coincide con la tabla.|Pago o abono en cuenta deducible - Este campo debe ser numérico mayor o igual a 0, no utilice puntos(.), ni comas(,)|Pago o abono en cuenta NO deducible - Este campo debe ser numérico mayor o igual a 0, no utilice puntos(.), ni comas(,)|IVA mayor valor del costo o gasto deducible - Este campo debe ser numérico mayor o igual a 0, no utilice puntos(.), ni comas(,) - El valor ingresado no es numerico.|IVA mayor valor del costo o gasto NO deducible - Este campo debe ser numérico mayor o igual a 0, no utilice puntos(.), ni comas(,) - El valor ingresado no es numerico.|Retención en la fuente practicada Renta - Este campo debe ser numérico mayor o igual a 0, no utilice puntos(.), ni comas(,)|Retención en la fuente asumida Renta - Este campo debe ser numérico mayor o igual a 0, no utilice puntos(.), ni comas(,) - El valor ingresado no es numerico.|Retención en la fuente practicada IVA Régimen Común - Este campo debe ser numérico mayor o igual a 0, no utilice puntos(.), ni comas(,) - El valor ingresado no es numerico.|Retención en la fuente asumida IVA Régimen Simplificado - Este campo debe ser numérico mayor o igual a 0, no utilice puntos(.), ni comas(,)|Retención en la fuente practicada IVA NO domiciliados - Este campo debe ser numérico mayor o igual a 0, no utilice puntos(.), ni comas(,)|Retención en la fuente practicadas CREE - Este campo debe ser numérico mayor o igual a 0, no utilice puntos(.), ni comas(,)|Retención en la fuente asumidas CREE - Este campo debe ser numérico mayor o igual a 0, no utilice puntos(.), ni comas(,)
B11: 1001 | D11: 1001 Pagos o abonos en cuenta y retenciones practicadas | J11: 1001
B14: =B2 -> Concepto | C14: =C2 -> Tipo de documento | D14: =D2 -> Número identificación | E14: =E2 -> Primer apellido del informado | F14: =F2 -> Segundo apellido del informado | G14: =G2 -> Primer nombre del informado | H14: =H2 -> Otros nombres del informado | I14: =I2 -> Razón social informado | ... O14: =O2 -> Pago o abono en cuenta NO deducible | P14: IVA mayor valor del costo o gasto, deducible | Q14: =Q2 -> IVA mayor valor del costo o gasto no deducible | R14: =R2 -> Retención en la fuente practicada Renta | S14: =S2 -> Retención en la fuente asumida Renta | T14: =T2 -> Retención en la fuente practicada IVA a responsables del IVA | U14: =U2 -> Retención en la fuente practicada IVA a no residentes o no domiciliados
N18: =SUM(N15:N17) -> 0 | O18: =SUM(O15:O17) -> 0 | P18: =SUM(P15:P17) -> 0 | Q18: =SUM(N18:P18) -> 0
Q19: =SUM(N18:O18) -> 0
B24: Tipos de documentos
C25: 11 | D25: Registro civil de nacimiento | H25: UVT 2025 | I25: 49799 | J25: 3 | K25: UVT | M25: =+I25*J25 -> 149397
C26: 12 | D26: Tarjeta de identidad | H26: PARÁGRAFO 1o. El valor mínimo a reportar por cada beneficiario de un pago o abono en cuenta es de tres (3) Unidades de Valor Tributario (UVT) (del año gravable a reportar), sin perjuicio que al discriminar el pago por concepto los valores a reportar sean menores
C27: 13 | D27: Cédula de ciudadanía
C28: 21 | D28: Tarjeta de extranjería
C29: 22 | D29: Cédula de extranjería | H29: Los pagos que acumulados por beneficiario por todo concepto sean menores a tres (3) Unidades de Valor Tributario (UVT) (del año gravable a reportar), se informarán acumulados en un solo registro, con identificación 222222222, razón social “CUANTÍAS MENORES” y tipo documento 43, en el concepto a que correspondan, reportando la dirección del informante
C30: 31 | D30: Nit
C31: 41 | D31: Pasaporte
C32: 42 | D32: Tipo de documento Extranjero
C33: 43 | D33: Sin identificación del exterior o para uso definido por la DIAN | I33: Sin embargo, a opción del informante, podrán reportarse pagos o abonos en cuenta menores a dicha cuantía, identificando al tercero cumpliendo con las especificaciones técnicas establecidas
C34: 47 | D34: Permiso Especial de Permanencia
C35: 48 | D35: Permiso por Protección Temporal
I36: Todos los pagos o abonos en cuenta sujetos a retención en la fuente, independiente de su cuantía, se deben reportar identificando al tercero.
B38: Conceptos | D38: Los resaltados en color verde son conceptos nuevos para este año gravable 2025
B39: 5002 | C39: Honorarios
B40: 5003 | C40: Comisiones
B41: 5004 | C41: Servicios
B42: 5005 | C42: Arrendamientos
B43: 5006 | C43: Intereses y rendimientos financieros causados
B44: 5007 | C44: Compra de activos movibles (E.T.Art 60)
B45: 5008 | C45: Compra de Activos Fijos (E.T. Art 60)
B46: 5010 | C46: Pagos o Abonos en cuenta por concepto de aportes parafiscales al SENA, a las Cajas de Compensación Familiar y al Instituto Colombiano de Bienestar Familiar
B47: 5011 | C47: Pagos o abonos en cuenta efectuado a las empresas promotoras de salud EPS y los aportes al Sistema de Riesgos Laborales, incluidos los aportes del trabajador
B48: 5012 | C48: Pagos o abonos en cuenta por concepto de aportes obligatorios para pensiones efectuados a los Fondos de Pensiones, incluidos los aportes del trabajador
B49: 5013 | C49: Donaciones en dinero efectuadas a las entidades señaladas en los artículos 125, 125-4,126-2 y 158-1 del Estatuto Tributario y la establecida en el artículo 16 de la Ley 814 de 2003, y demás que determine la ley
B50: 5014 | C50: Donaciones en activos diferentes a dinero efectuadas a las entidades señaladas en los artículos 125, 125-4,126-2 y 158-1 del Estatuto Tributario y la establecida en el artículo 16 de la Ley 814 de 2003, y demás que determine la ley
... B119: 5102 | C119: Valor de los pagos por apoyos económicos no reembolsables o condonados para financiar educación con recurso públicos art. 46 E.T

Sheet F1003
A1: 14 | B1: *24 | C1: *25 | D1: *26 | E1: 27 | F1: 28 | G1: 29 | H1: 30 | I1: 31 | J1: 32 | K1: 33 | L1: 34 | M1: 35 | N1: 36 | O1: 37
A2: 15 | B2: Concepto | C2: Tipo de documento | D2: Número identificación del informado | E2: DV | F2: Primer apellido del informado | G2: Segundo apellido del informado | H2: Primer nombre del informado | I2: Otros nombres del informado | J2: Razón social informado | K2: Dirección | L2: Código del Departamento | M2: Código del Municipio | N2: Valor acumulado del pago o abono sujeto a Retención en la fuente | O2: Retención que le practicaron
A3: 15 | B3: N | C3: N | D3: A | E3: N | F3: A | G3: A | H3: A | I3: A | J3: A | K3: A | L3: N | M3: N | N3: N | O3: N
B4: 4 | C4: 2 | D4: 20 | E4: 1 | F4: 60 | G4: 60 | H4: 60 | I4: 60 | J4: 450 | K4: 200 | L4: 2 | M4: 3 | N4: 20 | O4: 20
A5: O | B5: S | C5: S | D5: S | E5: N | F5: N | G5: N | H5: N | I5: N | J5: N | K5: S | L5: S | M5: S | N5: S | O5: S
A6: 4 | B6: DConcepto5 | C6: DTiposDoctoBB | L6: D_2_108 | M6: D_2_109
B7: Seleccione el concepto por el cual le efectuaron la retención en la fuente a informar. | C7: Seleccione el tipo de documento de identificación que posee la persona o entidad que le realizó la retención en la fuente. | D7: Indique el número de identificación del informado. Si el tipo de documento seleccionado es pasaporte (41) o Documento extranjero (42) podrá incluir datos alfanuméricos. | E7: Si el número de identificación informado es un NIT, relacione el dígito de verificación respectivo. | F7: Indique el primer apellido de la persona que le practicó la retención en la fuente. Si es una persona jurídica, deje este espacio en blanco. | G7: Indique el segundo apellido de la persona que le practicó la retención en la fuente. Si no tiene segundo apellido o es una persona jurídica, deje este espacio en blanco. | H7: Indique el primer nombre de la persona que le practicó la retención en la fuente. Si es una persona jurídica, deje este espacio en blanco. | I7: Indique el segundo nombre u otros nombres de la persona que le practicó la retención en la fuente. Si no tiene más nombres o es una persona jurídica, deje este espacio en blanco. | J7: Informe la razón social de la entidad que le practicó la retención en la fuente. Si el retenedor es una persona natural, deje esta casilla en blanco. | K7: Ingrese la dirección | L7: Seleccione el Código del Departamento. | M7: Seleccione el municipio luego de haber indicado el Departamento. | N7: Relacione el valor acumulado del pago o abono en cuenta, de las transacciones sobre las cuales le practicó retención el informado durante el año gravable informado. | O7: Relacione el valor total de la retención en la fuente que le practicó el informado durante el año gravable informado.
A8: ColPadre
A9: ValEsp | D9: E0050 | E9: E0012 | F9: E0003 | G9: E0054 | H9: E0003 | I9: E0054 | J9: E0004 | K9: E0100 | N9: E0066 | O9: E0027
A10: rets | B10: cpt | C10: tdoc | D10: nid | E10: dv | F10: apl1 | G10: apl2 | H10: nom1 | I10: nom2 | J10: raz | K10: dir | L10: dpto | M10: mcpo | N10: valor | O10: ret
B11: 1003 | D11: 1003 Retenciones en la fuente que le practicaron
B14: =B2 -> Concepto | C14: =C2 -> Tipo de documento | D14: =D2 -> Número identificación del informado | E14: =E2 -> DV | F14: =F2 -> Primer apellido del informado | G14: =G2 -> Segundo apellido del informado | H14: =H2 -> Primer nombre del informado | I14: =I2 -> Otros nombres del informado | ... O14: =O2 -> Retención que le practicaron
A17: =CONCATENATE(B17,"|",C17,"|",D17) -> ||
B22: Conceptos
B23: 1301 | C23: Retenciones por salarios y demàs pagos laborales
B24: 1302 | C24: Retenciones por ventas
B25: 1303 | C25: Retenciones por Servicios
B26: 1304 | C26: Retenciones por Honorarios
B27: 1305 | C27: Retenciones por Comisiones
B28: 1306 | C28: Retenciones por Intereses y Rendimientos Financieros
B29: 1307 | C29: Retenciones por Arrendamientos
B30: 1308 | C30: Retencion por Otros conceptos
B31: 1309 | C31: Retención en la fuente en el Impuesto a las ventas. | G31: Nota: El valor a reportar como base de la retención corresponde al valor de IVA y no al valor del pago o abono en cuenta.
B32: 1310 | C32: Retención por dividendos y participaciones
B33: 1311 | C33: Retención por enajenación de activos fijos de personas naturales ante oficinas de tránsito y otras entidades autorizadas
B34: 1312 | C34: Retención por ingresos de tarjetas débito y crédito
B35: 1313 | C35: Retención por loterías, rifas, apuestas y similares
B36: 1314 | C36: Retención por Impuesto de Timbre
B37: 1320 | C37: Retención por dividendos y participaciones recibidas por sociedades nacionales art. 242-1 del E.T.
B40: Tipos de documentos
C41: 11 | D41: Registro civil de nacimiento
C42: 12 | D42: Tarjeta de identidad
C43: 13 | D43: Cédula de ciudadanía
C44: 21 | D44: Tarjeta de extranjería
C45: 22 | D45: Cédula de extranjería
C46: 31 | D46: Nit
C47: 41 | D47: Pasaporte
C48: 42 | D48: Tipo de documento Extranjero
C49: 43 | D49: Sin identificación del exterior o para uso definido por la DIAN
C50: 47 | D50: Permiso Especial de Permanencia
C51: 48 | D51: Permiso por Protección Temporal

Sheet F1004
A1: 15 | B1: *24 | C1: *25 | D1: *26 | E1: 27 | F1: 28 | G1: 29 | H1: 30 | I1: 31 | J1: 32 | K1: 33 | L1: 34 | M1: 35 | N1: 36 | O1: 37 | P1: 38
A2: 15 | B2: Concepto | C2: Tipo de documento del Tercero | D2: Número de Identificación del Tercero | E2: Primer apellido | F2: Segundo apellido | G2: Primer nombre | H2: Otros nombres | I2: Razón Social | J2: Dirección | K2: Código dpto | L2: Código mcp | M2: Código País | N2: Buzón, correo o dirección electrónicos | O2: Valor del descuento tributario total del año | P2: Valor del descuento tributario efectivamente solicitado en el año gravable
A3: 15 | B3: N | C3: N | D3: A | E3: A | F3: A | G3: A | H3: A | I3: A | J3: A | K3: A | L3: A | M3: A | N3: A | O3: N | P3: N
B4: 4 | C4: 2 | D4: 20 | E4: 60 | F4: 60 | G4: 60 | H4: 60 | I4: 450 | J4: 250 | K4: 2 | L4: 3 | M4: 4 | N4: 50 | O4: 18 | P4: 18
A5: C | B5: S | C5: S | D5: S | E5: N | F5: N | G5: N | H5: N | I5: N | J5: N | K5: N | L5: N | M5: S | N5: N | O5: S | P5: S
A6: 4 | B6: DConcepto9 | C6: DTiposDocto | K6: D_2_108 | L6: D_2_109 | M6: D_2_107
B7: Seleccione el codigo concepto al cual pertecene el descuento tributario | C7: Selección el Tipo de Documento del tercero | D7: Indique el numero de Identificacion del tercero | E7: Indique el Primer Apellido del tercero . Si es una persona jurídica, deje este espacio en blanco | F7: Indique el Primer Apellido del tercero. Si no tiene segundo apellido o si es una persona jurídica, deje este espacio en blanco | G7: Indique el Primer Nombre del tercero . Si es una persona jurídica, deje este espacio en blanco | H7: Indique el Otro Nombre del tercero. Si no tiene otro nombre o si es una persona jurídica, deje este espacio en blanco | I7: Indique la razón social del Tercero. Si es una persona natural, deje la casilla en blanco. | J7: Indique la dirreccion del tercero que esta informando | K7: Seleccione el codigo departamento de la direccion informada | L7: Seleccione el codigo municipio de la direccion informada | M7: Seleccióne el codgo del pais del tercero informado | N7: Indique el correo electronico | O7: Informe el valor del Pago o abono en CTA | P7: Informe el valor del descuento tributario
A8: ColPadre
A9: ValEsp | D9: E0149 | E9: E0072(31) | F9: E0054 | G9: E0072(31) | H9: E0054 | I9: E0073(27|29) | J9: E0131(35|169|8) | K9: E0075 | L9: E0076 | M9: E0087 | N9: E0147 | O9: E0120 | P9: E0146
A10: descuentos | B10: cpt | C10: tdoc | D10: nit | E10: pap | F10: sap | G10: pno | H10: ono | I10: raz | J10: dir | K10: dpto | L10: mun | M10: pais | N10: email | O10: vdesc | P10: vdescsol
D11: 1004 INFORMACION DESCUENTOS TRIBUTARIOS SOLICITADOS
B14: =B2 -> Concepto | C14: =C2 -> Tipo de documento del Tercero | D14: =D2 -> Número de Identificación del Tercero | E14: =E2 -> Primer apellido | F14: =F2 -> Segundo apellido | G14: =G2 -> Primer nombre | H14: =H2 -> Otros nombres | I14: =I2 -> Razón Social | ... P14: =P2 -> Valor del descuento tributario efectivamente solicitado en el año gravable
A18: =CONCATENATE(B18,"|",C18,"|",D18) -> ||
C23: Los resaltados en color verde son conceptos nuevos para este año gravable 2025
B24: Conceptos
B25: 8303 | C25: Descuento tributario por impuestos pagados en el exterior solicitado como descuento por los contribuyentes nacionales que perciban rentas de fuente extranjera. E.T., art. 254.
B26: 8305 | C26: Descuento tributario empresas de servicios públicos domiciliarios que presten servicios de acueducto y alcantarillado. L. 788/2002, art. 104.
B27: 8316 | C27: Descuento tributario por donaciones dirigida a programas de becas o créditos condonables. E.T. Art. 256, Parágrafo 2, num. i)
B28: 8317 | C28: Descuento tributario por inversiones en investigación, desarrollo tecnológico e innovación. E.T., art. 256,modificado L 2277/2022 art 21
B29: 8318 | C29: Descuento por donaciones efectuadas a entidades sin ánimo de lucro pertenecientes al régimen tributario especial. E.T., art. 257, creado L.1819/2016, art. 105.
B30: 8319 | C30: Descuento tributario por donaciones efectuadas a entidades sin ánimo de lucro no contribuyentes de que tratan los artículos 22 y 23 del estatuto tributario. E.T., art. 257, creado L. 1819/2016, art. 105.
B31: 8320 | C31: Descuento tributario para inversiones realizadas en control, conservación y mejoramiento del medio ambiente. E.T., Art. 255, creado L. 1819/2016, art. 103.
B32: 8321 | C32: Descuento tributario por donaciones en la red nacional de bibliotecas públicas y biblioteca nacional E.T., art. 257, parágrafo, creado L. 1819/2016, art. 105.
B33: 8322 | C33: Descuento tributario por donaciones a favor del fondo para reparación de víctimas. Art 177, y DUR 1084 de 2015 , art. 2.2.10.6.
B34: 8323 | C34: Descuento tributario por impuestos pagados en el exterior por la Entidad controlada del Exterior (ECE). E.T., art.892, adicionado L 1819/2016, art. 139.
B35: 8324 | C35: Descuento tributario por donación a la Corporación General Gustavo Matamoros D’ Costa y demás fundaciones dedicadas a la defensa, protección de derechos humanos. E.T., art 126-2, inciso 1
B36: 8325 | C36: Descuento tributario por donación a organismos de deporte aficionado. E.T., art. 126- 2, inciso. 2.
... B49: 8340 | C49: Descuento tributario por donaciones efectuadas a bancos de alimentos y entidades sin ánimo de lucro, pertenecientes al Régimen Tributario Especial. E.T., Art 257 par. 1, adicionado Ley 2380/2024. No incluir esta información en el concepto 8318
B53: Concepto que ya no aplica para este alo gravable 2025. No usar
B54: 8330 | C54: Descuento tributario por impuesto de industria, comercio, avisos y tableros. E.T., art. 115 del E.T.

Sheet F1005
A1: 11 | B1: *24 | C1: *25 | D1: 26 | E1: 27 | F1: 28 | G1: 29 | H1: 30 | I1: 31 | J1: 32 | K1: 33 | L1: 34
A2: 15 | B2: Tipo de documento | C2: Número identificación | D2: DV | E2: Primer apellido del informado | F2: Segundo apellido del informado | G2: Primer nombre del informado | H2: Otros nombres del informado | I2: Razón social informado | J2: Impuesto Descontable | K2: IVA resultante por devoluciones en ventas anuladas, rescindidas o resueltas | L2: IVA tratado como mayor valor del costo o gasto (Art.490 E.T)
A3: 15 | B3: N | C3: A | D3: N | E3: A | F3: A | G3: A | H3: A | I3: A | J3: N | K3: N | L3: N
B4: 2 | C4: 20 | D4: 1 | E4: 60 | F4: 60 | G4: 60 | H4: 60 | I4: 450 | J4: 18 | K4: 18 | L4: 18
A5: B | B5: S | C5: S | D5: N | E5: N | F5: N | G5: N | H5: N | I5: N | J5: S | K5: S | L5: N
A6: 3 | B6: DTiposDocto
B7: Seleccione el tipo de documento de identificación del tercero y/o proveedor que le facturó el correspondiente impuesto a las ventas. Cuando vaya a informar a personas o entidades del exterior que posean Número, Código o Clave Fiscal, Utilice 42, de lo contrario utilice el tipo de documento 43. | C7: Indique el número de identificación que corresponda al beneficiario del pago informado. Si es por cuantías menores indique el Nit 222222222. Cuando sean transacciones con personas o entidades del exterior que no posea Número, Código o Clave Fiscal deberá informarse con Nit 444444001 aumentando en una unidad cada relacionado hasta el 444449999. | D7: Si el número de identificación informado es un NIT, relacione el dígito de verificación respectivo. | E7: Indique el primer apellido del proveedor y/o tercero informado. Si es una persona jurídica, deje este espacio en blanco. | F7: Indique el segundo apellido del proveedor y/o tercero informado. Si no tiene segundo apellido o es una persona jurídica, deje este espacio en blanco. | G7: Indique el primer nombre del proveedor y/o tercero informado. Si es una persona jurídica, deje este espacio en blanco. | H7: Indique el segundo nombre u otros nombres del proveedor y/o tercero informado. Si no tiene más nombres o es una persona jurídica, deje este espacio en blanco. | I7: Indique la razón social del tercero y/o proveedor informado. Si es una persona natural, deje la casilla en blanco. Utilice la razón social o nombre que corresponda para Nits 444444001 en adelante. | J7: Informe el valor del Impuesto a las ventas por pagar Descontable. | K7: Informe el valor del IVA Resultante por Devoluciones en Ventas Anuladas, Rescindidas o Resultas. | L7: Informe el valor del IVA tratado como mayor valor del costo o gasto (Art.490 E.T).
A8: ColPadre
A9: ValEsp | C9: E0151 | D9: E0012 | E9: E0141(31) | F9: E0143 | G9: E0141(31) | H9: E0143 | I9: E0142(27|29) | J9: E0118 | K9: E0122(Impuesto Descontable) | L9: E0103
A10: impventas | B10: tdoc | C10: nid | D10: dv | E10: apl1 | F10: apl2 | G10: nom1 | H10: nom2 | I10: raz | J10: vimp | K10: ivade | L10: ivavcg
D11: 1005 Impuesto a las ventas por pagar (Descontable)
B14: =B2 -> Tipo de documento | C14: =C2 -> Número identificación | D14: =D2 -> DV | E14: =E2 -> Primer apellido del informado | F14: =F2 -> Segundo apellido del informado | G14: =G2 -> Primer nombre del informado | H14: =H2 -> Otros nombres del informado | I14: =I2 -> Razón social informado | J14: Impuesto Descontable | K14: =K2 -> IVA resultante por devoluciones en ventas anuladas, rescindidas o resueltas | L14: =L2 -> IVA tratado como mayor valor del costo o gasto (Art.490 E.T) | M14: |Tipo de documento - Este campo debe ser numérico mayor a 0, no utilice puntos(.), ni comas(,) - La longitud excede el maximo de 2 caracteres. - El código diligenciado no coincide con la tabla.|Número identificación - La longitud excede el maximo de 20 caracteres. - El campo debe ser numérico, no utilice puntos(.), ni comas(,)|DV - La longitud excede el maximo de 1 caracter. - El Digito de Verificación solamente se debe diligenciar si el Tipo de Documento 31 - NIT|Impuesto Descontable - Este campo debe ser numérico mayor a 0, no utilice puntos(.), ni comas(,) - El campo debe ser numérico, no utilice puntos(.), ni comas(,).|IVA resultante por devoluciones en ventas anuladas, rescindidas o resueltas - Este campo debe ser numérico mayor a 0, no utilice puntos(.), ni comas(,) - La longitud excede el maximo de 20 caracteres.
J18: =SUM(J15:J17) -> 0
B22: en operaciones con entidades o sociedades del exterior, al reportar el número de identificación se debe diligenciar con el número, código o clave de identificación, tal como figura en el registro fiscal tributario del país de residencia o domicilio y tipo de documento 42.
B25: Cuando en dicho país no se utilice número, código o clave fiscal, se debe informar con identificación 444444001 en forma ascendente, variando consecutivamente en una unidad hasta el 444449999 y con tipo de documento 43.
B29: Tipos de documentos
B30: 11 | C30: Registro civil de nacimiento
B31: 12 | C31: Tarjeta de identidad
B32: 13 | C32: Cédula de ciudadanía
B33: 21 | C33: Tarjeta de extranjería
B34: 22 | C34: Cédula de extranjería
B35: 31 | C35: Nit
B36: 41 | C36: Pasaporte
B37: 42 | C37: Tipo de documento Extranjero
B38: 43 | C38: Sin identificación del exterior o para uso definido por la DIAN
B39: 47 | C39: Permiso Especial de Permanencia
B40: 48 | C40: Permiso por Protección Temporal

Sheet F1006
A1: 11 | B1: *24 | C1: *25 | D1: 26 | E1: 27 | F1: 28 | G1: 29 | H1: 30 | I1: 31 | J1: 32 | K1: 33 | L1: 34 | M1: |Tipo de documento - Este campo debe ser numérico mayor a 0, no utilice puntos(.), ni comas(,) - La longitud excede el maximo de 2 caracteres. - El código diligenciado no coincide con la tabla.|Número identificación - El campo debe ser numérico, no utilice puntos(.), ni comas(,)|DV - La longitud excede el maximo de 1 caracter. - El Digito de Verificación solamente se debe diligenciar si el Tipo de Documento 31 - NIT|Razón social informado - Para Tipos de Documento diferentes de 31,42 y 43 en este Formato, esta casilla NO se debe diligenciar.
A2: 15 | B2: Tipo de Documento | C2: Número identificación | D2: DV | E2: Primer apellido del informado | F2: Segundo apellido del informado | G2: Primer nombre del informado | H2: Otros nombres del informado | I2: Razón social informado | J2: Impuesto generado | K2: IVA recuperado en devoluciones en compras anuladas. rescindidas o resueltas | L2: Impuesto nacional al consumo | M2: |TIPO DE DOCUMENTO - Este campo debe ser numérico mayor a 0, no utilice puntos(.), ni comas(,) - La longitud excede el maximo de 2 caracteres. - El código diligenciado no coincide con la tabla.|Número identificación - La longitud excede el maximo de 20 caracteres. - El campo debe ser numérico, no utilice puntos(.), ni comas(,)|DV - Este campo debe ser numérico mayor a 0, no utilice puntos(.), ni comas(,) - La longitud excede el maximo de 1 caracter. - El Digito de Verificación solamente se debe diligenciar si el Tipo de Documento 31 - NIT|Razón social informado - Para Tipos de Documento diferentes de 31,42 y 43 en este Formato, esta casilla NO se debe diligenciar.|Impuesto generado - Este campo debe ser numérico mayor a 0, no utilice puntos(.), ni comas(,) - El valor ingresado no es numerico.|IVA recuperado en devoluciones en compras anuladas. rescindidas o resueltas - Este campo debe ser numérico mayor a 0, no utilice puntos(.), ni comas(,) - La longitud excede el maximo de 20 caracteres.|Impuesto al consumo - Este campo debe ser numérico mayor a 0, no utilice puntos(.), ni comas(,)
A3: 15 | B3: N | C3: A | D3: N | E3: A | F3: A | G3: A | H3: A | I3: A | J3: N | K3: N | L3: N | M3: |TIPO DE DOCUMENTO - Este campo debe ser numérico mayor a 0, no utilice puntos(.), ni comas(,) - El código diligenciado no coincide con la tabla.|Número identificación - El campo debe ser numérico, no utilice puntos(.), ni comas(,)|DV - Este campo debe ser numérico mayor a 0, no utilice puntos(.), ni comas(,) - El Digito de Verificación solamente se debe diligenciar si el Tipo de Documento 31 - NIT|Razón social informado - Para Tipos de Documento diferentes de 31,42 y 43 en este Formato, esta casilla NO se debe diligenciar.|Impuesto generado - Este campo debe ser numérico mayor a 0, no utilice puntos(.), ni comas(,) - El valor ingresado no es numerico.|IVA recuperado en devoluciones en compras anuladas. rescindidas o resueltas - Este campo debe ser numérico mayor a 0, no utilice puntos(.), ni comas(,)|Impuesto al consumo - Este campo debe ser numérico mayor a 0, no utilice puntos(.), ni comas(,)
B4: 2 | C4: 20 | D4: 1 | E4: 60 | F4: 60 | G4: 60 | H4: 60 | I4: 450 | J4: 20 | K4: 20 | L4: 20 | M4: |TIPO DE DOCUMENTO - El código diligenciado no coincide con la tabla.|DV - El Digito de Verificación solamente se debe diligenciar si el Tipo de Documento 31 - NIT|Razón social informado - Para Tipos de Documento diferentes de 31,42 y 43 en este Formato, esta casilla NO se debe diligenciar.
A5: B | B5: S | C5: S | D5: N | E5: N | F5: N | G5: N | H5: N | I5: N | J5: S | K5: S | L5: S | M5: |TIPO DE DOCUMENTO - Este campo debe ser numérico mayor a 0, no utilice puntos(.), ni comas(,) - El código diligenciado no coincide con la tabla.|Número identificación - El campo debe ser numérico, no utilice puntos(.), ni comas(,)|DV - Este campo debe ser numérico mayor a 0, no utilice puntos(.), ni comas(,) - El Digito de Verificación solamente se debe diligenciar si el Tipo de Documento 31 - NIT|Razón social informado - Para Tipos de Documento diferentes de 31,42 y 43 en este Formato, esta casilla NO se debe diligenciar.|Impuesto generado - Este campo debe ser numérico mayor a 0, no utilice puntos(.), ni comas(,) - El valor ingresado no es numerico.|IVA recuperado en devoluciones en compras anuladas. rescindidas o resueltas - Este campo debe ser numérico mayor a 0, no utilice puntos(.), ni comas(,)|Impuesto al consumo - Este campo debe ser numérico mayor a 0, no utilice puntos(.), ni comas(,)
A6: 3 | B6: DTIPOSDOCTO | M6: |TIPO DE DOCUMENTO - Este campo debe ser numérico mayor a 0, no utilice puntos(.), ni comas(,) - La longitud excede el maximo de 2 caracteres. - El código diligenciado no coincide con la tabla.|Número identificación - Este campo es obligatorio|Primer apellido del informado - Tipos de Documento diferentes a 31 y a 43, las casillas de Apellidos y Nombres son obligatorias.|Primer nombre del informado - Tipos de Documento diferentes a 31 y a 43, las casillas de Apellidos y Nombres son obligatorias.|Impuesto generado - Este campo es obligatorio|IVA recuperado en devoluciones en compras anuladas. rescindidas o resueltas - Este campo es obligatorio - La casilla Impuesto generado y la casilla IVA recuperado en devoluciones en compras anuladas. rescindidas o resueltas no pueden ir en cero (0) al mismo tiempo.|Impuesto al consumo - Este campo es obligatorio
B7: Seleccione el tipo de documento de identificación del cliente y/o tercero a quien le facturó el correspondiente impuesto a las ventas. Cuando vaya a informar cuantías menores ó transacciones con personas o entidades del exterior que no posea número. Código o clave fiscal. Utilice el tipo de documento 43 | C7: Indique el número de identificación que corresponda al beneficiario del pago informado. Si es por cuantías menores indique el Nit 222222222. Cuando sean transacciones con personas o entidades del exterior que no posea Número, Código o Clave Fiscal deberá informarse con Nit 444444001 aumentando en una unidad cada relacionado hasta el 444449999. | D7: Si el número de identificación informado es un NIT. relacione el dígito de verificación respectivo. | E7: Indique el primer apellido del cliente y/o tercero informado. Si es una persona jurídica, deje este espacio en blanco. | F7: Indique el segundo apellido del cliente y/o tercero informado. Si no tiene segundo apellido o es una persona jurídica, deje este espacio en blanco. | G7: Indique el primer nombre del cliente y/o tercero informado. Si es una persona jurídica, deje este espacio en blanco. | H7: Indique el segundo nombre u otros nombres del cliente y/o tercero informado. Si no tiene más nombres o es una persona jurídica, deje este espacio en blanco. | I7: Informe la razón social del cliente y/o tercero informado. Si es una persona natural, deje la casilla en blanco. Utilice "Cuantías menores" para el Nit 222222222. | J7: Informe el Valor de Impuesto a las ventas por pagar Generado. | K7: Informe el valor del IVA Recuperado en Devoluciones en Compras Anuladas. Rescendidas o Resueltas. | L7: Informe el Valor de Impuesto nacional al consumo | M7: |TIPO DE DOCUMENTO - Este campo debe ser numérico mayor a 0, no utilice puntos(.), ni comas(,) - La longitud excede el maximo de 2 caracteres.|Número identificación - La longitud excede el maximo de 20 caracteres. - El campo debe ser numérico, no utilice puntos(.), ni comas(,)|DV - Este campo debe ser numérico mayor a 0, no utilice puntos(.), ni comas(,) - La longitud excede el maximo de 1 caracter. - El Digito de Verificación solamente se debe diligenciar si el Tipo de Documento 31 - NIT|Primer apellido del informado - La longitud excede el maximo de 60 caracteres.|Segundo apellido del informado - La longitud excede el maximo de 60 caracteres.|Primer nombre del informado - La longitud excede el maximo de 60 caracteres.|Otros nombres del informado - La longitud excede el maximo de 60 caracteres.|Razón social informado - Para Tipos de Documento diferentes de 31,42 y 43 en este Formato, esta casilla NO se debe diligenciar.|Impuesto generado - Este campo debe ser numérico mayor a 0, no utilice puntos(.), ni comas(,) - La longitud excede el maximo de 20 caracteres. - El valor ingresado no es numerico.|IVA recuperado en devoluciones en compras anuladas. rescindidas o resueltas - Este campo debe ser numérico mayor a 0, no utilice puntos(.), ni comas(,) - La longitud excede el maximo de 20 caracteres.|Impuesto al consumo - Este campo es obligatorio
A8: ColPadre | M8: |TIPO DE DOCUMENTO - Este campo es obligatorio|Número identificación - Este campo es obligatorio|Primer apellido del informado - Tipos de Documento diferentes a 31 y a 43, las casillas de Apellidos y Nombres son obligatorias.|Primer nombre del informado - Tipos de Documento diferentes a 31 y a 43, las casillas de Apellidos y Nombres son obligatorias.|Impuesto generado - Este campo es obligatorio|IVA recuperado en devoluciones en compras anuladas. rescindidas o resueltas - Este campo es obligatorio - La casilla Impuesto generado y la casilla IVA recuperado en devoluciones en compras anuladas. rescindidas o resueltas no pueden ir en cero (0) al mismo tiempo.|Impuesto al consumo - Este campo es obligatorio
A9: ValEsp | C9: E0064 | D9: E0012 | E9: E0141(31) | F9: E0143 | G9: E0141(31) | H9: E0143 | I9: E0142(27|29) | J9: E0118 | K9: E0130(32|34) | L9: E0118 | M9: |TIPO DE DOCUMENTO - Este campo es obligatorio|Número identificación - El campo debe ser numérico, no utilice puntos(.), ni comas(,)|DV - Este campo debe ser numérico mayor a 0, no utilice puntos(.), ni comas(,) - La longitud excede el maximo de 1 caracter. - El Digito de Verificación solamente se debe diligenciar si el Tipo de Documento 31 - NIT|Razón social informado - Para Tipos de Documento diferentes de 31,42 y 43 en este Formato, esta casilla NO se debe diligenciar.|Impuesto generado - Este campo debe ser numérico mayor a 0, no utilice puntos(.), ni comas(,) - El valor ingresado no es numerico.|IVA recuperado en devoluciones en compras anuladas. rescindidas o resueltas - Este campo debe ser numérico mayor a 0, no utilice puntos(.), ni comas(,) - La longitud excede el maximo de 20 caracteres.|Impuesto al consumo - Este campo es obligatorio
A10: impoventas | B10: tdoc | C10: nid | D10: dv | E10: apl1 | F10: apl2 | G10: nom1 | H10: nom2 | I10: raz | J10: imp | K10: iva | L10: icon | M10: |TIPO DE DOCUMENTO - Este campo debe ser numérico mayor a 0, no utilice puntos(.), ni comas(,) - La longitud excede el maximo de 2 caracteres. - El código diligenciado no coincide con la tabla.|Número identificación - El campo debe ser numérico, no utilice puntos(.), ni comas(,)|DV - Este campo debe ser numérico mayor a 0, no utilice puntos(.), ni comas(,) - La longitud excede el maximo de 1 caracter. - El Digito de Verificación solamente se debe diligenciar si el Tipo de Documento 31 - NIT|Razón social informado - Para Tipos de Documento diferentes de 31,42 y 43 en este Formato, esta casilla NO se debe diligenciar.|Impuesto generado - Este campo debe ser numérico mayor a 0, no utilice puntos(.), ni comas(,) - El valor ingresado no es numerico.|IVA recuperado en devoluciones en compras anuladas. rescindidas o resueltas - Este campo debe ser numérico mayor a 0, no utilice puntos(.), ni comas(,)|Impuesto al consumo - Este campo es obligatorio
D11: 1006 Impuestos a las Ventas por Pagar (Generado) e Impuesto al Consumo
B14: =B2 -> Tipo de Documento | C14: =C2 -> Número identificación | D14: DV | E14: =E2 -> Primer apellido del informado | F14: =F2 -> Segundo apellido del informado | G14: =G2 -> Primer nombre del informado | H14: =H2 -> Otros nombres del informado | I14: =I2 -> Razón social informado | J14: Impuesto generado | K14: IVA recuperado en devoluciones en compras anuladas. rescindidas o resueltas | L14: Impuesto al consumo | M14: |Tipo de documento - Este campo debe ser numérico mayor a 0, no utilice puntos(.), ni comas(,) - La longitud excede el maximo de 2 caracteres. - El código diligenciado no coincide con la tabla.|Número identificación - La longitud excede el maximo de 20 caracteres. - El campo debe ser numérico, no utilice puntos(.), ni comas(,)|DV - Este campo debe ser numérico mayor a 0, no utilice puntos(.), ni comas(,) - La longitud excede el maximo de 1 caracter. - El Digito de Verificación solamente se debe diligenciar si el Tipo de Documento 31 - NIT|Razón social informado - Para Tipos de Documento diferentes de 31,42 y 43 en este Formato, esta casilla NO se debe diligenciar.|Impuesto generado - Este campo debe ser numérico mayor a 0, no utilice puntos(.), ni comas(,) - El valor ingresado no es numerico.|IVA recuperado en devoluciones en compras anuladas, rescindidas o resueltas - Este campo debe ser numérico mayor a 0, no utilice puntos(.), ni comas(,) - La longitud excede el maximo de 20 caracteres.|Impuesto al consumo - Este campo debe ser numérico mayor a 0, no utilice puntos(.), ni comas(,)
A17: =CONCATENATE(B17,"|",C17) -> | | K17: 0 | L17: 0
B23: En operaciones donde no sea posible identificar al adquirente, se informarán acumulados en un solo registro con identificación 222222222, razón social “CUANTÍAS MENORES y tipo documento 43, en el concepto a que corresponda
B26: Tipos de documentos
B27: 11 | C27: Registro civil de nacimiento
B28: 12 | C28: Tarjeta de identidad
B29: 13 | C29: Cédula de ciudadanía
B30: 21 | C30: Tarjeta de extranjería
B31: 22 | C31: Cédula de extranjería
B32: 31 | C32: Nit
B33: 41 | C33: Pasaporte
B34: 42 | C34: Tipo de documento Extranjero
B35: 43 | C35: Sin identificación del exterior o para uso definido por la DIAN
B36: 47 | C36: Permiso Especial de Permanencia
B37: 48 | C37: Permiso por Protección Temporal

Sheet F1007
A1: 11 | B1: *24 | C1: *25 | D1: *26 | E1: 27 | F1: 28 | G1: 29 | H1: 30 | I1: 31 | J1: 32 | K1: 33 | L1: 34
A2: 15 | B2: Concepto | C2: Tipo de documento | D2: Número identificación | E2: Primer apellido del informado | F2: Segundo apellido del informado | G2: Primer nombre del informado | H2: Otros nombres del informado | I2: Razón social informado | J2: País de Residencia o domicilio | K2: Ingresos brutos recibidos | L2: Devoluciones, rebajas y descuentos
A3: 15 | B3: N | C3: N | D3: A | E3: A | F3: A | G3: A | H3: A | I3: A | J3: N | K3: N | L3: N
B4: 4 | C4: 2 | D4: 20 | E4: 60 | F4: 60 | G4: 60 | H4: 60 | I4: 450 | J4: 4 | K4: 18 | L4: 18
A5: B | B5: S | C5: S | D5: S | E5: N | F5: N | G5: N | H5: N | I5: N | J5: S | K5: S | L5: S
A6: 4 | B6: DConcepto_F1007_V9 | C6: DTiposDocto | J6: D_2_107
B7: Seleccione el concepto a que correspondan los ingresos recibidos. | C7: Seleccione el tipo de documento de identificación que posea la persona o entidad de quien se recibió el correspondiente ingreso. Cuando vaya a informar cuantías menores o personas o entidades del exterior, Utilice el tipo de Documento 43. Si la Persona o Entidad del exterior, tiene Número, Código o Clave Fiscal, Utilice 42. | D7: Indique el número de identificación que corresponda al beneficiario del pago informado. Si es por cuantías menores indique el Nit 222222222. Cuando sean transacciones con personas o entidades del exterior que no posea Número, Código o Clave Fiscal deberá informarse con Nit 444444001 aumentando en una unidad cada relacionado hasta el 444449999. | E7: Indique el primer apellido del cliente y/o tercero de quien se obtuvo el ingreso. Si es una persona jurídica, deje este espacio en blanco. | F7: Indique el segundo apellido del cliente y/o tercero de quien se obtuvo el ingreso. Si no tiene segundo apellido o es una persona jurídica, deje esta casilla en blanco. | G7: Indique el primer nombre del cliente y/o tercero de quien se recibió el ingreso. Si es una persona jurídica, deje este espacio en blanco. | H7: Indique el segundo nombre u otros nombres del cliente y/o tercero de quien se recibió el ingreso. Si no tiene más nombres o es una persona jurídica, deje este espacio en blanco. | I7: Relacione la razón social del cliente o tercero de quien generó el ingreso. Si es una persona natural, deje esta casilla en blanco. Utilice "Cuantías menores" cuando el Nit sea 222222222, y la razón social o nombre que corresponda para Nits 444444001 en adelante. | J7: Seleccione el código del país al cual pertenece el informado. | K7: Informe el Valor de los Ingresos Brutos recibidos. | L7: Informe el valor de las Devoluciones , Rebajas y Descuentos.
A8: ColPadre
A9: ValEsp | D9: E0064 | E9: E0141(31) | F9: E0143 | G9: E0141(31) | H9: E0143 | I9: E0142(27|29) | J9: E0087 | K9: E0130(34) | L9: E0118 | M9: |Concepto - Este campo es obligatorio|Tipo de documento - Este campo es obligatorio|Número identificación del informado - El campo debe ser numérico, no utilice puntos(.), ni comas(,)|DV - Este campo debe ser numérico mayor o igual a 0, no utilice puntos(.), ni comas(,) - La longitud excede el maximo de 1 caracter. - El Digito de Verificación solamente se debe diligenciar si el Tipo de Documento 31 - NIT|País de Residencia o domicilio - Este campo debe ser numérico mayor o igual a 0, no utilice puntos(.), ni comas(,) - La longitud excede el maximo de 3 caracteres. - El código diligenciado no coincide con la tabla.|Ingresos brutos recibidos por operaciones propias - Este campo debe ser numérico mayor o igual a 0, no utilice puntos(.), ni comas(,) - La longitud excede el maximo de 20 caracteres.|Ingresos brutos a través de Consorcio o Uniones Temporales - Este campo debe ser numérico mayor o igual a 0, no utilice puntos(.), ni comas(,) - La longitud excede el maximo de 20 caracteres.|Ingresos a tavés de Contratos de mandato o administración delegada - Este campo debe ser numérico mayor o igual a 0, no utilice puntos(.), ni comas(,) - La longitud excede el maximo de 20 caracteres.|Ingresos a través de exploración y explotación de minerales - Este campo debe ser numérico mayor o igual a 0, no utilice puntos(.), ni comas(,) - La longitud excede el maximo de 20 caracteres.|Ingresos a través de fiducia - Este campo debe ser numérico mayor o igual a 0, no utilice puntos(.), ni comas(,) - La longitud excede el maximo de 20 caracteres.|Ingresos recibidos a través de terceros - Este campo debe ser numérico mayor o igual a 0, no utilice puntos(.), ni comas(,) - La longitud excede el maximo de 20 caracteres.|Devoluciones, rebajas y descuentos - Este campo debe ser numérico mayor o igual a 0, no utilice puntos(.), ni comas(,) - La longitud excede el maximo de 20 caracteres.
A10: ingresos | B10: cpt | C10: tdoc | D10: nid | E10: apl1 | F10: apl2 | G10: nom1 | H10: nom2 | I10: raz | J10: pais | K10: ibru | L10: dred
D11: 1007 Ingresos Recibidos
B14: =B2 -> Concepto | C14: =C2 -> Tipo de documento | D14: =D2 -> Número identificación | E14: =E2 -> Primer apellido del informado | F14: =F2 -> Segundo apellido del informado | G14: =G2 -> Primer nombre del informado | H14: =H2 -> Otros nombres del informado | I14: =I2 -> Razón social informado | ... L14: =L2 -> Devoluciones, rebajas y descuentos
A17: =CONCATENATE(B17,"|",C17,"|",D17) -> ||
B22: Conceptos
B23: 4001 | C23: Ingresos Brutos de Actividades Ordinarias | H23: Los ingresos obtenidos en operaciones donde no sea posible identificar al adquirente de bienes o servicios por algún medio, se informarán acumulados en un solo registro con identificación 222222222, razón social “CUANTÍAS MENORES” y tipo documento 43, en el concepto a que corresponda.
B24: 4002 | C24: Otros Ingresos Brutos
B25: 4003 | C25: Ingresos por intereses y rendimientos financieros
B26: 4004 | C26: Ingresos por intereses Correspondientes a Creditos Hipotecarios
B27: 4005 | C27: Ingresos a traves de Consorcios o Uniones Temporales
B28: 4006 | C28: Ingresos a traves de Mandato o Administracion Delegada | H28: Para los ingresos obtenidos de entidades o sociedades del exterior, al reportar el número de identificación se debe diligenciar con el número, código o clave de identificación, tal como figura en el registro fiscal tributario del país de residencia o domicilio y tipo de documento 42. Cuando en dicho país no se utilice número, código o clave fiscal, se debe informar con identificación 444444001 en forma ascendente, variando consecutivamente en una unidad hasta el 444449999 y con tipo de documento 43.
B29: 4007 | C29: Ingresos a traves de Exploracion y Explotacion de Hidrocarburos, Gases y Minerales
B30: 4008 | C30: Ingresos a traves de Fiducia
B31: 4009 | C31: Ingresos a traves de Terceros (Beneficiario)
B32: 4011 | C32: Ingresos a traves de joint venture
B33: 4012 | C33: Ingresos a traves de Cuentas en Participacion
B34: 4013 | C34: Ingresos a traves de Convenios de Cooperacion con Entidades Publicas
B35: 4014 | C35: Ingresos por ventas con puntos premio redimidos en el período, procedentes de programas de fidelización
B36: 4015 | C36: Ingresos por puntos premio vencidos y no reclamados en el periodo, procedentes de programas de fidelización, artículo 28 numeral 8 del Estatuto Tributario. Se debe reportar con el NIT del informante.
B37: 4016 | C37: Ingresos por ventas con puntos premio redimidos en el período, incluidos en el concepto 4015 que corresponden en años anteriores, en virtud de la aplicación del artículo 28 numeral 8 del Estatuto Tributario. Se debe reportar con el NIT del informante.
B38: 4017 | C38: Ingresos por recuperaciones de costos y deducciones que constituyen renta líquida. Art.195 al 198 E.T. Las transacciones donde no se identifique un tercero informado se deben reportar con el NIT del informante.
B39: 4018 | C39: Ingresos por diferencia en cambio. Se debe reportar con el NIT del informante.
B40: 4019 | C40: Ingresos brutos constitutivos de ganancia ocasional
... B42: 4021 | C42: Ingresos brutos por ventas de acciones, cuotas o partes de interés social o aportes de sociedades que no cotizan en bolsa que constituyen ganancia ocasional (Incluye los títulos recibidos por cesión o donación)
C44: Notas: Las propiedades horizontales no deberán enviar el reporte de información de que trata el formato 1007 sobre los recaudos originados por las cuotas de administración ordinarias y extraordinarias, intereses de mora por el no pago de estas expensas y las multas originadas por el desarrollo del objeto social del régimen de propiedad horizontal (nuevo).

Sheet F1008
A1: 14 | B1: *24 | C1: *25 | D1: *26 | E1: 27 | F1: 28 | G1: 29 | H1: 30 | I1: 31 | J1: 32 | K1: 33 | L1: 34 | M1: 35 | N1: 36 | O1: 37
A2: 15 | B2: Concepto | C2: Tipo de documento | D2: Número identificación deudor | E2: DV | F2: Primer apellido deudor | G2: Segundo apellido deudor | H2: Primer nombre deudor | I2: Otros nombres deudor | J2: Razón social deudor | K2: Dirección | L2: Código dpto | M2: Código mcp | N2: País de Residencia o domicilio | O2: Saldo cuentas por cobrar al 31-12
A3: 15 | B3: N | C3: N | D3: A | E3: N | F3: A | G3: A | H3: A | I3: A | J3: A | K3: A | L3: N | M3: N | N3: N | O3: N
B4: 4 | C4: 2 | D4: 20 | E4: 1 | F4: 60 | G4: 60 | H4: 60 | I4: 60 | J4: 450 | K4: 200 | L4: 2 | M4: 3 | N4: 3 | O4: 20
A5: O | B5: S | C5: S | D5: S | E5: N | F5: N | G5: N | H5: N | I5: N | J5: N | K5: N | L5: N | M5: N | N5: S | O5: S
A6: 4 | B6: DConcepto7_2 | C6: DTiposDocto | L6: D_2_108 | M6: D_2_109 | N6: D_2_107
B7: Seleccione el concepto que corresponda con el origen del saldo a favor. | C7: Seleccione el tipo de documento de identificación que posea el deudor. Cuando vaya a informar cuantías menores o personas o entidades del exterior, Utilice el tipo de Documento 43. Si la persona o entidad del exterior, tiene Número, Código o Clave Fiscal, Utilice 42. | D7: Indique el número de identificación que corresponda al beneficiario del pago informado. Cuando sean transacciones con personas o entidades del exterior que no posea Número, Código o Clave Fiscal deberá informarse con Nit 444444001 aumentando en una unidad cada relacionado hasta el 444449999 | E7: Si el número de identificación informado es un NIT, relacione el dígito de verificación respectivo. | F7: Indique el primer apellido del deudor informado. Si es una persona jurídica, deje este espacio en blanco. | G7: Indique el segundo apellido del deudor informado. Si no tiene segundo apellido o es una persona jurídica, deje esta casilla en blanco. | H7: Indique el primer nombre del deudor informado. Si es una persona jurídica, deje este espacio en blanco. | I7: Indique el segundo nombre u otros nombres del deudor informado. Si no tiene más nombres o es una persona jurídica, deje este espacio en blanco. | J7: Indique la razón social del deudor relacionado. Si es una persona natural, deje la casilla en blanco y la razón social o nombre que corresponda para Nits 444444001 en adelante | K7: Relacione la dirección del deudor reportado. Cuando se refiera a cuantías menores indique la dirección del informante. Cuando se refiera a personas o entidades del exterior la dirección, no se diligencia. | L7: Seleccione el departamento al cual pertenece la dirección informada, conforme con los códigos indicados en las tablas del Dane, se deben incluir los ceros a la izquierda. Para personas o entidades del exterior este campo no se diligencia. | M7: Seleccione el municipio correspondiente a la dirección informada, conforme con los códigos indicados por el Dane, se deben incluir los ceros a la izquierda. Para personas o entidades del exterior este campo no se diligencia. | N7: Seleccione el código del país al cual pertenece el informado. | O7: Informe el saldo de la cuenta por cobrar a nombre del deudor relacionado al 31 de diciembre del año informado.
A8: ColPadre
A9: ValEsp | D9: E0136 | E9: E0012 | F9: E0141(32) | G9: E0143 | H9: E0141(32) | I9: E0143 | J9: E0142(28|30) | K9: E0074(8) | L9: E0075 | M9: E0076 | N9: E0127 | O9: E0027
A10: saldoscc | B10: cpt | C10: tdoc | D10: nid | E10: dv | F10: apl1 | G10: apl2 | H10: nom1 | I10: nom2 | J10: raz | K10: dir | L10: dpto | M10: mun | N10: pais | O10: sal
D11: 1008 SALDOS DE CUENTAS POR COBRAR AL 31 DE DICIEMBRE
B14: =B2 -> Concepto | C14: =C2 -> Tipo de documento | D14: =D2 -> Número identificación deudor | E14: =E2 -> DV | F14: =F2 -> Primer apellido deudor | G14: =G2 -> Segundo apellido deudor | H14: =H2 -> Primer nombre deudor | I14: =I2 -> Otros nombres deudor | ... O14: =O2 -> Saldo cuentas por cobrar al 31-12
A18: =CONCATENATE(B18,"|",C18,"|",D18) -> ||
O19: =SUM(O15:O18) -> 0
B24: Conceptos
B25: 1315 | C25: Saldo de las cuentas por cobrar a clientes | J25: Los saldos de los créditos cuya cuantía sea menor a diecisiete (12) Unidades de Valor Tributario (UVT) (del año gravable a reportar) se informarán acumulados en un solo registro con identificación 222222222, razón social “CUANTÍAS MENORES” y tipo documento 43, en el concepto a que correspondan, reportando la dirección del informante.
B26: 1316 | C26: Saldo de las cuentas por cobrar a accionistas, socios, comuneros, cooperados y compañías vinculadas
B27: 1317 | C27: Otras Cuentas por Cobrar
B28: 1318 | C28: Valor total del saldo fiscal del deterioro de cartera, identificándolo con el NIT del deudor
J30: Sin perjuicio de lo dispuesto en el presente artículo, el informante podrá optar por reportar los créditos con una cuantía menor a la exigida.

Sheet F1009
A1: 14 | B1: *24 | C1: *25 | D1: *26 | E1: 27 | F1: 28 | G1: 29 | H1: 30 | I1: 31 | J1: 32 | K1: 33 | L1: 34 | M1: 35 | N1: 36 | O1: 37
A2: 15 | B2: Concepto | C2: Tipo de documento | D2: Número identificación acreedor | E2: DV | F2: Primer apellido acreedor | G2: Segundo apellido acreedor | H2: Primer nombre acreedor | I2: Otros nombres acreedor | J2: Razón social acreedor | K2: Dirección | L2: Código dpto | M2: Código mcp | N2: País de Residencia o domicilio | O2: Saldo cuentas por pagar al 31-12
A3: 15 | B3: N | C3: N | D3: A | E3: N | F3: A | G3: A | H3: A | I3: A | J3: A | K3: A | L3: N | M3: N | N3: N | O3: N
B4: 4 | C4: 2 | D4: 20 | E4: 1 | F4: 60 | G4: 60 | H4: 60 | I4: 60 | J4: 450 | K4: 200 | L4: 2 | M4: 3 | N4: 3 | O4: 20
A5: O | B5: S | C5: S | D5: S | E5: N | F5: N | G5: N | H5: N | I5: N | J5: N | K5: N | L5: N | M5: N | N5: S | O5: S
A6: 4 | B6: DConcepto8 | C6: DTiposDocto | L6: D_2_108 | M6: D_2_109 | N6: D_2_107
B7: Seleccione el concepto que corresponda con el origen del saldo a cargo. | C7: Seleccione el tipo de documento de identificación que posea el acreedor a reportar. Cuando vaya a informar cuantías menores o personas o entidades del exterior, Utilice el tipo de Documento 43. Si la Persona o Entidad del exterior, tiene Número, Código o Clave Fiscal, Utilice 42. | D7: Indique el número de identificación que corresponda al beneficiario del pago informado. Cuando sean transacciones con personas o entidades del exterior que no posea Número, Código o Clave Fiscal deberá informarse con Nit 444444001 aumentando en una unidad cada relacionado hasta el 444449999. | E7: Si el número de identificación informado es un NIT, relacione el dígito de verificación respectivo. | F7: Indique el primer apellido del acreedor informado. Si es una persona jurídica, deje este espacio en blanco. | G7: Indique el segundo apellido del acreedor informado. Si no tiene segundo apellido o es una persona jurídica, deje esta casilla en blanco. | H7: Indique el primer nombre del acreedor. Si es una persona jurídica, deje este espacio en blanco. | I7: Indique el segundo nombre u otros nombres del acreedor informado. Si no tiene más nombres o es una persona jurídica, deje este espacio en blanco. | J7: Indique la razón social del acreedor relacionado. Si es una persona natural, deje la casilla en blanco y la razón social o nombre que corresponda para Nits 444444001 en adelante. | K7: Relacione la dirección del acreedor reportado. Cuando se refiera a cuantías menores indique la dirección del informante. Cuando se refiera a personas o entidades del exterior, este campo no se diligencia. | L7: Seleccione el departamento al cual pertenece la dirección informada, conforme con los códigos indicados en las tablas del Dane, se deben incluir los ceros a la izquierda. Para personas o entidades del exterior este campo no se diligencia. | M7: Seleccione el municipio correspondiente a la dirección informada, conforme con los códigos indicados por el Dane, se deben incluir los ceros a la izquierda. Para personas o entidades del exterior este campo no se diligencia. | N7: Seleccione el código del país al cual pertenece el informado. | O7: Informe el saldo de la cuenta que tenga por pagar a 31 de diciembre del año informado y que corresponda al acreedor reportado.
A8: ColPadre
A9: ValEsp | D9: E0136 | E9: E0012 | F9: E0141(32) | G9: E0143 | H9: E0141(32) | I9: E0143 | J9: E0142(28|30) | K9: E0074(8) | L9: E0075 | M9: E0076 | N9: E0127 | O9: E0027
A10: saldoscp | B10: cpt | C10: tdoc | D10: nid | E10: dv | F10: apl1 | G10: apl2 | H10: nom1 | I10: nom2 | J10: raz | K10: dir | L10: dpto | M10: mun | N10: pais | O10: sal
D11: 1009 SALDOS DE CUENTAS POR PAGAR AL 31 DE DICIEMBRE
B14: =B2 -> Concepto | C14: =C2 -> Tipo de documento | D14: =D2 -> Número identificación acreedor | E14: =E2 -> DV | F14: =F2 -> Primer apellido acreedor | G14: =G2 -> Segundo apellido acreedor | H14: =H2 -> Primer nombre acreedor | I14: =I2 -> Otros nombres acreedor | ... O14: =O2 -> Saldo cuentas por pagar al 31-12
O18: =SUM(O15:O17) -> 0
B23: Conceptos
B24: 2201 | C24: Saldo de los pasivos con proveedores | K24: Los saldos de los pasivos cuya cuantía sea menor a doce (12) Unidades de Valor Tributario (UVT) (del año gravable a reportar) se informarán acumulados en un solo registro con identificación 222222222, razón social “CUANTÍAS MENORES” y tipo documento 43, en el concepto a que correspondan, reportando la dirección del informante
B25: 2202 | C25: Saldo de los pasivos con compañías vinculadas accionistas y socios
B26: 2203 | C26: Saldo de las obligaciones financieras
B27: 2204 | C27: Saldo de los pasivos por impuestos, gravámenes y tasas
B28: 2206 | C28: Saldo de los demás pasivos,
B29: 2207 | C29: Saldo del Pasivo determinado por el cálculo Actuarial, con el NIT del informante
B30: 2208 | C30: Pasivos respaldados en documento de fecha cierta | K30: El valor del saldo de los pasivos por aportes parafiscales, salud y pensión se informará en cabeza de las entidades beneficiarias de estos aportes (EPS, fondos de pensiones, SENA, ICBF, CCF). El valor del saldo de los pasivos por cesantías se informará en cabeza de la entidad administradora de cesantías o en cabeza del trabajador cuando no se haya acogido a lo dispuesto en la Ley 50 de 1990.
B31: 2209 | C31: Pasivos exclusivos de las compañías de seguros
B32: 2211 | C32: Valor de los pasivos por depósitos judiciales. Se debe identicar al beneficiario
B33: 2212 | C33: valor del pasivo por ingresos diferidos por puntos premio otorgados en programas de fidelización
B34: 2213 | C34: valor del pasivo por ingresos diferidos contemplados en el art. 23-1 del E.T.,
B35: 2214 | C35: Saldo de los pasivos por aportes parafiscales, salud, pensión y cesantías.
B36: 2215 | C36: Saldo de los pasivos laborales consolidados en cabeza del trabajador, sin incluir cesantías.
B37: 2216 | C37: El valor de saldo de los pasivos de entidades financieras donde no sea posible identificar al acreedor nacional. Se debe reportar con el NIT de la entidad informante.
B38: 2217 | C38: El valor de saldo de los pasivos de entidades financieras donde no sea posible identificar al acreedor del exterior. Se debe reportar con el NIT de la entidad informante.

Sheet F1010
A1: 16 | B1: *24 | C1: *25 | D1: 26 | E1: 27 | F1: 28 | G1: 29 | H1: 30 | I1: 31 | J1: 32 | K1: 33 | L1: 34 | M1: 35 | N1: 36 | O1: 37 | P1: 38 | Q1: 39
A2: 15 | B2: Tipo de documento | C2: Número identificación del socio o accionista | D2: DV | E2: Primer apellido del accionista | F2: Segundo apellido del accionista | G2: Primer nombre del accionista | H2: Otros nombres del accionista | I2: Razón social del accionista | J2: Dirección | K2: Código Departamento | L2: Código Municipio | M2: PAIS RESIDENCIA O DOMICILIO | N2: Valor Nominal de la Accion, Aporte o Derecho Social a 31 diciembre | O2: Valor prima en colocacion de acciones a 31 diciembre | P2: Porcentaje de participación | Q2: Porcentaje de participación (posición decimal)
A3: 15 | B3: N | C3: A | D3: N | E3: A | F3: A | G3: A | H3: A | I3: A | J3: A | K3: N | L3: N | M3: N | N3: N | O3: N | P3: N | Q3: N
B4: 2 | C4: 20 | D4: 1 | E4: 60 | F4: 60 | G4: 60 | H4: 60 | I4: 450 | J4: 200 | K4: 2 | L4: 3 | M4: 4 | N4: 18 | O4: 18 | P4: 20 | Q4: 2
A5: B | B5: S | C5: S | D5: N | E5: N | F5: N | G5: N | H5: N | I5: N | J5: N | K5: N | L5: N | M5: S | N5: S | O5: S | P5: S | Q5: S
A6: 3 | B6: DTiposDocto | K6: D_2_108 | L6: D_2_109 | M6: D_2_107
B7: Seleccione el tipo de documento de identificación que posea el socio o accionista a reportar. Cuando vaya a informar a personas o entidades del exterior, Utilice el tipo de documento 43. Si la persona o entidad del exterior, tiene número código o clave fiscal. Utilice 42 | C7: Indique el número de identificación que corresponda al beneficiario del pago informado. Si las transacciones son con personas o entidades del exterior que no posea Número, Código o Clave Fiscal deberá informarse con Nit 444444001 aumentando en una unidad cada relacionado hasta el 444449999. | D7: Si el número de identificación informado es un NIT. relacione el dígito de verificación respectivo. | E7: Indique el primer apellido del socio o accionista informado. Si es una persona jurídica, deje este espacio en blanco. | F7: Indique el segundo apellido del socio o accionista reportado. Si no tiene segundo apellido o es una persona jurídica, deje esta casilla en blanco. | G7: Indique el primer nombre del socio o accionista. Si es una persona jurídica, deje este espacio en blanco. | H7: Indique el segundo nombre u otros nombres del socio o accionista informado. Si no tiene más nombres o es una persona jurídica, deje este espacio en blanco. | I7: Indique la razón social del socio o accionista. Si es una persona natural, deje la casilla en blanco. Utilice razón social que corresponda para Nits 444444001 en adelante. | J7: Relacione la dirección del socio o accionista reportado. Cuando se refiera a personas o entidades del exterior, este campo no se diligencia. | K7: Seleccione el departamento al cual pertenece la dirección informada. Conforme con los códigos indicados en las tablas del DANE. Se deben incluir los ceros a la izquierda. Para personas o entidades del exterior este campo no se diligencia. | L7: Seleccione el municipio correspondiente a la dirección informada. Conforme con los códigos indicados por el DANE. Se deben incluir los ceros a la izquierda. Para personas o entidades del exterior este campo no se diligencia. | M7: Seleccione el código del país al cual pertenece el informado. | N7: Informe el valor de las acciones o aportes que figuran a nombre del socio reportado a 31 de diciembre del año informado. | P7: Siempre debe diligenciarse. Para valores con parte decimal, se debe diligenciar el valor sin separación decimal. Ejemplo: - Para el valor 12.78915, diligencie 1278915. - Para el valor 0.000001 diligencie 1. - Para el valor 100% diligencie 100. El porcentaje de participación máximo es 100%. | Q7: Siempre debe diligenciarse. Diligencie el número de posiciones decimales para el valor de la casilla anterior, contada desde la derecha del valor de la casilla. El valor de esta casilla puede ser máximo 20. Ejemplo: - Para el valor 12.78915, diligencie 5. - Para el valor 0.000001 diligencie 6. - Para el valor 100% diligencie 0. En caso de no tener valor decimal diligencie 0 (Cero). | R7: |Tipo de documento - Este campo debe ser numérico mayor a 0, no utilice puntos(.), ni comas(,) - La longitud excede el maximo de 2 caracteres.|Número identificación socio o accionista - La longitud excede el maximo de 20 caracteres. - El campo debe ser numérico, no utilice puntos(.), ni comas(,)|DV - Este campo debe ser numérico mayor a 0, no utilice puntos(.), ni comas(,) - La longitud excede el maximo de 1 caracter. - El Digito de Verificación solamente se debe diligenciar si el Tipo de Documento 31 - NIT|Primer apellido socio o accionista - La longitud excede el maximo de 60 caracteres.|Segundo apellido socio o accionista - La longitud excede el maximo de 60 caracteres.|Primer nombre del socio o accionista - La longitud excede el maximo de 60 caracteres.|Otros nombres socio o accionista - La longitud excede el maximo de 60 caracteres.|Dirección - Esta casilla no debe diligenciarse si su pais de residencia es diferente a Colombia.|Código dpto - Este campo debe ser numérico mayor a 0, no utilice puntos(.), ni comas(,) - La longitud excede el maximo de 2 caracteres. - El código diligenciado no coincide con la tabla. - Esta casilla no debe diligenciarse si su pais de residencia es diferente a Colombia.|Código mcp - Este campo debe ser numérico mayor a 0, no utilice puntos(.), ni comas(,) - La longitud excede el maximo de 3 caracteres. - Esta casilla no debe diligenciarse si su pais de residencia es diferente a Colombia.|País de Residencia o domicilio - Este campo debe ser numérico mayor a 0, no utilice puntos(.), ni comas(,) - La longitud excede el maximo de 4 caracteres. - El código diligenciado no coincide con la tabla. - Para el numero de identificación el pais debe ser igual a Colombia.|Valor patrimonial acciones o aportes al 31-12 - Este campo debe ser numérico mayor a 0, no utilice puntos(.), ni comas(,) - La longitud excede el maximo de 20 caracteres. - El campo debe ser numérico, no utilice puntos(.), ni comas(,).|Porcentaje de participación - Este campo es obligatorio|Porcentaje de participación (posición decimal) - Este campo debe ser numérico mayor a 0, no utilice puntos(.), ni comas(,) - La longitud excede el maximo de 2 caracteres.
A8: ColPadre
A9: ValEsp | C9: E0152 | D9: E0012 | E9: E0141(31) | F9: E0143 | G9: E0141(31) | H9: E0143 | I9: E0142(27|29) | J9: E0074(8) | K9: E0075 | L9: E0076 | M9: E0087 | N9: E0027 | O9: E0027 | P9: E0150 | Q9: E0304(16) | R9: |Tipo de documento - Este campo es obligatorio|Número identificación socio o accionista - El campo debe ser numérico, no utilice puntos(.), ni comas(,)|DV - Este campo debe ser numérico mayor a 0, no utilice puntos(.), ni comas(,) - La longitud excede el maximo de 1 caracter. - El Digito de Verificación solamente se debe diligenciar si el Tipo de Documento 31 - NIT|Dirección - Esta casilla no debe diligenciarse si su pais de residencia es diferente a Colombia.|Código dpto - Este campo debe ser numérico mayor a 0, no utilice puntos(.), ni comas(,) - La longitud excede el maximo de 2 caracteres. - El código diligenciado no coincide con la tabla. - Esta casilla no debe diligenciarse si su pais de residencia es diferente a Colombia.|Código mcp - Este campo debe ser numérico mayor a 0, no utilice puntos(.), ni comas(,) - La longitud excede el maximo de 3 caracteres. - Valor no valido para este campo - Esta casilla no debe diligenciarse si su pais de residencia es diferente a Colombia.|País de Residencia o domicilio - Este campo debe ser numérico mayor a 0, no utilice puntos(.), ni comas(,) - La longitud excede el maximo de 4 caracteres. - El código diligenciado no coincide con la tabla.|Valor patrimonial acciones o aportes al 31-12 - Este campo es obligatorio|Valor participaciones o dividendos pagados y/o abonados a cuenta a 31-12 - Este campo es obligatorio|Porcentaje de participación - Este campo debe ser numérico mayor a 0, no utilice comas(,) - Excede la longitud maxima - Valor fuera del rango, debe ser un valor entre 0.00001 y 100.
A10: socios | B10: tdoc | C10: nid | D10: dv | E10: apl1 | F10: apl2 | G10: nom1 | H10: nom2 | I10: raz | J10: dir | K10: dpto | L10: mun | M10: pais | N10: valnom | O10: valprm | P10: por | Q10: dec
D11: 1010 Información de socios, accionistas, comuneros y/o cooperados.
B14: =B2 -> Tipo de documento | C14: =C2 -> Número identificación del socio o accionista | D14: =D2 -> DV | E14: =E2 -> Primer apellido del accionista | F14: =F2 -> Segundo apellido del accionista | G14: =G2 -> Primer nombre del accionista | H14: =H2 -> Otros nombres del accionista | I14: =I2 -> Razón social del accionista | ... Q14: =Q2 -> Porcentaje de participación (posición decimal)
A17: =CONCATENATE(B17,"|",C17) -> |
B24: Sin cuantia
B25: El valor a reportar por acciones, aportes o derechos sociales poseídos en cualquier clase de sociedad o entidad, a treinta y uno (31) de diciembre del año a reportar, corresponderá al valor nominal de la acción, aporte o derecho social y al valor pagado por prima en colocación de acciones o de cuotas sociales de acuerdo con lo establecido en el artículo 36 del Estatuto Tributario.

Sheet F1011
A1: 2 | B1: *25 | C1: 26
A2: 15 | B2: Concepto | C2: Saldos al 31-12
A3: 15 | B3: N | C3: N
B4: 4 | C4: 20
A5: C | B5: S | C5: S
A6: 2 | B6: DConceptos_F1011_V6_2013
B7: Seleccione el concepto que corresponda. | C7: Diligencie los valores correspondientes a la declaración de renta y complementarios o de ingresos y patrimonio de acuerdo a la codificación de la normatividad vigente.
A8: ColPadre
A9: ValEsp | C9: E0027
A10: decl | B10: cpt | C10: sal
D11: 1011 Información de las declaraciones Tributarias
B14: =B2 -> Concepto | C14: =C2 -> Saldos al 31-12
A18: =CONCATENATE(B18)
F21: Los resaltados en color rojo figuran en la resoluciòn 233 pero no aparecen en los conceptos del prevalidador oficial conocido inicialmente al corte 20-03-2026
F22: Esta descripción no hace parte del reporte, solo es una guía para digitar los valores solicitados por cada concepto
F23: Los resaltados en color verde son conceptos nuevos
B24: Concepto | C24: Saldos al -31-12
B25: 1105 | C25: Saldo a 31 de Diciembre en caja | D25: Inversiones Zomac realizadas en el año representadas en inventarios, propiedad planta y equipo
B26: 1502 | C26: Valor patrimonial de vehiculos, maquinaria y equipo. | D26: Inversiones en Megainversiones en el año representadas en propiedad, planta y equipo.
B27: 1512 | C27: Valor patrimonial de activos fijos intangibles | D27: Inversiones realizadas por empresas de economía naranja de que trata el numeral 1 del artículo 235-2 del E.T., en propiedad, planta y equipo, intangibles de que trata el numeral 1 del artículo 74 e inversiones del numeral 3 del artículo 74-1, del E.T
B28: 1513 | C28: Valor patrimonial de los activos fijos agotables | D28: Inversiones realizadas por empresas dedicas al desarrollo del campo colombiano de que trata el numeral 2 del artículo 235-2 del E.T., en propiedad, planta y equipo y activos biológicos productores
B29: 1519 | C29: Valor Patrimonial a 31 de diciembre de Activos Biológicos Plantas | D29: Renta exenta por venta energía eléctrica generada con base en energía eólica, biomasa o residuos agrícolas, solar, geotérmica o de los mares. Art.235-2 numeral 3.
B30: 1520 | C30: Valor Patrimonial a 31 de diciembre de Activos Biológicos Animales | D30: Renta exenta por aprovechamiento de nuevas plantaciones forestales incluida la guadua el caucho y el marañón. Art. 235-2 numeral 5, Inciso 1
B31: 1521 | C31: Valor Patrimonial de la casa o apartamento de habitación (inciso 2 art 295-3ET) | D31: Renta exenta por prestación de servicio de transporte fluvial con embarcaciones y planchones de bajo calado Art. 235-2 numeral 6.
B32: 1522 | C32: Valor Patrimonial de lotes rurales y fincas | D32: Rentas exentas por la utilidad en la enajenación de predios destinados a fines de utilidad pública. Num 9 Art. 207-2 E.T. Sentencia C-083 del 2018
B33: 1523 | C33: Valor Patrimonial de lotes urbanos | D33: Rentas exentas por aplicación de algún convenio para evitar la doble tributación.
B34: 1524 | C34: Valor Patrimonial de otros bienes inmuebles. (No relacionados en los conceptos 1512, 1513y 1519) | D34: Renta exenta por creaciones literarias dela economía naranja contenidas en el artículo 28 de la Ley 98 de 1993. Art. 235-2 numeral 8.
B35: 1525 | C35: Valor Patrimonial de otros bienes muebles. | D35: Rentas exentas por Intereses, comisiones y pagos por deuda pública externa, E.T. art. 218 E.T.
B36: 1526 | C36: Valor Patrimonial de otros activos. (No relacionados en los artículos 29 y 30 de la presente resolución y en los conceptos de este articulo) | D36: Rentas exentas por inversión en nuevos aserríos, plantas de procesamiento y plantaciones de árboles maderables y árboles en producción de frutos. E.T., art. 235-2, numeral 5.Incisos 2 y 3
... B235: 9206 | C235: Exención de IVA por servicio de conexión estrato 1 y 2. E.T., art. 481, lit. h. | D235: Exención de IVA por exportación de servicios relacionados con la producción de obra de cine, televisión, audiovisuales de cualquier género y con el desarrollo de software. Parágrafo del Art. 481 del E.T.
B236: 9207 | C236: Exención de IVA en venta de municiones y material de guerra y elementos pertenecientes a Fuerzas Militares y Policía Nacional. E.T., art. 477, num. 3.
B237: 9208 | C237: Exención de IVA en la venta de vehículos automotores de transporte público de pasajeros completos y el chasis con motor y la carrocería adquiridos individualmente para conformar un vehículo automotor completo nuevo, de transporte público de pasajeros. E.T., art. 477, num. 4
B238: 9209 | C238: Exención de IVA en la venta de vehículos automotores de servicio público o particular, de transporte de carga completos y el chasis con motor y la carrocería adquiridos individualmente para conformar un vehículo automotor completo nuevo de transporte de carga de más de 10.5 toneladas de peso bruto vehicular. E.T., art. 477, num. 5..
B239: 9210 | C239: Exención en IVA en la venta de bicicletas y sus partes; motocicletas y sus partes y motocarros y sus partes, que se introduzcan y comercialicen en los departamentos de Amazonas, Guainía, Guaviare, Vaupés y Vichada, siempre y cuando se destinen exclusivamente al consumo dentro del mismo departamento. Numeral 6 del art. 477 del E.T..
B240: 9211 | C240: Exención de IVA en la venta de alimentos consumo humano o animal que se introduzcan y comercialicen al departamento de Amazonas E.T., art. 477, num. 7, adicionado por el art. 12 de la Ley 2010 de 2019
B241: 9212 | C241: Exención de IVA en la venta de elementos de aseo que se introduzcan y comercialicen al departamento de Amazonas. E.T., art. 477, num. 7, adicionado por el art. 12 de la Ley 2010 de 2019
B242: 9213 | C242: Exención de IVA en la venta de vestuario, que se introduzcan y comercialicen al departamento de Amazonas. E.T., art. 477, num. 7, adicionado por el art. 12 de la Ley 2010 de 2019
B243: 9214 | C243: Exención de IVA en la venta de medicamentos de uso humano y veterinario, que se introduzcan y comercialicen al departamento de Amazonas E.T., art. 477, num. 7, adicionado por el art. 12 de la Ley 2010 de 2019
B244: 9215 | C244: Exención de IVA en la venta de materiales de construcción que se introduzcan y comercialicen al departamento de Amazonas. E.T., art. 477, num. 7, adicionado por el art. 12 de la Ley 2010 de 2019
B245: 9216 | C245: Exención por prestación de servicios turísticos a extranjeros en el territorio colombiano. E.T., art. 481, lit. d, inc. 2
B246: 9217 | C246: Exención de IVA en la venta de bienes que inician desde la partida 01.02, y termina en la partida 96.19. contemplados en el inciso 1 del artículo 477 del E.T. y Sentencia C117 de 2018.
B247: 9218 | C247: Exención de IVA por uso de recursos de auxilios o donaciones de entidades o gobiernos extranjeros convenidos con el Gobierno colombiano, destinados a realizar programas de utilidad común y registrados en la Agencia Presidencial de la Cooperación Internacional. L. 788/2002, art. 96, modificado por el art. 38 de la Ley 2010 de 2019.
... B255: 9074 | C255: Exclusión de IVA en la venta de equipos, entre otros, necesarios para adelantar las acciones y medidas de gestión eficiente de la energía. L. 1715 de 2014 art. 12, diferente al reportado en el concepto 9015.
B256: 9075 | C256: Exclusión de IVA en la venta de equipos, entre otros, necesarios para proyectos de hidrógeno verde, azul o blanco. L.2099/2021 diferente al reportado en el concepto 9015 y 9074.
C259: Los resaltados en color rojo figuran en la resoluciòn 233 pero no aparecen en los conceptos del prevalidador oficial conocido inicialmente al corte 20-03-2026

Sheet F1012
A1: 11 | B1: *24 | C1: *25 | D1: *26 | E1: 27 | F1: 28 | G1: 29 | H1: 30 | I1: 31 | J1: 32 | K1: 33 | L1: 34
A2: 15 | B2: Concepto | C2: Tipo de documento | D2: NIT informado | E2: DV | F2: Primer apellido del informado | G2: Segundo apellido del informado | H2: Primer nombre del informado | I2: Otros nombres del informado | J2: Razón social informado | K2: País de Residencia o domicilio | L2: Valor al 31-12
A3: 15 | B3: N | C3: N | D3: A | E3: N | F3: A | G3: A | H3: A | I3: A | J3: A | K3: N | L3: N
B4: 4 | C4: 2 | D4: 20 | E4: 1 | F4: 60 | G4: 60 | H4: 60 | I4: 60 | J4: 450 | K4: 4 | L4: 20
A5: L | B5: S | C5: S | D5: S | E5: N | F5: N | G5: N | H5: N | I5: N | J5: N | K5: S | L5: S
A6: 4 | B6: DConcepto16 | C6: DTiposDocto | K6: D_2_107
B7: Seleccione el concepto que identifica la partida a informar. | C7: Seleccione el tipo de documento de identificación del informado a reportar. Cuando vaya a informar a personas o entidades del exterior, Utilice el tipo de Documento 43. Si la Persona o Entidad del exterior, tiene Número, Código o Clave Fiscal, Utilice 42. | D7: Cuando sean transacciones con personas o entidades del exterior que no posea Número, Código o Clave Fiscal deberá informarse con Nit 444444001 aumentando en una unidad cada relacionado hasta el 444449999. | E7: Si el número de identificación informado es un NIT, relacione el dígito de verificación respectivo. | F7: Indique el primer apellido del informado. Si es una persona jurídica, deje este espacio en blanco. | G7: Indique el segundo apellido del informado. Si no tiene segundo apellido o es una persona jurídica, deje esta casilla en blanco. | H7: Indique el primer nombre del informado. Si es una persona jurídica, deje este espacio en blanco. | I7: Indique el segundo nombre u otros nombres del informado. Si no tiene más nombres o es una persona jurídica, deje este espacio en blanco. | J7: Indique la razón social del informado. Si es una persona natural, deje la casilla en blanco. Utilice razón social o nombre que corresponda para Nits 444444001 en adelante. | K7: Seleccione el código del país al cual pertenece el informado. | L7: Ingrese el valor al 31-12
A8: ColPadre
A9: ValEsp | C9: E0049 | D9: E0048 | E9: E0012 | F9: E0141(32) | G9: E0143 | H9: E0141(32) | I9: E0143 | J9: E0142(28|30) | K9: E0127 | L9: E0027
A10: dectri | B10: cpt | C10: tdoc | D10: nid | E10: dv | F10: apl1 | G10: apl2 | H10: nom1 | I10: nom2 | J10: raz | K10: pais | L10: val
D11: 1012 INFORMACION DE LAS DECLARACIONES TRIBUTARIAS, ACCIONES Y APORTES E INVERSIONES EN BONOS, CERTIFICADOS, TITULOS Y DEMAS INVERSIONES TRIBUTARIAS
B14: =B2 -> Concepto | C14: =C2 -> Tipo de documento | D14: Número de Identificación | E14: =E2 -> DV | F14: =F2 -> Primer apellido del informado | G14: =G2 -> Segundo apellido del informado | H14: =H2 -> Primer nombre del informado | I14: =I2 -> Otros nombres del informado | J14: =J2 -> Razón social informado | K14: =K2 -> País de Residencia o domicilio | L14: =L2 -> Valor al 31-12
A17: =CONCATENATE(B17,"|",C17,"|",D17) -> ||
B23: Conceptos
B24: 1110 | C24: Saldo a 31 de Diciembre de las cuentas corrientes y/o ahorro que posea en el país
B25: 1115 | C25: Valor total del saldo de las cuentas corrientes y/o ahorro poseídas en el exterior
B26: 1200 | C26: Valor Patrimonial de los Bonos
B27: 1201 | C27: Valor Patrimonial de los Certificados de Depósito
B28: 1202 | C28: Valor Patrimonial de los Títulos
B29: 1203 | C29: Valor Patrimonial de los Derechos Fiduciarios
B30: 1204 | C30: Valor Patrimonial de las Demás Inversiones Poseídas
B31: 1205 | C31: Valor Patrimonial de las Acciones o Aportes poseidos a 31 de Diciembre
B32: 1206 | C32: Valor patrimonial de los criptoactivos

Sheet F1056
A1: 18 | B1: 0 | C1: *25 | D1: *26 | E1: 27 | F1: 28 | G1: 29 | H1: 30 | I1: 31 | J1: 32 | K1: 33 | L1: 34 | M1: 35 | N1: 36 | O1: 37 | P1: 38 | Q1: 39 | R1: 40 | S1: 41 | T1: |CONCEPTO - Este campo debe ser numérico mayor a 0, no utilice puntos(.), ni comas(,)|TIPO DE DOCUMENTO - Este campo debe ser numérico mayor a 0, no utilice puntos(.), ni comas(,) - La longitud excede el maximo de 2 caracteres. - El código diligenciado no coincide con la tabla.|Número identificación del informado - El campo debe ser numérico, no utilice puntos(.), ni comas(,)|DV - La longitud excede el maximo de 1 caracter. - El Digito de Verificación solamente se debe diligenciar si el Tipo de Documento 31 - NIT|Dirección - Esta casilla no debe diligenciarse si su pais de residencia es diferente a Colombia.|CÓDIGO DPTO - El código diligenciado no coincide con la tabla. - Esta casilla no debe diligenciarse si su pais de residencia es diferente a Colombia.|CÓDIGO MCP - Valor no valido para este campo - Esta casilla no debe diligenciarse si su pais de residencia es diferente a Colombia.|PAÍS DE RESIDENCIA O DOMICILIO - El código diligenciado no coincide con la tabla.
A2: 15 | B2: Concepto | C2: Tipo de documento | D2: Número identificación | E2: Primer apellido del informado | F2: Segundo apellido del informado | G2: Primer nombre del informado | H2: Otros nombres del informado | I2: Razón social informado | J2: Dirección | K2: Código dpto | L2: Código mcp | M2: País de Residencia o domicilio | N2: Pago o abono en cuenta | O2: IVA mayor valor del costo o gasto | P2: Retención en la fuente practicada RENTA | Q2: Retención en la fuente asumida RENTA | R2: Retención en la fuente practicada IVA a responsables del IVA | S2: Retención en la fuente practicada IVA a no residentes o no domiciliados
A3: 15 | B3: N | C3: N | D3: A | E3: A | F3: A | G3: A | H3: A | I3: A | J3: A | K3: N | L3: N | M3: N | N3: N | O3: N | P3: N | Q3: N | R3: N | S3: N
B4: 4 | C4: 2 | D4: 20 | E4: 60 | F4: 60 | G4: 60 | H4: 60 | I4: 450 | J4: 200 | K4: 2 | L4: 3 | M4: 4 | N4: 18 | O4: 18 | P4: 18 | Q4: 18 | R4: 18 | S4: 18
A5: N | B5: S | C5: S | D5: S | E5: N | F5: N | G5: N | H5: N | I5: N | J5: N | K5: N | L5: N | M5: S | N5: S | O5: S | P5: S | Q5: S | R5: S | S5: S
A6: 4 | B6: DConcepto3 | C6: DTiposDocTo | K6: D_2_108 | L6: D_2_109 | M6: D_2_107 | T6: |Concepto - Este campo debe ser numérico mayor o igual a 0, no utilice puntos(.), ni comas(,) - La longitud excede el maximo de 4 caracteres. - El código diligenciado no coincide con la tabla.|Tipo de documento - Este campo debe ser numérico mayor o igual a 0, no utilice puntos(.), ni comas(,) - La longitud excede el maximo de 2 caracteres. - El código diligenciado no coincide con la tabla.|Número identificación - Este campo es obligatorio|Código dpto - Este campo debe ser numérico mayor o igual a 0, no utilice puntos(.), ni comas(,) - La longitud excede el maximo de 2 caracteres. - El código diligenciado no coincide con la tabla. - Esta casilla no debe diligenciarse si su pais de residencia es diferente a Colombia.|Código mcp - Este campo debe ser numérico mayor o igual a 0, no utilice puntos(.), ni comas(,) - La longitud excede el maximo de 3 caracteres. - Valor no valido para este campo - Esta casilla no debe diligenciarse si su pais de residencia es diferente a Colombia.|País de Residencia o domicilio - Este campo debe ser numérico mayor o igual a 0, no utilice puntos(.), ni comas(,) - La longitud excede el maximo de 4 caracteres. - El código diligenciado no coincide con la tabla.|Pago o abono en cuenta - Este campo es obligatorio|IVA mayor valor del costo o gasto - Este campo es obligatorio|Retención en la fuente practicada RENTA - Este campo es obligatorio|Retención en la fuente asumida RENTA - Este campo es obligatorio|Retención en la fuente practicada IVA Régimen común - Este campo es obligatorio|Retención en la fuente practicada IVA no domiciliados - Este campo es obligatorio
B7: Seleccione el tipo de operación por el cual efectuó el pago o abono en cuenta. | C7: Seleccione el tipo de documento de identificación que posee el informado. Cuando vaya a informar cuantías menores o personas o entidades del exterior. Utilice el tipo de documento 43. Si la persona o entidad del exterior. Tiene número. Código o clave fiscal. Utilice 42. | D7: Indique el número de identificación que corresponda al beneficiario del pago informado. Si es por cuantías menores indique el Nit 222222222. Cuando sean transacciones con personas o entidades del exterior que no posea Número, Código o Clave Fiscal deberá informarse con Nit 444444001 aumentando en una unidad cada relacionado hasta el 444449999. | E7: Indique el primer apellido del beneficiario del pago. Si es una persona jurídica, deje este espacio en blanco. | F7: Indique el segundo apellido del beneficiario del pago. Si no tiene segundo apellido o es una persona jurídica, deje este espacio en blanco. | G7: Indique el primer nombre del beneficiario del pago. Si es una persona jurídica, deje este espacio en blanco. | H7: Indique el segundo nombre u otros nombres del beneficiario del pago. Si no tiene más nombres o es una persona jurídica, deje este espacio en blanco. | I7: Indique la razón social del beneficiario del pago. Si es una persona natural, deje la casilla en blanco. Utilice "Cuantías menores" cuando el Nit sea 222222222 y la razón social o nombre que corresponda para Nits 444444001 en adelante. | J7: Relacione la dirección del beneficiario del pago o abono en cuenta. Cuando se refiera a cuantías menores indique la dirección del informante. Cuando se refiera a personas o entidades del exterior la dirección, no se diligencia. | K7: Seleccione el departamento al cual pertenece la dirección informada, conforme con los códigos indicados en las tablas del Dane, se deben incluir los ceros a la izquierda. Para personas o entidades del exterior este campo no se diligencia. | L7: Seleccione el municipio correspondiente a la dirección informada, conforme con los códigos indicados por el Dane, se deben incluir los ceros a la izquierda. Para personas o entidades del exterior este campo no se diligencia. | M7: Seleccione el código del país al cual pertenece el informado | N7: Digite los pagos o abonos en cuenta (causación) que constituyan costo o deducción o den derecho a impuesto descontable por beneficiario correspondiente al año gravable informado. | O7: Informe el valor del IVA que llevo como mayor valor del costo. | P7: Informe el valor de la Retencion en la Fuente Practicada a Titulo de Renta. | Q7: Informe el valor de la Retencion en la Fuente Asumida a Titulo de Renta. | R7: Informe el valor de la Retención en la fuente practicada IVA a responsables del IVA. | S7: Informe el valor de la Retención en la fuente practicada IVA a no residentes o no domiciliados
A8: ColPadre
A9: ValEsp | B9: E0300(5061) | D9: E0064 | E9: E0141(31) | F9: E0143 | G9: E0141(31) | H9: E0143 | I9: E0142(27|29) | J9: E0074(8) | K9: E0075 | L9: E0076 | M9: E0087 | N9: E0130(37|38|39|40|41) | O9: E0118 | P9: E0118 | Q9: E0118 | R9: E0118 | S9: E0118 | T9: |Concepto - Este campo debe ser numérico mayor o igual a 0, no utilice puntos(.), ni comas(,) - La longitud excede el maximo de 4 caracteres. - El código diligenciado no coincide con la tabla.|Tipo de documento - Este campo es obligatorio|Número identificación - El campo debe ser numérico, no utilice puntos(.), ni comas(,)|Dirección - Esta casilla no debe diligenciarse si su pais de residencia es diferente a Colombia.|Código dpto - Este campo debe ser numérico mayor o igual a 0, no utilice puntos(.), ni comas(,) - La longitud excede el maximo de 2 caracteres. - El código diligenciado no coincide con la tabla. - Esta casilla no debe diligenciarse si su pais de residencia es diferente a Colombia.|Código mcp - Este campo debe ser numérico mayor o igual a 0, no utilice puntos(.), ni comas(,) - La longitud excede el maximo de 3 caracteres. - Valor no valido para este campo - Esta casilla no debe diligenciarse si su pais de residencia es diferente a Colombia.|País de Residencia o domicilio - Este campo debe ser numérico mayor o igual a 0, no utilice puntos(.), ni comas(,) - La longitud excede el maximo de 4 caracteres. - El código diligenciado no coincide con la tabla.|Pago o abono en cuenta - Este campo es obligatorio|IVA mayor valor del costo o gasto - Este campo es obligatorio|Retención en la fuente practicada RENTA - Este campo es obligatorio|Retención en la fuente asumida RENTA - Este campo es obligatorio|Retención en la fuente practicada IVA Régimen común - Este campo es obligatorio|Retención en la fuente practicada IVA no domiciliados - Este campo es obligatorio
A10: abonos | B10: cpto | C10: tdoc | D10: nid | E10: apl1 | F10: apl2 | G10: nom1 | H10: nom2 | I10: raz | J10: dir | K10: dpto | L10: mun | M10: pais | N10: pag | O10: iva | P10: rpren | Q10: raren | R10: rpirc | S10: rpind | T10: |CONCEPTO - Este campo debe ser numérico mayor o igual a 0, no utilice puntos(.), ni comas(,) - El código diligenciado no coincide con la tabla.|TIPO DE DOCUMENTO - Este campo debe ser numérico mayor o igual a 0, no utilice puntos(.), ni comas(,) - La longitud excede el maximo de 2 caracteres. - El código diligenciado no coincide con la tabla.|Número identificación del informado - El campo debe ser numérico, no utilice puntos(.), ni comas(,)|DV - Este campo debe ser numérico mayor o igual a 0, no utilice puntos(.), ni comas(,) - La longitud excede el maximo de 1 caracter. - El Digito de Verificación solamente se debe diligenciar si el Tipo de Documento 31 - NIT|Dirección - Esta casilla no debe diligenciarse si su pais de residencia es diferente a Colombia.|CÓDIGO DPTO - Este campo debe ser numérico mayor o igual a 0, no utilice puntos(.), ni comas(,) - La longitud excede el maximo de 2 caracteres. - El código diligenciado no coincide con la tabla. - Esta casilla no debe diligenciarse si su pais de residencia es diferente a Colombia.|CÓDIGO MCP - Este campo debe ser numérico mayor o igual a 0, no utilice puntos(.), ni comas(,) - Valor no valido para este campo - Esta casilla no debe diligenciarse si su pais de residencia es diferente a Colombia.|PAÍS DE RESIDENCIA O DOMICILIO - Este campo debe ser numérico mayor o igual a 0, no utilice puntos(.), ni comas(,) - El código diligenciado no coincide con la tabla.|Pago o abono en cuenta - Este campo debe ser numérico mayor o igual a 0, no utilice puntos(.), ni comas(,)|IVA mayor valor del costo o gasto - Este campo debe ser numérico mayor o igual a 0, no utilice puntos(.), ni comas(,)|Retención en la fuente practicada Renta - Este campo debe ser numérico mayor o igual a 0, no utilice puntos(.), ni comas(,)|Retención en la fuente asumida Renta - Este campo debe ser numérico mayor o igual a 0, no utilice puntos(.), ni comas(,)|Retención en la fuente practicada IVA Régimen Común - Este campo debe ser numérico mayor o igual a 0, no utilice puntos(.), ni comas(,)|Retención en la fuente asumida Régimen Simplificado - Este campo debe ser numérico mayor o igual a 0, no utilice puntos(.), ni comas(,)|Retención en la fuente practicada IVA No domiciliados - Este campo debe ser numérico mayor o igual a 0, no utilice puntos(.), ni comas(,)|Retención en la fuente practicadas CREE - Este campo debe ser numérico mayor o igual a 0, no utilice puntos(.), ni comas(,)|Retención en la fuente asumidas CREE - Este campo debe ser numérico mayor o igual a 0, no utilice puntos(.), ni comas(,)
D11: 1056 Pagos o Abonos en cuenta y retenciones por secretarios generales que administran recursos del tesoro
B14: =B2 -> Concepto | C14: =C2 -> Tipo de documento | D14: =D2 -> Número identificación | E14: =E2 -> Primer apellido del informado | F14: =F2 -> Segundo apellido del informado | G14: =G2 -> Primer nombre del informado | H14: =H2 -> Otros nombres del informado | I14: =I2 -> Razón social informado | ... S14: =S2 -> Retención en la fuente practicada IVA a no residentes o no domiciliados
A18: =CONCATENATE(B18,"|",C18,"|",D18) -> ||

Sheet F1647
A1: 24 | B1: *24 | C1: *25 | D1: *26 | E1: 27 | F1: 28 | G1: 29 | H1: 30 | I1: 31 | J1: 32 | K1: 33 | L1: 46 | M1: 47 | N1: 48 | O1: *35 | P1: *36 | Q1: 37 | R1: 38 | S1: 39 | T1: 40 | U1: 41 | V1: 42 | W1: 43 | X1: 44 | Y1: 45
A2: 15 | B2: Concepto | C2: Tipo de documento de quien se recibe ingreso | D2: Número identificación de quien se recibe ingreso | E2: DV | F2: Primer apellido de quien se recibe ingreso | G2: Segundo apellido de quien se recibe ingreso | H2: Primer nombre de quien se recibe ingreso | I2: Otros nombres de quien se recibe ingreso | J2: Razón social de quien se recibe ingreso | K2: País de residencia o domicilio de quien se recibe ingreso | L2: Valor total de la operación | M2: Valor ingreso reintegrado transferido distribuido al tercero | N2: Valor Retención reintegrada transferida distribuida al tercero | O2: Tipo de documento del tercero para quien se recibió ingreso | P2: Identificación del tercero para quien se recibió ingreso | Q2: Primer apellido del tercero para quien se recibió ingreso | R2: Segundo apellido del tercero para quien se recibió ingreso | S2: Primer nombre del tercero para quien se recibió ingreso | T2: Otros nombres del tercero para quien se recibió ingreso | U2: Razón social del tercero para quien se recibió ingreso | V2: Dirección | W2: Código dpto | X2: Código mcp | Y2: País de residencia o domicilio
A3: 15 | B3: N | C3: N | D3: A | E3: N | F3: A | G3: A | H3: A | I3: A | J3: A | K3: N | L3: N | M3: N | N3: N | O3: N | P3: A | Q3: A | R3: A | S3: A | T3: A | U3: A | V3: A | W3: N | X3: N | Y3: N
B4: 4 | C4: 2 | D4: 20 | E4: 1 | F4: 60 | G4: 60 | H4: 60 | I4: 60 | J4: 450 | K4: 4 | L4: 18 | M4: 18 | N4: 18 | O4: 2 | P4: 20 | Q4: 60 | R4: 60 | S4: 60 | T4: 60 | U4: 450 | V4: 200 | W4: 2 | X4: 3 | Y4: 4
A5: L | B5: S | C5: S | D5: S | E5: N | F5: N | G5: N | H5: N | I5: N | J5: N | K5: S | L5: S | M5: S | N5: S | O5: S | P5: S | Q5: N | R5: N | S5: N | T5: N | U5: N | V5: N | W5: N | X5: N | Y5: S
A6: 4 | B6: DConcepto_F1647 | C6: DTiposDocto | K6: D_2_107 | O6: DTiposDocto | W6: D_2_108 | X6: D_2_109 | Y6: D_2_107
A7: 16 | B7: Seleccione el concepto a que correspondan los ingresos recibidos | C7: Seleccione el tipo de documento de identificación que posea la persona o entidad de quien se recibió el correspondiente ingreso. Cuando vaya a informar cuantías menores o personas o entidades del exterior, Utilice el tipo de Documento 43. Si la Persona o Entidad del exterior, tiene Número, Código o Clave Fiscal, Utilice 42. | D7: Indique el número de identificación que corresponda al informado. Cuando sean transacciones con entidades del exterior que no posean Número, Código o Clave Fiscal deberá informarse con Nit 444444001 aumentando en una unidad cada relacionado hasta el 444449999. | E7: Si el número de identificación informado es un NIT, relacione el dígito de verificación respectivo. | F7: Indique el primer apellido del cliente y/o tercero de quien se obtuvo el ingreso. Si es una persona jurídica, deje este espacio en blanco. | G7: Indique el segundo apellido del cliente y/o tercero de quien se obtuvo el ingreso. Si no tiene segundo apellido o es una persona jurídica, deje esta casilla en blanco. | H7: Indique el primer nombre del cliente y/o tercero de quien se recibió el ingreso. Si es una persona jurídica, deje este espacio en blanco. | I7: Indique el segundo nombre u otros nombres del cliente y/o tercero de quien se recibió el ingreso. Si no tiene más nombres o es una persona jurídica, deje este espacio en blanco. | J7: Relacione la razón social del cliente o tercero de quien generó el ingreso. Si es una persona natural, deje esta casilla en blanco. Utilice "Cuantías menores" cuando el Nit sea 222222222, y la razón social o nombre que corresponda para Nits 444444001 en adelante. | K7: Seleccione el código del país al cual pertenece el informado. | L7: Informe el valor total de la Operación | M7: Informe el valor del ingreso reintegro, tranferido o distribuido al tercero | N7: Informe el valor de la retencion que le efectu al tercero | O7: Seleccione el tipo de documento de identificación que posea la persona o entidad para quien se recibió el correspondiente ingreso. Cuando vaya a informar cuantías menores o personas o entidades del exterior, Utilice el tipo de Documento 43. Si la Persona o Entidad del exterior, tiene Número, Código o Clave Fiscal, Utilice 42. | P7: Indique el número de identificación que corresponda al informado. Cuando sean transacciones con entidades del exterior que no posean Número, Código o Clave Fiscal deberá informarse con Nit 444444001 aumentando en una unidad cada relacionado hasta el 444449999.. | Q7: Indique el primer apellido del cliente y/o tercero para quien se obtuvo el ingreso. Si es una persona jurídica, deje este espacio en blanco. | R7: Indique el segundo apellido del cliente y/o tercero para quien se obtuvo el ingreso. Si no tiene segundo apellido o es una persona jurídica, deje esta casilla en blanco. | S7: Indique el primer nombre del cliente y/o tercero de para quien se recibió el ingreso. Si es una persona jurídica, deje este espacio en blanco. | T7: Indique el segundo nombre u otros nombres del cliente y/o tercero de para quien se recibió el ingreso. Si no tiene más nombres o es una persona jurídica, deje este espacio en blanco. | U7: Relacione la razón social del cliente o tercero de quien generó el ingreso. Si es una persona natural, deje esta casilla en blanco. Utilice Cuantías menores cuand el Nit sea 222222222 y la Razón social o nombre corresponda para Nits 444444001 en adelante. | V7: Relacione la dirección del tercero para quien se recibio el ingreso reportado. Cuando se refiera a cuantías menores indique la dirección del informante. Cuando se refiera a personas o entidades del exterior la dirección, no se diligencia. | W7: Seleccione el departamento al cual pertenece la dirección informada, conforme con los códigos indicados en las tablas del Dane, se deben incluir los ceros a la izquierda. Para personas o entidades del exterior este campo no se diligencia. | X7: Seleccione el municipio correspondiente a la dirección informada, conforme con los códigos indicados por el Dane, se deben incluir los ceros a la izquierda. Para personas o entidades del exterior este campo no se diligencia. | Y7: Seleccione el código del país al cual pertenece el informado. | Z7: |Concepto - Este campo debe ser numérico mayor a 0, no utilice puntos(.), ni comas(,) - La longitud excede el maximo de 4 caracteres. - El código diligenciado no coincide con la tabla.|Tipo de documento - Este campo debe ser numérico mayor a 0, no utilice puntos(.), ni comas(,) - La longitud excede el maximo de 2 caracteres.|Número identificación - La longitud excede el maximo de 20 caracteres. - El campo debe ser numérico, no utilice puntos(.), ni comas(,)|DV - Este campo debe ser numérico mayor a 0, no utilice puntos(.), ni comas(,) - La longitud excede el maximo de 1 caracter. - El Digito de Verificación solamente se debe diligenciar si el Tipo de Documento 31 - NIT|Primer apellido informado - La longitud excede el maximo de 60 caracteres.|Segundo apellido informado - La longitud excede el maximo de 60 caracteres.|Primer nombre informado - La longitud excede el maximo de 60 caracteres.|Otros nombres informado - La longitud excede el maximo de 60 caracteres.|País de residencia o domicilio - Este campo es obligatorio|Código dpto - Este campo debe ser numérico mayor a 0, no utilice puntos(.), ni comas(,) - La longitud excede el maximo de 2 caracteres. - El código diligenciado no coincide con la tabla. - Esta casilla no debe diligenciarse si su pais de residencia es diferente a Colombia.|Código mcp - Este campo debe ser numérico mayor a 0, no utilice puntos(.), ni comas(,) - La longitud excede el maximo de 3 caracteres. - Esta casilla no debe diligenciarse si su pais de residencia es diferente a Colombia.|País de Residencia o domicilio - Este campo debe ser numérico mayor a 0, no utilice puntos(.), ni comas(,) - La longitud excede el maximo de 4 caracteres. - El código diligenciado no coincide con la tabla.|Saldo cuentas por pagar al 31-12 - Este campo debe ser numérico mayor a 0, no utilice puntos(.), ni comas(,) - La longitud excede el maximo de 20 caracteres. - El campo debe ser numérico, no utilice puntos(.), ni comas(,).|Tipo de documento consorciado o sociado - Este campo es obligatorio|Identificación consorciado o asociado - Este campo es obligatorio
A8: ColPadre | Z8: |Concepto - Este campo es obligatorio|Tipo de documento - Este campo es obligatorio|Número identificación - Este campo es obligatorio|País de residencia o domicilio - Este campo es obligatorio|País de Residencia o domicilio - Este campo es obligatorio|Saldo cuentas por pagar al 31-12 - Este campo es obligatorio|Tipo de documento consorciado o sociado - Este campo es obligatorio|Identificación consorciado o asociado - Este campo es obligatorio
A9: ValEsp | B9: E0124 | D9: E0153 | E9: E0012 | F9: E0141(32) | G9: E0143 | H9: E0141(32) | I9: E0143 | J9: E0142(28|30) | K9: E0127 | L9: E0118 | M9: E0118 | N9: E0310(46,47) | P9: E0154 | Q9: E0077 | R9: E0078 | S9: E0077 | T9: E0078 | U9: E0079 | V9: E0131(45|169|8) | W9: E0075 | X9: E0076 | Y9: E0128 | Z9: |Concepto - Este campo es obligatorio|Tipo de documento - Este campo es obligatorio|Número identificación - El campo debe ser numérico, no utilice puntos(.), ni comas(,)|DV - Este campo debe ser numérico mayor a 0, no utilice puntos(.), ni comas(,) - La longitud excede el maximo de 1 caracter. - El Digito de Verificación solamente se debe diligenciar si el Tipo de Documento 31 - NIT|País de residencia o domicilio - Este campo es obligatorio|Código dpto - Este campo debe ser numérico mayor a 0, no utilice puntos(.), ni comas(,) - La longitud excede el maximo de 2 caracteres. - El código diligenciado no coincide con la tabla. - Esta casilla no debe diligenciarse si su pais de residencia es diferente a Colombia.|Código mcp - Este campo debe ser numérico mayor a 0, no utilice puntos(.), ni comas(,) - La longitud excede el maximo de 3 caracteres. - Valor no valido para este campo - Esta casilla no debe diligenciarse si su pais de residencia es diferente a Colombia.|País de Residencia o domicilio - Este campo debe ser numérico mayor a 0, no utilice puntos(.), ni comas(,) - La longitud excede el maximo de 4 caracteres. - El código diligenciado no coincide con la tabla.|Saldo cuentas por pagar al 31-12 - Este campo debe ser numérico mayor a 0, no utilice puntos(.), ni comas(,) - El campo debe ser numérico, no utilice puntos(.), ni comas(,).|Tipo de documento consorciado o sociado - Este campo es obligatorio|Identificación consorciado o asociado - Este campo es obligatorio
A10: ingresos | B10: con | C10: tdoc | D10: nid | E10: dv | F10: apl1 | G10: apl2 | H10: nom1 | I10: nom2 | J10: raz | K10: pais | L10: vtotal | M10: ving | N10: vret | O10: tdoc2 | P10: nid2i | Q10: apl1i | R10: apl2i | S10: nom1i | T10: nom2i | U10: razi | V10: dir | W10: cdpt | X10: cmcp | Y10: paist | Z10: |Concepto - Este campo debe ser numérico mayor a 0, no utilice puntos(.), ni comas(,) - El código diligenciado no coincide con la tabla.|Tipo de documento - Este campo debe ser numérico mayor a 0, no utilice puntos(.), ni comas(,) - La longitud excede el maximo de 2 caracteres. - El código diligenciado no coincide con la tabla.|Número identificación - El campo debe ser numérico, no utilice puntos(.), ni comas(,)|DV - Este campo debe ser numérico mayor a 0, no utilice puntos(.), ni comas(,) - La longitud excede el maximo de 1 caracter. - El Digito de Verificación solamente se debe diligenciar si el Tipo de Documento 31 - NIT|País de residencia o domicilio - Este campo es obligatorio|Código dpto - Este campo debe ser numérico mayor a 0, no utilice puntos(.), ni comas(,) - La longitud excede el maximo de 2 caracteres. - El código diligenciado no coincide con la tabla. - Esta casilla no debe diligenciarse si su pais de residencia es diferente a Colombia.|Código mcp - Este campo debe ser numérico mayor a 0, no utilice puntos(.), ni comas(,) - Valor no valido para este campo - Esta casilla no debe diligenciarse si su pais de residencia es diferente a Colombia.|País de Residencia o domicilio - Este campo debe ser numérico mayor a 0, no utilice puntos(.), ni comas(,) - El código diligenciado no coincide con la tabla.|Saldo cuentas por pagar al 31-12 - Este campo debe ser numérico mayor a 0, no utilice puntos(.), ni comas(,) - El campo debe ser numérico, no utilice puntos(.), ni comas(,).|Tipo de documento consorciado o sociado - Este campo es obligatorio|Identificación consorciado o asociado - Este campo es obligatorio
D11: 1647 Ingresos recibidos para terceros
Y13: 169 Colombia
B14: =B2 -> Concepto | C14: =C2 -> Tipo de documento de quien se recibe ingreso | D14: =D2 -> Número identificación de quien se recibe ingreso | E14: =E2 -> DV | F14: =F2 -> Primer apellido de quien se recibe ingreso | G14: =G2 -> Segundo apellido de quien se recibe ingreso | H14: =H2 -> Primer nombre de quien se recibe ingreso | I14: =I2 -> Otros nombres de quien se recibe ingreso | ... Y14: =Y2 -> País de residencia o domicilio
A18: =CONCATENATE(B18,"|",C18,"|",D18,"|",O18,"|",P18) -> ||||
B24: Concepto único | E24: La información de las operaciones reportadas en virtud de los contratos de colaboración empresarial y otros contratos señalados en el artículo 41 de la presente resolución no deberá ser reportada en el Formato 1647 - Ingresos recibidos para terceros.
B25: 4070

Sheet F2275
A1: 14 | B1: *24 | C1: *25 | D1: *26 | E1: 27 | F1: 28 | G1: 29 | H1: 30 | I1: 31 | J1: 32 | K1: 33 | L1: 34 | M1: 35 | N1: 36 | O1: 37
A2: 15 | B2: Concepto | C2: Tipo de documento del Tercero | D2: Número de Identificación del Tercero | E2: Primer apellido | F2: Segundo apellido | G2: Primer nombre | H2: Otros nombres | I2: Razón Social | J2: Dirección | K2: Código departamento | L2: Código municipio | M2: Código País | N2: Buzón, correo o dirección electrónicos | O2: Valor del ingreso no constitutivo de renta ni ganancia ocasional Solicitado
A3: 15 | B3: N | C3: N | D3: A | E3: A | F3: A | G3: A | H3: A | I3: A | J3: A | K3: N | L3: N | M3: N | N3: A | O3: N
B4: 4 | C4: 2 | D4: 20 | E4: 60 | F4: 60 | G4: 60 | H4: 60 | I4: 450 | J4: 200 | K4: 2 | L4: 3 | M4: 4 | N4: 50 | O4: 18
A5: C | B5: S | C5: S | D5: S | E5: N | F5: N | G5: N | H5: N | I5: N | J5: N | K5: N | L5: N | M5: S | N5: N | O5: S
A6: 4 | B6: DConcepto2275 | C6: DTiposDocto | K6: D_2_108 | L6: D_2_109 | M6: D_2_107
B7: Seleccione el concepto por el cual se dio lugar a la solicitud de ingresos no constitutivos de renta o ganancia ocasional | C7: Seleccione el tipo de documento de identificación que posee el tercero. | D7: Indique el número de identificación que corresponda al tercero. Cuando sean transacciones con personas o entidades del exterior que no posea Número, Código o Clave Fiscal deberá informarse con Nit 444444001 aumentando en una unidad cada relacionado hasta el 444449999. | E7: Indique el Primer Apellido del tercero . Si es una persona jurídica, deje este espacio en blanco | F7: Indique el Primer Apellido del tercero. Si no tiene segundo apellido o si es una persona jurídica, deje este espacio en blanco | G7: Indique el Primer Nombre del tercero . Si es una persona jurídica, deje este espacio en blanco | H7: Indique el Otro Nombre del tercero. Si no tiene otro nombre o si es una persona jurídica, deje este espacio en blanco | I7: Indique la razón social del Tercero. Si es una persona natural, deje la casilla en blanco. | J7: Indique la dirreccion del tercero que esta informando | K7: Seleccione el codigo departamento de la direccion informada | L7: Seleccione el codigo municipio de la direccion informada | M7: Seleccióne el codgo del pais del tercero informado | N7: Indique el correo electronico | O7: Informe el valor del ingreso no constitutivo de renta ni ganacia
A8: ColPadre
A9: ValEsp | D9: E0149 | E9: E0072(31) | F9: E0054 | G9: E0072(31) | H9: E0054 | I9: E0073(27|29) | J9: E0131(35|169|8) | K9: E0075 | L9: E0076 | M9: E0087 | N9: E0147 | O9: E0120 | P9: |Concepto - Este campo es obligatorio|Tipo de documento - Este campo es obligatorio|Número identificación - El campo debe ser numérico, no utilice puntos(.), ni comas(,)|DV - Este campo debe ser numérico mayor a 0, no utilice puntos(.), ni comas(,) - La longitud excede el maximo de 1 caracter. - El Digito de Verificación solamente se debe diligenciar si el Tipo de Documento 31 - NIT|Dirección - Esta casilla no debe diligenciarse si su pais de residencia es diferente a Colombia.|Código dpto - Este campo debe ser numérico mayor a 0, no utilice puntos(.), ni comas(,) - La longitud excede el maximo de 2 caracteres. - El código diligenciado no coincide con la tabla. - Esta casilla no debe diligenciarse si su pais de residencia es diferente a Colombia.|Código mcp - Este campo debe ser numérico mayor a 0, no utilice puntos(.), ni comas(,) - La longitud excede el maximo de 3 caracteres. - Valor no valido para este campo - Esta casilla no debe diligenciarse si su pais de residencia es diferente a Colombia.|País de Residencia o domicilio - Este campo debe ser numérico mayor a 0, no utilice puntos(.), ni comas(,) - La longitud excede el maximo de 4 caracteres. - El código diligenciado no coincide con la tabla.|Pago o abono en cuenta deducible - Este campo debe ser numérico mayor a 0, no utilice puntos(.), ni comas(,)|Pago o abono en cuenta NO deducible - Este campo debe ser numérico mayor a 0, no utilice puntos(.), ni comas(,)|IVA mayor valor del costo o gasto deducible - Este campo debe ser numérico mayor a 0, no utilice puntos(.), ni comas(,) - El valor ingresado no es numerico.|IVA mayor valor del costo o gasto NO deducible - Este campo debe ser numérico mayor a 0, no utilice puntos(.), ni comas(,) - El valor ingresado no es numerico.|Retención en la fuente practicada Renta - Este campo es obligatorio|Retención en la fuente asumida Renta - Este campo debe ser numérico mayor a 0, no utilice puntos(.), ni comas(,) - El valor ingresado no es numerico.|Retención en la fuente practicada IVA Régimen Común - Este campo debe ser numérico mayor a 0, no utilice puntos(.), ni comas(,) - El valor ingresado no es numerico.|Retención en la fuente asumida IVA Régimen Simplificado - Este campo es obligatorio|Retención en la fuente practicada IVA NO domiciliados - Este campo es obligatorio|Retención en la fuente practicadas CREE - Este campo es obligatorio|Retención en la fuente asumidas CREE - Este campo es obligatorio
A10: ingresos | B10: cpt | C10: tdoc | D10: nit | E10: pap | F10: sap | G10: pno | H10: ono | I10: raz | J10: dir | K10: dpto | L10: mun | M10: pais | N10: email | O10: vrenta | P10: |Concepto - Este campo debe ser numérico mayor o igual a 0, no utilice puntos(.), ni comas(,) - El código diligenciado no coincide con la tabla.|Tipo de documento - Este campo debe ser numérico mayor o igual a 0, no utilice puntos(.), ni comas(,) - La longitud excede el maximo de 2 caracteres. - El código diligenciado no coincide con la tabla.|Número identificación - El campo debe ser numérico, no utilice puntos(.), ni comas(,)|DV - Este campo debe ser numérico mayor o igual a 0, no utilice puntos(.), ni comas(,) - La longitud excede el maximo de 1 caracter. - El Digito de Verificación solamente se debe diligenciar si el Tipo de Documento 31 - NIT|Dirección - Esta casilla no debe diligenciarse si su pais de residencia es diferente a Colombia.|Código dpto - Este campo debe ser numérico mayor o igual a 0, no utilice puntos(.), ni comas(,) - La longitud excede el maximo de 2 caracteres. - El código diligenciado no coincide con la tabla. - Esta casilla no debe diligenciarse si su pais de residencia es diferente a Colombia.|Código mcp - Este campo debe ser numérico mayor o igual a 0, no utilice puntos(.), ni comas(,) - Valor no valido para este campo - Esta casilla no debe diligenciarse si su pais de residencia es diferente a Colombia.|País de Residencia o domicilio - Este campo debe ser numérico mayor o igual a 0, no utilice puntos(.), ni comas(,) - El código diligenciado no coincide con la tabla.|Pago o abono en cuenta deducible - Este campo debe ser numérico mayor o igual a 0, no utilice puntos(.), ni comas(,)|Pago o abono en cuenta NO deducible - Este campo debe ser numérico mayor o igual a 0, no utilice puntos(.), ni comas(,)|IVA mayor valor del costo o gasto deducible - Este campo debe ser numérico mayor o igual a 0, no utilice puntos(.), ni comas(,) - El valor ingresado no es numerico.|IVA mayor valor del costo o gasto NO deducible - Este campo debe ser numérico mayor o igual a 0, no utilice puntos(.), ni comas(,) - El valor ingresado no es numerico.|Retención en la fuente practicada Renta - Este campo debe ser numérico mayor o igual a 0, no utilice puntos(.), ni comas(,)|Retención en la fuente asumida Renta - Este campo debe ser numérico mayor o igual a 0, no utilice puntos(.), ni comas(,) - El valor ingresado no es numerico.|Retención en la fuente practicada IVA Régimen Común - Este campo debe ser numérico mayor o igual a 0, no utilice puntos(.), ni comas(,) - El valor ingresado no es numerico.|Retención en la fuente asumida IVA Régimen Simplificado - Este campo debe ser numérico mayor o igual a 0, no utilice puntos(.), ni comas(,)|Retención en la fuente practicada IVA NO domiciliados - Este campo debe ser numérico mayor o igual a 0, no utilice puntos(.), ni comas(,)|Retención en la fuente practicadas CREE - Este campo debe ser numérico mayor o igual a 0, no utilice puntos(.), ni comas(,)|Retención en la fuente asumidas CREE - Este campo debe ser numérico mayor o igual a 0, no utilice puntos(.), ni comas(,)
D11: 2275 Ingresos No Constitutivos de Renta Ni Ganancia Ocasional
B14: =B2 -> Concepto | C14: =C2 -> Tipo de documento del Tercero | D14: =D2 -> Número de Identificación del Tercero | E14: =E2 -> Primer apellido | F14: =F2 -> Segundo apellido | G14: =G2 -> Primer nombre | H14: =H2 -> Otros nombres | I14: =I2 -> Razón Social | ... O14: =O2 -> Valor del ingreso no constitutivo de renta ni ganancia ocasional Solicitado
A18: =CONCATENATE(B18,"|",C18,"|",D18) -> ||
B24: 8001 | C24: Ingresos no constitutivos por dividendos y participaciones. E.T., art. 48. (Modificado. L. 1819/2016, art. 2).
B25: 8002 | C25: Ingresos no constitutivos por componente inflacionario de los rendimientos financieros. E.T. art. 38 al 40.
B26: 8005 | C26: Ingresos no constitutivos por la utilidad en enajenación de acciones. E.T., art. 36-1, incisos 2 y 3.
B27: 8006 | C27: Ingresos no constitutivos por utilidades provenientes de la negociación de derivados. E.T., art. 36-1, inciso 4.
B28: 8008 | C28: Ingresos no constitutivos por las indemnizaciones en virtud de seguros de daño. E.T., art. 45.
B29: 8009 | C29: Ingresos no constitutivos por las indemnizaciones por destrucción o renovación de cultivos, y por control de plagas. E.T., art. 46-1.
B30: 8010 | C30: Ingresos no constitutivos por los aportes de entidades estatales, sobretasas e impuestos para financiamiento de sistemas de servicio público de transporte masivo de pasajeros. E.T., art. 53.
B31: 8011 | C31: Ingresos no constitutivos percibidos por las organizaciones regionales de televisión y audiovisuales provenientes de la Comisión Nacional de Televisión. L. 488/98, art. 40.
B32: 8013 | C32: Ingresos no constitutivos por la liberación de la reserva de que trata el numeral 12 del artículo Art. 290 E.T., Reserva de que trataba el 130 E.T.
B33: 8014 | C33: Ingresos no constitutivos provenientes del Incentivo a la Capitalización Rural, (ICR). E.T., art. 52.
B34: 8016 | C34: Ingresos no constitutivos por la retribución como recompensa. E.T., art. 42.
B35: 8017 | C35: Ingresos no constitutivos por la utilidad en la enajenación voluntaria de bienes expropiados. L. 388/97, art. 67, par. 2
... B59: 8052 | C59: Ingresos no gravados por utilidades distribuidas por sociedades nacionales o establecimientos permanentes que han efectuado inversiones en el marco del régimen de Mega-inversiones. E.T., art.235-3, num.4

Sheet F2276
A1: 45 | B1: *24 | C1: *25 | D1: *26 | E1: 27 | F1: 28 | G1: 28 | H1: 30 | I1: 31 | J1: 32 | K1: 33 | L1: 34 | M1: 35 | N1: 36 | O1: 37 | P1: 38 | Q1: 39 | R1: 40 | S1: 41 | T1: 42 | U1: 43 | V1: 44 | W1: 45 | X1: 46 | Y1: 47 | Z1: 48 | AA1: 49 | AB1: 50 | AC1: 51 | AD1: 52 | AE1: 53 | AF1: 54 | AG1: 55 | AH1: 56 | AI1: 57 | AJ1: 58 | AK1: 59 | AL1: 60 | AM1: 61 | AN1: 62 | AO1: 63 | AP1: 64 | AQ1: 65 | AR1: 66* | AS1: 67* | AT1: 68*
A2: 15 | B2: Entidad Informante | C2: Tipo de documento del beneficiario | D2: Número de Identificación del beneficiario | E2: Primer Apellido del beneficiario | F2: Segundo Apellido del beneficiario | G2: Primer Nombre del beneficiario | H2: Otros Nombres del beneficiario | I2: Dirección del beneficiario | J2: Departamento del beneficiario | K2: Municipio del beneficiario | L2: País del beneficiario | M2: Pagos por Salarios | N2: Pagos por emolumentos eclesiásticos | O2: Pagos realizados con bonos electrónicos o de papel de servicio, cheques, tarjetas, vales, etc. | P2: Valor del exceso de los pagos por alimentación mayores a 41 UVT, art. 387-1 E.T. | Q2: Pagos por honorarios | R2: Pagos por servicios | S2: Pagos por comisiones | T2: Pagos por prestaciones sociales | U2: Pagos por viáticos | V2: Pagos por gastos de representación | W2: Pagos por compensaciones trabajo asociado cooperativo | X2: Valor apoyos económicos no reembolsables o condonados, entregados por el Estado o financiados con recursos públicos, para financiar programas educativos. | Y2: Otros pagos | Z2: Cesantías e intereses de cesantías efectivamente pagadas al empleado | AA2: Cesantías consignadas al fondo de cesantías | AB2: Auxilio de cesantías reconocido a trabajadores del régimen tradicional del Código Sustantivo del Trabajo, Capítulo VII, Título VIII Parte Primera | AC2: Pensiones de Jubilación, vejez o invalidez | AD2: Total ingresos brutos por rentas de trabajo y pensión | AE2: Aportes obligatorios por salud a cargo del trabajador | AF2: Aportes obligatorios a fondos de pensiones y solidaridad pensional a cargo del trabajador | AG2: Aportes voluntarios al régimen de ahorro individual con solidaridad - RAIS | AH2: Aportes voluntarios a fondos de pensiones voluntarias | AI2: Aportes a cuentas AFC | AJ2: Aportes a cuentas AVC | AK2: Valor de las retenciones en la fuente por pagos de rentas de trabajo o pensiones | AL2: Impuesto sobre las ventas – IVA, mayor valor del costo o gasto | AM2: Retención en la fuente a título de impuesto sobre las ventas – IVA. | AN2: Pagos por alimentación hasta 41 UVT | AO2: Valor ingreso laboral promedio de los últimos seis meses. | AP2: Tipo de documento del dependiente económico | AQ2: Número de Identificación del dependiente económico | AR2: Identificación del fideicomiso | AS2: Tipo documento participante en contrato de colaboración | AT2: Identificación participante en contrato colaboración | AU2: |TIPO DE DOCUMENTO DEL BENEFICIARIO - Este campo debe ser numérico mayor o igual a 0, no utilice puntos(.), ni comas(,) - La longitud excede el maximo de 2 caracteres. - El código diligenciado no coincide con la tabla.|Número de Identificación del beneficiario - La longitud excede el maximo de 20 caracteres. - El campo debe ser numérico, no utilice puntos(.), ni comas(,)|Dirección del beneficiario - Esta casilla no debe diligenciarse si su pais de residencia es diferente a Colombia.|DEPARTAMENTO DEL BENEFICIARIO - Este campo debe ser numérico mayor o igual a 0, no utilice puntos(.), ni comas(,) - La longitud excede el maximo de 2 caracteres. - El código diligenciado no coincide con la tabla. - Esta casilla no debe diligenciarse si su pais de residencia es diferente a Colombia.|MUNICIPIO DEL BENEFICIARIO - Este campo debe ser numérico mayor o igual a 0, no utilice puntos(.), ni comas(,) - La longitud excede el maximo de 3 caracteres. - Valor no valido para este campo - Esta casilla no debe diligenciarse si su pais de residencia es diferente a Colombia.|PAÍS DEL BENEFICIARIO - Este campo debe ser numérico mayor o igual a 0, no utilice puntos(.), ni comas(,) - La longitud excede el maximo de 4 caracteres. - El código diligenciado no coincide con la tabla.|Pagos por Salarios - Este campo debe ser numérico mayor o igual a 0, no utilice puntos(.), ni comas(,)|Pagos por emolumentos eclesiásticos - Este campo debe ser numérico mayor o igual a 0, no utilice puntos(.), ni comas(,) - La longitud excede el maximo de 18 caracteres.|Pagos por honorarios - Este campo debe ser numérico mayor o igual a 0, no utilice puntos(.), ni comas(,) - La longitud excede el maximo de 18 caracteres.|Pagos por servicios - Este campo debe ser numérico mayor o igual a 0, no utilice puntos(.), ni comas(,) - La longitud excede el maximo de 18 caracteres.|Pagos por comisiones - Este campo debe ser numérico mayor o igual a 0, no utilice puntos(.), ni comas(,) - La longitud excede el maximo de 18 caracteres.|Pagos por prestaciones sociales - Este campo debe ser numérico mayor o igual a 0, no utilice puntos(.), ni comas(,) - La longitud excede el maximo de 18 caracteres.|Pagos por viáticos - Este campo debe ser numérico mayor o igual a 0, no utilice puntos(.), ni comas(,)|Pagos por gastos de representación - Este campo debe ser numérico mayor o igual a 0, no utilice puntos(.), ni comas(,) - La longitud excede el maximo de 18 caracteres.|Pagos por compensaciones trabajo asociado cooperativo - Este campo debe ser numérico mayor o igual a 0, no utilice puntos(.), ni comas(,) - La longitud excede el maximo de 18 caracteres.|Otros pagos - Este campo debe ser numérico mayor o igual a 0, no utilice puntos(.), ni comas(,)|Pagos realizados con bonos electrónicos o de papel de servicio. cheques. tarjetas. vales. etc. - Este campo debe ser numérico mayor o igual a 0, no utilice puntos(.), ni comas(,) - La longitud excede el maximo de 18 caracteres.|Cesantías e intereses de cesantías efectivamente pagadas. consignadas o reconocidas en el periodo - Este campo debe ser numérico mayor o igual a 0, no utilice puntos(.), ni comas(,) - La longitud excede el maximo de 18 caracteres.|Pensiones de Jubilación. vejez o invalidez - Este campo debe ser numérico mayor o igual a 0, no utilice puntos(.), ni comas(,) - La longitud excede el maximo de 18 caracteres.|Aportes Obligatorios por Salud - Este campo debe ser numérico mayor o igual a 0, no utilice puntos(.), ni comas(,) - La longitud excede el maximo de 18 caracteres.|Aportes obligatorios a fondos de pensiones y solidaridad pensional y Aportes voluntarios al - RAIS - Este campo debe ser numérico mayor o igual a 0, no utilice puntos(.), ni comas(,) - La longitud excede el maximo de 18 caracteres.|Aportes voluntarios a fondos de pensiones voluntarias - Este campo debe ser numérico mayor o igual a 0, no utilice puntos(.), ni comas(,) - La longitud excede el maximo de 18 caracteres.|Aportes a cuentas AFC. - La longitud excede el maximo de 0 caracteres.|Valor de las retenciones en la fuente por pagos de rentas de trabajo o pensiones - Este campo debe ser numérico mayor o igual a 0, no utilice puntos(.), ni comas(,) - La longitud excede el maximo de 18 caracteres.
A3: 15 | B3: N | C3: N | D3: A | E3: A | F3: A | G3: A | H3: A | I3: A | J3: N | K3: N | L3: N | M3: N | N3: N | O3: N | P3: N | Q3: N | R3: N | S3: N | T3: N | U3: N | V3: N | W3: N | X3: N | Y3: N | Z3: N | AA3: N | AB3: N | AC3: N | AD3: N | AE3: N | AF3: N | AG3: N | AH3: N | AI3: N | AJ3: N | AK3: N | AL3: N | AM3: N | AN3: N | AO3: N | AP3: N | AQ3: A | AR3: A | AS3: N | AT3: A | AU3: |Tipo de documento del beneficiario - Este campo debe ser numérico mayor o igual a 0, no utilice puntos(.), ni comas(,) - El código diligenciado no coincide con la tabla.|Número de Identificación del beneficiario - El campo debe ser numérico, no utilice puntos(.), ni comas(,)|Dirección del beneficiario - Esta casilla no debe diligenciarse si su pais de residencia es diferente a Colombia.|Departamento del beneficiario - Este campo debe ser numérico mayor o igual a 0, no utilice puntos(.), ni comas(,) - El código diligenciado no coincide con la tabla. - Esta casilla no debe diligenciarse si su pais de residencia es diferente a Colombia.|Municipio del beneficiario - Este campo debe ser numérico mayor o igual a 0, no utilice puntos(.), ni comas(,) - Valor no valido para este campo - Esta casilla no debe diligenciarse si su pais de residencia es diferente a Colombia.|País del beneficiario - Este campo debe ser numérico mayor o igual a 0, no utilice puntos(.), ni comas(,) - El código diligenciado no coincide con la tabla.|Pagos por Salarios - Este campo debe ser numérico mayor o igual a 0, no utilice puntos(.), ni comas(,)|Pagos por emolumentos eclesiásticos - Este campo debe ser numérico mayor o igual a 0, no utilice puntos(.), ni comas(,)|Pagos por honorarios - Este campo debe ser numérico mayor o igual a 0, no utilice puntos(.), ni comas(,)|Pagos por servicios - Este campo debe ser numérico mayor o igual a 0, no utilice puntos(.), ni comas(,)|Pagos por comisiones - Este campo debe ser numérico mayor o igual a 0, no utilice puntos(.), ni comas(,)|Pagos por prestaciones sociales - Este campo debe ser numérico mayor o igual a 0, no utilice puntos(.), ni comas(,)|Pagos por viáticos - Este campo debe ser numérico mayor o igual a 0, no utilice puntos(.), ni comas(,)|Pagos por gastos de representación - Este campo debe ser numérico mayor o igual a 0, no utilice puntos(.), ni comas(,)|Pagos por compensaciones trabajo asociado cooperativo - Este campo debe ser numérico mayor o igual a 0, no utilice puntos(.), ni comas(,)|Otros pagos - Este campo debe ser numérico mayor o igual a 0, no utilice puntos(.), ni comas(,)|Pagos realizados con bonos electrónicos o de papel de servicio, cheques, tarjetas, vales, etc. - Este campo debe ser numérico mayor o igual a 0, no utilice puntos(.), ni comas(,)|Cesantías e intereses de cesantías efectivamente pagadas, consignadas o reconocidas en el periodo - Este campo debe ser numérico mayor o igual a 0, no utilice puntos(.), ni comas(,)|Pensiones de Jubilación, vejez o invalidez - Este campo debe ser numérico mayor o igual a 0, no utilice puntos(.), ni comas(,)|Aportes Obligatorios por Salud - Este campo debe ser numérico mayor o igual a 0, no utilice puntos(.), ni comas(,)|Aportes obligatorios a fondos de pensiones y solidaridad pensional y Aportes voluntarios al - RAIS - Este campo debe ser numérico mayor o igual a 0, no utilice puntos(.), ni comas(,)|Aportes voluntarios a fondos de pensiones voluntarias - Este campo debe ser numérico mayor o igual a 0, no utilice puntos(.), ni comas(,)|Aportes a cuentas AFC. - Este campo debe ser numérico mayor o igual a 0, no utilice puntos(.), ni comas(,)|Valor de las retenciones en la fuente por pagos de rentas de trabajo o pensiones - Este campo debe ser numérico mayor o igual a 0, no utilice puntos(.), ni comas(,)
B4: 2 | C4: 2 | D4: 20 | E4: 60 | F4: 60 | G4: 60 | H4: 60 | I4: 200 | J4: 2 | K4: 3 | L4: 4 | M4: 18 | N4: 18 | O4: 18 | P4: 18 | Q4: 18 | R4: 18 | S4: 18 | T4: 18 | U4: 18 | V4: 18 | W4: 18 | X4: 18 | Y4: 18 | Z4: 18 | AA4: 18 | AB4: 18 | AC4: 18 | AD4: 18 | AE4: 18 | AF4: 18 | AG4: 18 | AH4: 18 | AI4: 18 | AJ4: 18 | AK4: 18 | AL4: 18 | AM4: 18 | AN4: 18 | AO4: 18 | AP4: 2 | AQ4: 20 | AR4: 14 | AS4: 2 | AT4: 20 | AU4: |Tipo de documento del beneficiario - El código diligenciado no coincide con la tabla.|Dirección del beneficiario - Esta casilla no debe diligenciarse si su pais de residencia es diferente a Colombia.|Departamento del beneficiario - El código diligenciado no coincide con la tabla. - Esta casilla no debe diligenciarse si su pais de residencia es diferente a Colombia.|Municipio del beneficiario - Valor no valido para este campo - Esta casilla no debe diligenciarse si su pais de residencia es diferente a Colombia.|País del beneficiario - El código diligenciado no coincide con la tabla.
A5: C | B5: S | C5: S | D5: S | E5: N | F5: N | G5: N | H5: N | I5: N | J5: N | K5: N | L5: S | M5: S | N5: S | O5: S | P5: S | Q5: S | R5: S | S5: S | T5: S | U5: S | V5: S | W5: S | X5: S | Y5: S | Z5: S | AA5: S | AB5: S | AC5: S | AD5: S | AE5: S | AF5: S | AG5: S | AH5: S | AI5: S | AJ5: S | AK5: S | AL5: S | AM5: S | AN5: S | AO5: S | AP5: N | AQ5: N | AR5: N | AS5: N | AT5: N | AU5: |Tipo de documento del beneficiario - Este campo debe ser numérico mayor o igual a 0, no utilice puntos(.), ni comas(,) - El código diligenciado no coincide con la tabla.|Número de Identificación del beneficiario - El campo debe ser numérico, no utilice puntos(.), ni comas(,)|Dirección del beneficiario - Esta casilla no debe diligenciarse si su pais de residencia es diferente a Colombia.|Departamento del beneficiario - Este campo debe ser numérico mayor o igual a 0, no utilice puntos(.), ni comas(,) - El código diligenciado no coincide con la tabla. - Esta casilla no debe diligenciarse si su pais de residencia es diferente a Colombia.|Municipio del beneficiario - Este campo debe ser numérico mayor o igual a 0, no utilice puntos(.), ni comas(,) - Valor no valido para este campo - Esta casilla no debe diligenciarse si su pais de residencia es diferente a Colombia.|País del beneficiario - Este campo debe ser numérico mayor o igual a 0, no utilice puntos(.), ni comas(,) - El código diligenciado no coincide con la tabla.|Pagos por Salarios - Este campo debe ser numérico mayor o igual a 0, no utilice puntos(.), ni comas(,)|Pagos por emolumentos eclesiásticos - Este campo debe ser numérico mayor o igual a 0, no utilice puntos(.), ni comas(,)|Pagos por honorarios - Este campo debe ser numérico mayor o igual a 0, no utilice puntos(.), ni comas(,)|Pagos por servicios - Este campo debe ser numérico mayor o igual a 0, no utilice puntos(.), ni comas(,)|Pagos por comisiones - Este campo debe ser numérico mayor o igual a 0, no utilice puntos(.), ni comas(,)|Pagos por prestaciones sociales - Este campo debe ser numérico mayor o igual a 0, no utilice puntos(.), ni comas(,)|Pagos por viáticos - Este campo debe ser numérico mayor o igual a 0, no utilice puntos(.), ni comas(,)|Pagos por gastos de representación - Este campo debe ser numérico mayor o igual a 0, no utilice puntos(.), ni comas(,)|Pagos por compensaciones trabajo asociado cooperativo - Este campo debe ser numérico mayor o igual a 0, no utilice puntos(.), ni comas(,)|Otros pagos - Este campo debe ser numérico mayor o igual a 0, no utilice puntos(.), ni comas(,)|Pagos realizados con bonos electrónicos o de papel de servicio, cheques, tarjetas, vales, etc. - Este campo debe ser numérico mayor o igual a 0, no utilice puntos(.), ni comas(,)|Cesantías e intereses de cesantías efectivamente pagadas, consignadas o reconocidas en el periodo - Este campo debe ser numérico mayor o igual a 0, no utilice puntos(.), ni comas(,)|Pensiones de Jubilación, vejez o invalidez - Este campo debe ser numérico mayor o igual a 0, no utilice puntos(.), ni comas(,)|Aportes Obligatorios por Salud - Este campo debe ser numérico mayor o igual a 0, no utilice puntos(.), ni comas(,)|Aportes obligatorios a fondos de pensiones y solidaridad pensional y Aportes voluntarios al - RAIS - Este campo debe ser numérico mayor o igual a 0, no utilice puntos(.), ni comas(,)|Aportes voluntarios a fondos de pensiones voluntarias - Este campo debe ser numérico mayor o igual a 0, no utilice puntos(.), ni comas(,)|Aportes a cuentas AFC. - Este campo debe ser numérico mayor o igual a 0, no utilice puntos(.), ni comas(,)|Valor de las retenciones en la fuente por pagos de rentas de trabajo o pensiones - Este campo debe ser numérico mayor o igual a 0, no utilice puntos(.), ni comas(,)
A6: 4 | B6: DEntidadInfor | C6: DTiposDoctoBB | J6: D_2_108 | K6: D_2_109 | L6: D_2_107 | AP6: DTiposDoctoBB | AS6: DTiposDoctoBB
B7: Indique el Tipo de entidad | C7: Indique el Tipo de Documento del Beneficiario | D7: Indique el número de identificación que corresponda al Beneficiario | E7: Indique el Primer Apellido del Beneficiario | F7: Indique el Segundo Apellido del Beneficiario. Si no tiene segundo apellido o si es una persona jurídica, deje este espacio en blanco. | G7: Indique el Primer Nombre del Beneficiario | H7: Indique el Otro Nombre del Beneficiario. Si no tiene otro nombre o si es una persona jurídica, deje este espacio en blanco. | I7: Relacione la dirección del beneficiario informado. En caso que el País de residencia sea Colombia (169) siempre debe diligenciarse | J7: Seleccione el codigo departamento del beneficiario informado. | K7: Seleccione el codigo Municipio del beneficiario informado. | L7: Seleccione el codigo del Pais a que pertenece la direccion del beneficiario informado. | M7: Informe el valor de los pagados realizados por salario al beneficiario informado. | N7: Informe el valor de los pagados realizados por emolumentos eclesiasticos al beneficiario informado. | O7: Informe el valor de los pagos realizados con bonos electrónicos o de papel de servicio, cheques, tarjetas, vales, etc. | P7: Informe el valor del exceso de los pagos por alimentación mayores a 41 UVT, art. 387-1 E.T. | Q7: Informe el valor de los pagados realizados por Honorarios al beneficiario informado. | R7: Informe el valor de los pagados realizados por Servicios al beneficiario informado. | S7: Informe el valor de los pagados realizados por Comisiones al beneficiario informado. | T7: Informe el valor de los pagados realizados por Prestaciones Sociales al beneficiario informado. | U7: Informe el valor de los pagados realizados por Viaticos al beneficiario informado. | V7: Informe el valor de los pagados realizados por Gastos de Representacion al beneficiario informado. | W7: Informe el valor de los pagados realizados por compesacion al beneficiario informado. | X7: Informe el valor apoyos económicos no reembolsables o condonados, entregados por el Estado o financiados con recursos públicos, para financiar programas educativos. | Y7: Informe el valor otros pagados realizados al beneficiario informado. | Z7: Informe el valor de las cesantías e intereses de cesantías efectivamente pagadas al empleado | AA7: Informe el valor Cesantías consignadas al fondo de cesantías | AB7: Informe el Auxilio de cesantías reconocido a trabajadores del régimen tradicional del Código Sustantivo del Trabajo, Capítulo VII, Título VIII Parte Primera. | AC7: Informe el valor de la pensiones de jubilacion, vejez o invalidez pagados al beneficiario informado. | AD7: Informe el valor total ingresos brutos por rentas de trabajo y pensión | AE7: Informe el valor de los Aportes obligatorios por salud a cargo del trabajador | AF7: Informe el valor de los Aportes obligatorios a fondos de pensiones y solidaridad pensional a cargo del trabajador | AG7: Informe el valor de los Aportes voluntarios al régimen de ahorro individual con solidaridad - RAIS | AH7: Informe el valor de los Aportes voluntarios a fondos de pensiones voluntarias | AI7: Informe el valor de los Aportes a cuentas AFC por beneficiario | AJ7: Informe el valor de los Aportes a cuentas AVC por beneficiario | AK7: Informe el valor de las retenciones en la fuente por pagos de rentas de trabajo o pensiones al beneficiario informado. | AL7: Informe el valor de Impuesto sobre las ventas – IVA, mayor valor del costo o gasto al beneficiario informado. | AM7: Informe el valor de Retención en la fuente a título de impuesto sobre las ventas – IVA. | AN7: Informe el valor del Pago por alimentación mayores a 41 UVT | AO7: Informe el valor ingreso laboral promedio de los últimos seis meses. | AP7: Indique el Tipo de documento del dependiente económico | AQ7: Indique el número de Identificación del dependiente económico | AR7: Indique el numero de identificacion del fideicomiso | AS7: Indique el tipo de documento participante en contrato de colaboración | AT7: Indique el numero de identificacion participante en contrato de colaboración
A8: ColPadre
A9: ValEsp | D9: E0133 | E9: E0311 | G9: E0311 | I9: E0074(8) | J9: E0075 | K9: E0076 | M9: E0130(35|36|37|38|39|40|41|42|43|44|45|46|47|48|49|50|51|52|53|54|55|56|57|58) | N9: E0118 | O9: E0118 | P9: E0118 | Q9: E0118 | R9: E0118 | S9: E0118 | T9: E0118 | U9: E0118 | V9: E0118 | W9: E0118 | X9: E0118 | Y9: E0118 | Z9: E0118 | AA9: E0118 | AB9: E0118 | AC9: E0118 | AD9: E0118 | AE9: E0118 | AF9: E0118 | AG9: E0118 | AH9: E0118 | AI9: E0118 | AJ9: E0118 | AK9: E0118 | AL9: E0118 | AM9: E0118 | AN9: E0118 | AO9: E0118 | AQ9: E0133 | AR9: E0148 | AS9: E0145 | AT9: E0144 | AU9: |Denominación casilla - Este campo es obligatorio|Tipo de documento del beneficiario - El campo debe ser numérico, no utilice puntos(.), ni comas(,)|Dirección del beneficiario - Este campo debe ser numérico mayor o igual a 0, no utilice puntos(.), ni comas(,) - La longitud excede el maximo de 2 caracteres. - El código diligenciado no coincide con la tabla.|Departamentodel beneficiario - Este campo debe ser numérico mayor o igual a 0, no utilice puntos(.), ni comas(,) - La longitud excede el maximo de 3 caracteres. - Valor no valido para este campo|Municipio del beneficiario - Este campo es obligatorio|País del Beneficiario - Este campo debe ser numérico mayor o igual a 0, no utilice puntos(.), ni comas(,) - La longitud excede el maximo de 18 caracteres.|Pagos por salarios - Este campo es obligatorio|Pagos por emolumentos eclesiásticos - Este campo es obligatorio|Pagos por honorarios - Este campo es obligatorio|Pagos por servicios - Este campo es obligatorio|Pagos por comisiones - Este campo es obligatorio|Pagos por prestaciones sociales - Este campo es obligatorio|Pagos por viáticos - Este campo es obligatorio|Pagos por gastos de representación - Este campo es obligatorio|Pagos por compensaciones trabajo asociado cooperativo - Este campo es obligatorio|Otros pagos - Este campo es obligatorio|Pagos realizados con bonos electrónicos o de papel de servicio, cheques, tarjetas, vales, etc - Este campo es obligatorio|Cesantías e intereses Pagadas Periodo - Este campo es obligatorio|Pensiones de jubilación, vejez o invalidez - Este campo es obligatorio|Aportes obligatorios por salud - Este campo es obligatorio|Aportes obligatorios a fondos de pensiones y solidaridad pensional - Este campo es obligatorio|Aportes voluntarios a fondos de pensiones y cuentas AFC - Este campo es obligatorio
A10: rentra | B10: entinfo | C10: tdocb | D10: nitb | E10: pap | F10: sap | G10: pno | H10: ono | I10: dir | J10: dpto | K10: mun | L10: pais | M10: pasa | N10: paec | O10: pabop | P10: vaex | Q10: paho | R10: pase | S10: paco | T10: papre | U10: pavia | V10: paga | W10: patra | X10: vapo | Y10: potro | Z10: cein | AA10: ceco | AB10: auce | AC10: peju | AD10: tingbtp | AE10: apos | AF10: apof | AG10: aprais | AH10: apov | AI10: apafc | AJ10: apavc | AK10: vare | AL10: ivav | AM10: rfiva | AN10: pagahuvt | AO10: vilap | AP10: tdocde | AQ10: nitde | AR10: identfc | AS10: tdocpcc | AT10: nitpcc | AU10: |Concepto - Este campo debe ser numérico mayor o igual a 0, no utilice puntos(.), ni comas(,) - El código diligenciado no coincide con la tabla.|Tipo de documento - Este campo debe ser numérico mayor o igual a 0, no utilice puntos(.), ni comas(,) - La longitud excede el maximo de 2 caracteres. - El código diligenciado no coincide con la tabla.|Número identificación - El campo debe ser numérico, no utilice puntos(.), ni comas(,)|DV - Este campo debe ser numérico mayor o igual a 0, no utilice puntos(.), ni comas(,) - La longitud excede el maximo de 1 caracter. - El Digito de Verificación solamente se debe diligenciar si el Tipo de Documento 31 - NIT|Dirección - Esta casilla no debe diligenciarse si su pais de residencia es diferente a Colombia.|Código dpto - Este campo debe ser numérico mayor o igual a 0, no utilice puntos(.), ni comas(,) - La longitud excede el maximo de 2 caracteres. - El código diligenciado no coincide con la tabla. - Esta casilla no debe diligenciarse si su pais de residencia es diferente a Colombia.|Código mcp - Este campo debe ser numérico mayor o igual a 0, no utilice puntos(.), ni comas(,) - Valor no valido para este campo - Esta casilla no debe diligenciarse si su pais de residencia es diferente a Colombia.|País de Residencia o domicilio - Este campo debe ser numérico mayor o igual a 0, no utilice puntos(.), ni comas(,) - El código diligenciado no coincide con la tabla.|Pago o abono en cuenta deducible - Este campo debe ser numérico mayor o igual a 0, no utilice puntos(.), ni comas(,)|Pago o abono en cuenta NO deducible - Este campo debe ser numérico mayor o igual a 0, no utilice puntos(.), ni comas(,)|IVA mayor valor del costo o gasto deducible - Este campo debe ser numérico mayor o igual a 0, no utilice puntos(.), ni comas(,) - El valor ingresado no es numerico.|IVA mayor valor del costo o gasto NO deducible - Este campo debe ser numérico mayor o igual a 0, no utilice puntos(.), ni comas(,) - El valor ingresado no es numerico.|Retención en la fuente practicada Renta - Este campo debe ser numérico mayor o igual a 0, no utilice puntos(.), ni comas(,)|Retención en la fuente asumida Renta - Este campo debe ser numérico mayor o igual a 0, no utilice puntos(.), ni comas(,) - El valor ingresado no es numerico.|Retención en la fuente practicada IVA Régimen Común - Este campo debe ser numérico mayor o igual a 0, no utilice puntos(.), ni comas(,) - El valor ingresado no es numerico.|Retención en la fuente asumida IVA Régimen Simplificado - Este campo debe ser numérico mayor o igual a 0, no utilice puntos(.), ni comas(,)|Retención en la fuente practicada IVA NO domiciliados - Este campo debe ser numérico mayor o igual a 0, no utilice puntos(.), ni comas(,)|Retención en la fuente practicadas CREE - Este campo debe ser numérico mayor o igual a 0, no utilice puntos(.), ni comas(,)|Retención en la fuente asumidas CREE - Este campo debe ser numérico mayor o igual a 0, no utilice puntos(.), ni comas(,)
D11: 2276 INFORMACIÓN DE RENTAS DE TRABAJO Y PENSIONES. | Y11: 2276 Información Certificado de Ingresos y Retenciones para personas naturales Empleados | AU11: |Número de Identificación del empleado - Este campo es obligatorio|Código Dpto - Este campo es obligatorio|Código Mcpio - Este campo es obligatorio|Código País - Este campo es obligatorio|Fecha Inicial Periodo de Certificación - Este campo es obligatorio|Fecha Final Periodo de Certificación - Este campo es obligatorio|Fecha de Expedición del Certificado - Este campo es obligatorio|Departamento donde se practicó la retención - Este campo es obligatorio|Municipio donde se practicó la retención - Este campo es obligatorio|Número entidades que consolidan la retención - Este campo es obligatorio|Pagos al Empleado - Este campo es obligatorio|Cesantías e Intereses Pagadas Periodo - Este campo es obligatorio|Gastos de Representación - Este campo es obligatorio|Pensiones de Jubilación, vejez o invalidez - Este campo es obligatorio|Otros Ingresos como Empleado - Este campo es obligatorio|Total Ingresos Brutos - Este campo es obligatorio|Aportes Obligatorios por Salud - Este campo es obligatorio|Aportes Obligatorios a fondos de pensiones y solidaridad pensional - Este campo debe ser numérico mayor o igual a 0, no utilice puntos(.), ni comas(,) - La longitud excede el maximo de 18 caracteres. - El campo debe ser numérico, no utilice puntos(.), ni comas(,)|Aportes Voluntarios a fondos de Pensiones y Cuentas AFC - Este campo es obligatorio|Valores de las Retenciones en la Fuente por Pagos al Empleado - Este campo es obligatorio
AU12: |Entidad Informante - Este campo es obligatorio|Tipo de documento del beneficiario - Este campo es obligatorio|Número de Identificación del beneficiario - Este campo es obligatorio|País del beneficiario - Este campo es obligatorio|Pagos por Salarios - Este campo es obligatorio|Pagos por emolumentos eclesiásticos - Este campo es obligatorio|Pagos por honorarios - Este campo es obligatorio|Pagos por servicios - Este campo es obligatorio|Pagos por comisiones - Este campo es obligatorio|Pagos por prestaciones sociales - Este campo es obligatorio|Pagos por viáticos - Este campo es obligatorio|Pagos por gastos de representación - Este campo es obligatorio|Pagos por compensaciones trabajo asociado cooperativo - Este campo es obligatorio|Otros pagos - Este campo es obligatorio|Pagos realizados con bonos electrónicos o de papel de servicio, cheques, tarjetas, vales, etc. - Este campo es obligatorio|Cesantías e intereses de cesantías efectivamente pagadas, consignadas o reconocidas en el periodo - Este campo es obligatorio|Pensiones de Jubilación, vejez o invalidez - Este campo es obligatorio|Total Ingresos brutos de rentas de trabajo y pensión - Este campo es obligatorio|Aportes Obligatorios por Salud - Este campo es obligatorio|Aportes obligatorios a fondos de pensiones y solidaridad pensional y Aportes voluntarios al - RAIS - Este campo es obligatorio|Aportes voluntarios a fondos de pensiones voluntarias - Este campo es obligatorio|Aportes a cuentas AFC - Este campo es obligatorio|Aportes a cuentas AVC - Este campo es obligatorio|Valor de las retenciones en la fuente por pagos de rentas de trabajo o pensiones - Este campo es obligatorio|Apoyos económicos no reembolsables o condonados, entregados por el Estado o financiados con recursos públicos, para financiar programas educativos - Este campo es obligatorio|Pagos por alimentación mayores a 41 UVT - Este campo es obligatorio|Pagos por alimentación hasta a 41 UVT - Este campo es obligatorio
B14: =B2 -> Entidad Informante | C14: =C2 -> Tipo de documento del beneficiario | D14: =D2 -> Número de Identificación del beneficiario | E14: =E2 -> Primer Apellido del beneficiario | F14: =F2 -> Segundo Apellido del beneficiario | G14: =G2 -> Primer Nombre del beneficiario | H14: =H2 -> Otros Nombres del beneficiario | I14: =I2 -> Dirección del beneficiario | ... AT14: =AT2 -> Identificación participante en contrato colaboración | AU14: |Denominación casilla - Este campo debe ser numérico mayor o igual a 0, no utilice puntos(.), ni comas(,) - La longitud excede el maximo de 2 caracteres. - El código diligenciado no coincide con la tabla.|Tipo de documento del beneficiario - La longitud excede el maximo de 20 caracteres. - El campo debe ser numérico, no utilice puntos(.), ni comas(,)|Otros nombres del beneficiario - Esta casilla no debe diligenciarse si su pais de residencia es diferente a Colombia.|Dirección del beneficiario - Este campo debe ser numérico mayor o igual a 0, no utilice puntos(.), ni comas(,) - La longitud excede el maximo de 2 caracteres. - El código diligenciado no coincide con la tabla. - Esta casilla no debe diligenciarse si su pais de residencia es diferente a Colombia.|Departamentodel beneficiario - Este campo debe ser numérico mayor o igual a 0, no utilice puntos(.), ni comas(,) - La longitud excede el maximo de 3 caracteres. - Valor no valido para este campo - Esta casilla no debe diligenciarse si su pais de residencia es diferente a Colombia.|Municipio del beneficiario - Este campo debe ser numérico mayor o igual a 0, no utilice puntos(.), ni comas(,) - La longitud excede el maximo de 4 caracteres. - El código diligenciado no coincide con la tabla.|País del Beneficiario - Este campo debe ser numérico mayor o igual a 0, no utilice puntos(.), ni comas(,) - La longitud excede el maximo de 18 caracteres.|Pagos por salarios - Este campo debe ser numérico mayor o igual a 0, no utilice puntos(.), ni comas(,)|Pagos por emolumentos eclesiásticos - Este campo debe ser numérico mayor o igual a 0, no utilice puntos(.), ni comas(,) - La longitud excede el maximo de 18 caracteres.|Pagos por honorarios - Este campo debe ser numérico mayor o igual a 0, no utilice puntos(.), ni comas(,) - La longitud excede el maximo de 18 caracteres.|Pagos por servicios - Este campo debe ser numérico mayor o igual a 0, no utilice puntos(.), ni comas(,) - La longitud excede el maximo de 18 caracteres.|Pagos por comisiones - Este campo debe ser numérico mayor o igual a 0, no utilice puntos(.), ni comas(,) - La longitud excede el maximo de 18 caracteres.|Pagos por prestaciones sociales - Este campo debe ser numérico mayor o igual a 0, no utilice puntos(.), ni comas(,) - La longitud excede el maximo de 18 caracteres.|Pagos por viáticos - Este campo debe ser numérico mayor o igual a 0, no utilice puntos(.), ni comas(,)|Pagos por gastos de representación - Este campo debe ser numérico mayor o igual a 0, no utilice puntos(.), ni comas(,) - La longitud excede el maximo de 18 caracteres.|Pagos por compensaciones trabajo asociado cooperativo - Este campo debe ser numérico mayor o igual a 0, no utilice puntos(.), ni comas(,) - La longitud excede el maximo de 18 caracteres.|Otros pagos - Este campo debe ser numérico mayor o igual a 0, no utilice puntos(.), ni comas(,)|Pagos realizados con bonos electrónicos o de papel de servicio, cheques, tarjetas, vales, etc - Este campo debe ser numérico mayor o igual a 0, no utilice puntos(.), ni comas(,) - La longitud excede el maximo de 18 caracteres.|Cesantías e intereses Pagadas Periodo - Este campo debe ser numérico mayor o igual a 0, no utilice puntos(.), ni comas(,) - La longitud excede el maximo de 18 caracteres.|Pensiones de jubilación, vejez o invalidez - Este campo debe ser numérico mayor o igual a 0, no utilice puntos(.), ni comas(,) - La longitud excede el maximo de 18 caracteres.|Aportes obligatorios por salud - Este campo debe ser numérico mayor o igual a 0, no utilice puntos(.), ni comas(,) - La longitud excede el maximo de 18 caracteres.|Aportes obligatorios a fondos de pensiones y solidaridad pensional - Este campo debe ser numérico mayor o igual a 0, no utilice puntos(.), ni comas(,) - La longitud excede el maximo de 18 caracteres.|Aportes voluntarios a fondos de pensiones y cuentas AFC - Este campo debe ser numérico mayor o igual a 0, no utilice puntos(.), ni comas(,) - La longitud excede el maximo de 18 caracteres.
B15: 1
B16: 1
B17: 1
B18: 1
B19: 1
B20: 1
AD21: =SUM(AD15:AD20) -> 0
B25: Entidad informante
B26: 1 | C26: Informante General | G26: Los pagos o abonos en cuenta a personas naturales que perciban rentas de
B27: 2 | C27: Fiduciarias | G27: trabajo que no provengan de una relación laboral, legal y reglamentaria sometidos a
B28: 3 | C28: Mandatario y/o Administrador Delegado | G28: retención en la fuente conforme con lo señalado en el artículo 383 del E.T. serán reportados
B29: 4 | C29: Consorcio y/o Unión Temporal | G29: en el formato 2276.
B30: 5 | C30: Exploración y Explotación hidrocarburos, gases y minerales | G30: Cuando al pago o abono en cuenta establecido en el inciso anterior, no se encuentre
B31: 6 | C31: Joint Venture | G31: sometido a la retención prevista en el artículo 383 del Estatuto Tributario, se debe reportar
B32: 7 | C32: Gestor en Cuentas en Participación | G32: en los formatos de pagos y abonos en cuenta y retenciones practicadas según corresponda.
B33: 8 | C33: Convenios de cooperación con entidades públicas

Sheet F2278
A1: 14 | B1: *24 | C1: *25 | D1: 26 | E1: 27 | F1: 28 | G1: 29 | H1: 30 | I1: 31 | J1: 32 | K1: 33 | L1: 34 | M1: 35 | N1: *36 | O1: 37
A2: 15 | B2: Tipo de documento beneficiario | C2: Número de Identificación beneficiario | D2: Primer Apellido | E2: Segundo Apellido | F2: Primer Nombre | G2: Otros Nombres | H2: Razón Social | I2: Dirección | J2: Código Dpto | K2: Código Mcpio | L2: Código País | M2: Correo Electrónico | N2: Clase Bonos | O2: Valor bonos, papeles, tarjetas, vales, demás
A3: 15 | B3: N | C3: A | D3: A | E3: A | F3: A | G3: A | H3: A | I3: A | J3: N | K3: N | L3: N | M3: A | N3: N | O3: N
B4: 2 | C4: 20 | D4: 60 | E4: 60 | F4: 60 | G4: 60 | H4: 450 | I4: 200 | J4: 2 | K4: 3 | L4: 4 | M4: 50 | N4: 1 | O4: 18
A5: O | B5: S | C5: S | D5: N | E5: N | F5: N | G5: N | H5: N | I5: N | J5: N | K5: N | L5: S | M5: N | N5: S | O5: S
A6: 3 | B6: DTiposDoctoBB | J6: D_2_108 | K6: D_2_109 | L6: D_2_107 | N6: ClaBonos | P6: |Tipo de documento beneficiario - Este campo es obligatorio|Número de Identificación beneficiario - Este campo es obligatorio|Código Dpto - Este campo debe ser numérico mayor o igual a 0, no utilice puntos(.), ni comas(,) - La longitud excede el maximo de 2 caracteres. - El código diligenciado no coincide con la tabla. - Esta casilla no debe diligenciarse si su pais de residencia es diferente a Colombia.|Código Mcpio - Este campo debe ser numérico mayor o igual a 0, no utilice puntos(.), ni comas(,) - La longitud excede el maximo de 3 caracteres. - Valor no valido para este campo - Esta casilla no debe diligenciarse si su pais de residencia es diferente a Colombia.|Código País - Este campo debe ser numérico mayor o igual a 0, no utilice puntos(.), ni comas(,) - La longitud excede el maximo de 4 caracteres. - El código diligenciado no coincide con la tabla.|Valor bonos, papeles, tarjetas, vales, demás - Este campo es obligatorio
B7: Seleccione el tipo de documento del beneficiario | C7: Indique el número de identificación que corresponda al beneficiario. | D7: Indique el Primer Apellido del Beneficiario. Si es una persona jurídica, deje este espacio en blanco | E7: Indique el Primer Apellido del Beneficiario. Si no tiene segundo apellido o si es una persona jurídica, deje este espacio en blanco | F7: Indique el Primer Nombre del Beneficiario. Si es una persona jurídica, deje este espacio en blanco | G7: Indique el Otro Nombre del Beneficiario. Si no tiene otro nombre o si es una persona jurídica, deje este espacio en blanco | H7: Indique la razón social del Beneficiario. Si es una persona natural, deje la casilla en blanco. | I7: Indique la dirreccion del Beneficiario que esta informando | J7: Seleccione el codigo departamento de la direccion informada | K7: Seleccione el codigo municipio de la direccion informada | L7: Seleccióne el codgo del pais del tercero informado | M7: Indique el correo electronico | N7: Seleccione la clase de bono | O7: Informe el valor del Bonos, Papel, tarjeta, vales y demas documentos
A8: ColPadre
A9: ValEsp | C9: E0064 | D9: E0072(30) | E9: E0054 | F9: E0072(30) | G9: E0054 | H9: E0073(26|28) | I9: E0131(34|169|8) | J9: E0075 | K9: E0076 | L9: E0087 | P9: |Concepto - Este campo es obligatorio|Tipo de documento - Este campo es obligatorio|Número identificación - El campo debe ser numérico, no utilice puntos(.), ni comas(,)|DV - Este campo debe ser numérico mayor a 0, no utilice puntos(.), ni comas(,) - La longitud excede el maximo de 1 caracter. - El Digito de Verificación solamente se debe diligenciar si el Tipo de Documento 31 - NIT|Dirección - Esta casilla no debe diligenciarse si su pais de residencia es diferente a Colombia.|Código dpto - Este campo debe ser numérico mayor a 0, no utilice puntos(.), ni comas(,) - La longitud excede el maximo de 2 caracteres. - El código diligenciado no coincide con la tabla. - Esta casilla no debe diligenciarse si su pais de residencia es diferente a Colombia.|Código mcp - Este campo debe ser numérico mayor a 0, no utilice puntos(.), ni comas(,) - La longitud excede el maximo de 3 caracteres. - Valor no valido para este campo - Esta casilla no debe diligenciarse si su pais de residencia es diferente a Colombia.|País de Residencia o domicilio - Este campo debe ser numérico mayor a 0, no utilice puntos(.), ni comas(,) - La longitud excede el maximo de 4 caracteres. - El código diligenciado no coincide con la tabla.|Pago o abono en cuenta deducible - Este campo debe ser numérico mayor a 0, no utilice puntos(.), ni comas(,)|Pago o abono en cuenta NO deducible - Este campo debe ser numérico mayor a 0, no utilice puntos(.), ni comas(,)|IVA mayor valor del costo o gasto deducible - Este campo debe ser numérico mayor a 0, no utilice puntos(.), ni comas(,) - El valor ingresado no es numerico.|IVA mayor valor del costo o gasto NO deducible - Este campo debe ser numérico mayor a 0, no utilice puntos(.), ni comas(,) - El valor ingresado no es numerico.|Retención en la fuente practicada Renta - Este campo es obligatorio|Retención en la fuente asumida Renta - Este campo debe ser numérico mayor a 0, no utilice puntos(.), ni comas(,) - El valor ingresado no es numerico.|Retención en la fuente practicada IVA Régimen Común - Este campo debe ser numérico mayor a 0, no utilice puntos(.), ni comas(,) - El valor ingresado no es numerico.|Retención en la fuente asumida IVA Régimen Simplificado - Este campo es obligatorio|Retención en la fuente practicada IVA NO domiciliados - Este campo es obligatorio|Retención en la fuente practicadas CREE - Este campo es obligatorio|Retención en la fuente asumidas CREE - Este campo es obligatorio
A10: comprabonos | B10: tdocb | C10: nitb | D10: pap | E10: sap | F10: pno | G10: ono | H10: raz | I10: dir | J10: dpto | K10: mun | L10: pais | M10: email | N10: clasebn | O10: vtotal | P10: |Concepto - Este campo debe ser numérico mayor o igual a 0, no utilice puntos(.), ni comas(,) - El código diligenciado no coincide con la tabla.|Tipo de documento - Este campo debe ser numérico mayor o igual a 0, no utilice puntos(.), ni comas(,) - La longitud excede el maximo de 2 caracteres. - El código diligenciado no coincide con la tabla.|Número identificación - El campo debe ser numérico, no utilice puntos(.), ni comas(,)|DV - Este campo debe ser numérico mayor o igual a 0, no utilice puntos(.), ni comas(,) - La longitud excede el maximo de 1 caracter. - El Digito de Verificación solamente se debe diligenciar si el Tipo de Documento 31 - NIT|Dirección - Esta casilla no debe diligenciarse si su pais de residencia es diferente a Colombia.|Código dpto - Este campo debe ser numérico mayor o igual a 0, no utilice puntos(.), ni comas(,) - La longitud excede el maximo de 2 caracteres. - El código diligenciado no coincide con la tabla. - Esta casilla no debe diligenciarse si su pais de residencia es diferente a Colombia.|Código mcp - Este campo debe ser numérico mayor o igual a 0, no utilice puntos(.), ni comas(,) - Valor no valido para este campo - Esta casilla no debe diligenciarse si su pais de residencia es diferente a Colombia.|País de Residencia o domicilio - Este campo debe ser numérico mayor o igual a 0, no utilice puntos(.), ni comas(,) - El código diligenciado no coincide con la tabla.|Pago o abono en cuenta deducible - Este campo debe ser numérico mayor o igual a 0, no utilice puntos(.), ni comas(,)|Pago o abono en cuenta NO deducible - Este campo debe ser numérico mayor o igual a 0, no utilice puntos(.), ni comas(,)|IVA mayor valor del costo o gasto deducible - Este campo debe ser numérico mayor o igual a 0, no utilice puntos(.), ni comas(,) - El valor ingresado no es numerico.|IVA mayor valor del costo o gasto NO deducible - Este campo debe ser numérico mayor o igual a 0, no utilice puntos(.), ni comas(,) - El valor ingresado no es numerico.|Retención en la fuente practicada Renta - Este campo debe ser numérico mayor o igual a 0, no utilice puntos(.), ni comas(,)|Retención en la fuente asumida Renta - Este campo debe ser numérico mayor o igual a 0, no utilice puntos(.), ni comas(,) - El valor ingresado no es numerico.|Retención en la fuente practicada IVA Régimen Común - Este campo debe ser numérico mayor o igual a 0, no utilice puntos(.), ni comas(,) - El valor ingresado no es numerico.|Retención en la fuente asumida IVA Régimen Simplificado - Este campo debe ser numérico mayor o igual a 0, no utilice puntos(.), ni comas(,)|Retención en la fuente practicada IVA NO domiciliados - Este campo debe ser numérico mayor o igual a 0, no utilice puntos(.), ni comas(,)|Retención en la fuente practicadas CREE - Este campo debe ser numérico mayor o igual a 0, no utilice puntos(.), ni comas(,)|Retención en la fuente asumidas CREE - Este campo debe ser numérico mayor o igual a 0, no utilice puntos(.), ni comas(,)
D11: 2278 Información de la Compra de Bonos Eléctricos
B14: =B2 -> Tipo de documento beneficiario | C14: =C2 -> Número de Identificación beneficiario | D14: =D2 -> Primer Apellido | E14: =E2 -> Segundo Apellido | F14: =F2 -> Primer Nombre | G14: =G2 -> Otros Nombres | H14: =H2 -> Razón Social | I14: =I2 -> Dirección | ... O14: =O2 -> Valor bonos, papeles, tarjetas, vales, demás
A17: =CONCATENATE(B17,"|",C17,"|",N17) -> ||

Sheet F5253
A1: 25 | B1: *24 | C1: 35 | D1: *25 | E1: *26 | F1: 27 | G1: 28 | H1: 29 | I1: 30 | J1: 31 | K1: 32 | L1: 36 | M1: 37 | N1: 38 | O1: 33 | P1: 39 | Q1: 40 | R1: 34 | S1: 41 | T1: 42 | U1: 43 | V1: 44 | W1: 45 | X1: 46 | Y1: 47 | Z1: *48
A2: 15 | B2: Tipo de informante | C2: Tipo de beneficiario efectivo | D2: Tipo de documento | E2: Número identificación | F2: Primer apellido del Informado | G2: Segundo apellido del Informado | H2: Primer nombre del Informado | I2: Otros nombres del Informado | J2: Fecha de nacimiento | K2: País de nacionalidad | L2: Dirección | M2: Código Departamento | N2: Código Municipio | O2: País de Residencia o domicilio Fiscal | P2: Correo Electrónico | Q2: Fecha Inicial como beneficiario efectivo | R2: Fecha final como beneficiario efectivo | S2: Participación en la persona jurídica o estructura sin personería jurídica | T2: Participación en la persona jurídica o estructura sin personería jurídica. (Posición decimal) | U2: Participación en los rendimientos o utilidades decretados o causados por la persona jurídica o estructura sin personería jurídica | V2: Participación en los rendimientos o utilidades decretados o causados por la persona jurídica o estructura sin personería jurídica (Posición decimal) | W2: Valor total de los rendimientos o utilidades decretados o causados por la persona jurídica o estructura sin personería jurídica a favor del beneficiario efectivo | X2: Valor total de la persona jurídica o estructura sin personería jurídica | Y2: Valor total de los rendimientos o utilidades decretados o causados por la persona jurídica o estructura sin personería jurídica | Z2: Identificación del fideicomiso, título o contrato | AA2: |TIPO DE DOCUMENTO DEL BENEFICIARIO - Este campo debe ser numérico mayor o igual a 0, no utilice puntos(.), ni comas(,) - La longitud excede el maximo de 2 caracteres. - El código diligenciado no coincide con la tabla.|Número de Identificación del beneficiario - La longitud excede el maximo de 20 caracteres. - El campo debe ser numérico, no utilice puntos(.), ni comas(,)|Dirección del beneficiario - Esta casilla no debe diligenciarse si su pais de residencia es diferente a Colombia.|DEPARTAMENTO DEL BENEFICIARIO - Este campo debe ser numérico mayor o igual a 0, no utilice puntos(.), ni comas(,) - La longitud excede el maximo de 2 caracteres. - El código diligenciado no coincide con la tabla. - Esta casilla no debe diligenciarse si su pais de residencia es diferente a Colombia.|MUNICIPIO DEL BENEFICIARIO - Este campo debe ser numérico mayor o igual a 0, no utilice puntos(.), ni comas(,) - La longitud excede el maximo de 3 caracteres. - Valor no valido para este campo - Esta casilla no debe diligenciarse si su pais de residencia es diferente a Colombia.|PAÍS DEL BENEFICIARIO - Este campo debe ser numérico mayor o igual a 0, no utilice puntos(.), ni comas(,) - La longitud excede el maximo de 4 caracteres. - El código diligenciado no coincide con la tabla.|Pagos por Salarios - Este campo debe ser numérico mayor o igual a 0, no utilice puntos(.), ni comas(,)|Pagos por emolumentos eclesiásticos - Este campo debe ser numérico mayor o igual a 0, no utilice puntos(.), ni comas(,) - La longitud excede el maximo de 18 caracteres.|Pagos por honorarios - Este campo debe ser numérico mayor o igual a 0, no utilice puntos(.), ni comas(,) - La longitud excede el maximo de 18 caracteres.|Pagos por servicios - Este campo debe ser numérico mayor o igual a 0, no utilice puntos(.), ni comas(,) - La longitud excede el maximo de 18 caracteres.|Pagos por comisiones - Este campo debe ser numérico mayor o igual a 0, no utilice puntos(.), ni comas(,) - La longitud excede el maximo de 18 caracteres.|Pagos por prestaciones sociales - Este campo debe ser numérico mayor o igual a 0, no utilice puntos(.), ni comas(,) - La longitud excede el maximo de 18 caracteres.|Pagos por viáticos - Este campo debe ser numérico mayor o igual a 0, no utilice puntos(.), ni comas(,)|Pagos por gastos de representación - Este campo debe ser numérico mayor o igual a 0, no utilice puntos(.), ni comas(,) - La longitud excede el maximo de 18 caracteres.|Pagos por compensaciones trabajo asociado cooperativo - Este campo debe ser numérico mayor o igual a 0, no utilice puntos(.), ni comas(,) - La longitud excede el maximo de 18 caracteres.|Otros pagos - Este campo debe ser numérico mayor o igual a 0, no utilice puntos(.), ni comas(,)|Pagos realizados con bonos electrónicos o de papel de servicio. cheques. tarjetas. vales. etc. - Este campo debe ser numérico mayor o igual a 0, no utilice puntos(.), ni comas(,) - La longitud excede el maximo de 18 caracteres.|Cesantías e intereses de cesantías efectivamente pagadas. consignadas o reconocidas en el periodo - Este campo debe ser numérico mayor o igual a 0, no utilice puntos(.), ni comas(,) - La longitud excede el maximo de 18 caracteres.|Pensiones de Jubilación. vejez o invalidez - Este campo debe ser numérico mayor o igual a 0, no utilice puntos(.), ni comas(,) - La longitud excede el maximo de 18 caracteres.|Aportes Obligatorios por Salud - Este campo debe ser numérico mayor o igual a 0, no utilice puntos(.), ni comas(,) - La longitud excede el maximo de 18 caracteres.|Aportes obligatorios a fondos de pensiones y solidaridad pensional y Aportes voluntarios al - RAIS - Este campo debe ser numérico mayor o igual a 0, no utilice puntos(.), ni comas(,) - La longitud excede el maximo de 18 caracteres.|Aportes voluntarios a fondos de pensiones voluntarias - Este campo debe ser numérico mayor o igual a 0, no utilice puntos(.), ni comas(,) - La longitud excede el maximo de 18 caracteres.|Aportes a cuentas AFC. - La longitud excede el maximo de 0 caracteres.|Valor de las retenciones en la fuente por pagos de rentas de trabajo o pensiones - Este campo debe ser numérico mayor o igual a 0, no utilice puntos(.), ni comas(,) - La longitud excede el maximo de 18 caracteres.
A3: 15 | B3: N | C3: N | D3: N | E3: A | F3: A | G3: A | H3: A | I3: A | J3: D | K3: N | L3: A | M3: A | N3: A | O3: N | P3: A | Q3: D | R3: D | S3: N | T3: N | U3: N | V3: N | W3: N | X3: N | Y3: N | Z3: A | AA3: |Tipo de documento del beneficiario - Este campo debe ser numérico mayor o igual a 0, no utilice puntos(.), ni comas(,) - El código diligenciado no coincide con la tabla.|Número de Identificación del beneficiario - El campo debe ser numérico, no utilice puntos(.), ni comas(,)|Dirección del beneficiario - Esta casilla no debe diligenciarse si su pais de residencia es diferente a Colombia.|Departamento del beneficiario - Este campo debe ser numérico mayor o igual a 0, no utilice puntos(.), ni comas(,) - El código diligenciado no coincide con la tabla. - Esta casilla no debe diligenciarse si su pais de residencia es diferente a Colombia.|Municipio del beneficiario - Este campo debe ser numérico mayor o igual a 0, no utilice puntos(.), ni comas(,) - Valor no valido para este campo - Esta casilla no debe diligenciarse si su pais de residencia es diferente a Colombia.|País del beneficiario - Este campo debe ser numérico mayor o igual a 0, no utilice puntos(.), ni comas(,) - El código diligenciado no coincide con la tabla.|Pagos por Salarios - Este campo debe ser numérico mayor o igual a 0, no utilice puntos(.), ni comas(,)|Pagos por emolumentos eclesiásticos - Este campo debe ser numérico mayor o igual a 0, no utilice puntos(.), ni comas(,)|Pagos por honorarios - Este campo debe ser numérico mayor o igual a 0, no utilice puntos(.), ni comas(,)|Pagos por servicios - Este campo debe ser numérico mayor o igual a 0, no utilice puntos(.), ni comas(,)|Pagos por comisiones - Este campo debe ser numérico mayor o igual a 0, no utilice puntos(.), ni comas(,)|Pagos por prestaciones sociales - Este campo debe ser numérico mayor o igual a 0, no utilice puntos(.), ni comas(,)|Pagos por viáticos - Este campo debe ser numérico mayor o igual a 0, no utilice puntos(.), ni comas(,)|Pagos por gastos de representación - Este campo debe ser numérico mayor o igual a 0, no utilice puntos(.), ni comas(,)|Pagos por compensaciones trabajo asociado cooperativo - Este campo debe ser numérico mayor o igual a 0, no utilice puntos(.), ni comas(,)|Otros pagos - Este campo debe ser numérico mayor o igual a 0, no utilice puntos(.), ni comas(,)|Pagos realizados con bonos electrónicos o de papel de servicio, cheques, tarjetas, vales, etc. - Este campo debe ser numérico mayor o igual a 0, no utilice puntos(.), ni comas(,)|Cesantías e intereses de cesantías efectivamente pagadas, consignadas o reconocidas en el periodo - Este campo debe ser numérico mayor o igual a 0, no utilice puntos(.), ni comas(,)|Pensiones de Jubilación, vejez o invalidez - Este campo debe ser numérico mayor o igual a 0, no utilice puntos(.), ni comas(,)|Aportes Obligatorios por Salud - Este campo debe ser numérico mayor o igual a 0, no utilice puntos(.), ni comas(,)|Aportes obligatorios a fondos de pensiones y solidaridad pensional y Aportes voluntarios al - RAIS - Este campo debe ser numérico mayor o igual a 0, no utilice puntos(.), ni comas(,)|Aportes voluntarios a fondos de pensiones voluntarias - Este campo debe ser numérico mayor o igual a 0, no utilice puntos(.), ni comas(,)|Aportes a cuentas AFC. - Este campo debe ser numérico mayor o igual a 0, no utilice puntos(.), ni comas(,)|Valor de las retenciones en la fuente por pagos de rentas de trabajo o pensiones - Este campo debe ser numérico mayor o igual a 0, no utilice puntos(.), ni comas(,)
B4: 1 | C4: 1 | D4: 2 | E4: 20 | F4: 60 | G4: 60 | H4: 60 | I4: 60 | J4: 10 | K4: 4 | L4: 200 | M4: 2 | N4: 3 | O4: 4 | P4: 50 | Q4: 10 | R4: 10 | S4: 18 | T4: 2 | U4: 18 | V4: 2 | W4: 18 | X4: 18 | Y4: 18 | Z4: 14 | AA4: |Tipo de documento del beneficiario - El código diligenciado no coincide con la tabla.|Dirección del beneficiario - Esta casilla no debe diligenciarse si su pais de residencia es diferente a Colombia.|Departamento del beneficiario - El código diligenciado no coincide con la tabla. - Esta casilla no debe diligenciarse si su pais de residencia es diferente a Colombia.|Municipio del beneficiario - Valor no valido para este campo - Esta casilla no debe diligenciarse si su pais de residencia es diferente a Colombia.|País del beneficiario - El código diligenciado no coincide con la tabla.
A5: B | B5: S | C5: S | D5: S | E5: S | F5: S | G5: N | H5: S | I5: N | J5: S | K5: S | L5: N | M5: N | N5: N | O5: S | P5: N | Q5: S | R5: S | S5: S | T5: S | U5: S | V5: S | W5: S | X5: S | Y5: S | Z5: N | AA5: |Tipo de documento del beneficiario - Este campo debe ser numérico mayor o igual a 0, no utilice puntos(.), ni comas(,) - El código diligenciado no coincide con la tabla.|Número de Identificación del beneficiario - El campo debe ser numérico, no utilice puntos(.), ni comas(,)|Dirección del beneficiario - Esta casilla no debe diligenciarse si su pais de residencia es diferente a Colombia.|Departamento del beneficiario - Este campo debe ser numérico mayor o igual a 0, no utilice puntos(.), ni comas(,) - El código diligenciado no coincide con la tabla. - Esta casilla no debe diligenciarse si su pais de residencia es diferente a Colombia.|Municipio del beneficiario - Este campo debe ser numérico mayor o igual a 0, no utilice puntos(.), ni comas(,) - Valor no valido para este campo - Esta casilla no debe diligenciarse si su pais de residencia es diferente a Colombia.|País del beneficiario - Este campo debe ser numérico mayor o igual a 0, no utilice puntos(.), ni comas(,) - El código diligenciado no coincide con la tabla.|Pagos por Salarios - Este campo debe ser numérico mayor o igual a 0, no utilice puntos(.), ni comas(,)|Pagos por emolumentos eclesiásticos - Este campo debe ser numérico mayor o igual a 0, no utilice puntos(.), ni comas(,)|Pagos por honorarios - Este campo debe ser numérico mayor o igual a 0, no utilice puntos(.), ni comas(,)|Pagos por servicios - Este campo debe ser numérico mayor o igual a 0, no utilice puntos(.), ni comas(,)|Pagos por comisiones - Este campo debe ser numérico mayor o igual a 0, no utilice puntos(.), ni comas(,)|Pagos por prestaciones sociales - Este campo debe ser numérico mayor o igual a 0, no utilice puntos(.), ni comas(,)|Pagos por viáticos - Este campo debe ser numérico mayor o igual a 0, no utilice puntos(.), ni comas(,)|Pagos por gastos de representación - Este campo debe ser numérico mayor o igual a 0, no utilice puntos(.), ni comas(,)|Pagos por compensaciones trabajo asociado cooperativo - Este campo debe ser numérico mayor o igual a 0, no utilice puntos(.), ni comas(,)|Otros pagos - Este campo debe ser numérico mayor o igual a 0, no utilice puntos(.), ni comas(,)|Pagos realizados con bonos electrónicos o de papel de servicio, cheques, tarjetas, vales, etc. - Este campo debe ser numérico mayor o igual a 0, no utilice puntos(.), ni comas(,)|Cesantías e intereses de cesantías efectivamente pagadas, consignadas o reconocidas en el periodo - Este campo debe ser numérico mayor o igual a 0, no utilice puntos(.), ni comas(,)|Pensiones de Jubilación, vejez o invalidez - Este campo debe ser numérico mayor o igual a 0, no utilice puntos(.), ni comas(,)|Aportes Obligatorios por Salud - Este campo debe ser numérico mayor o igual a 0, no utilice puntos(.), ni comas(,)|Aportes obligatorios a fondos de pensiones y solidaridad pensional y Aportes voluntarios al - RAIS - Este campo debe ser numérico mayor o igual a 0, no utilice puntos(.), ni comas(,)|Aportes voluntarios a fondos de pensiones voluntarias - Este campo debe ser numérico mayor o igual a 0, no utilice puntos(.), ni comas(,)|Aportes a cuentas AFC. - Este campo debe ser numérico mayor o igual a 0, no utilice puntos(.), ni comas(,)|Valor de las retenciones en la fuente por pagos de rentas de trabajo o pensiones - Este campo debe ser numérico mayor o igual a 0, no utilice puntos(.), ni comas(,)
A6: 5 | B6: DTipoInfor | C6: DTipoBen | D6: DTiposDoctoBB | K6: D_2_107 | M6: D_2_108 | N6: D_2_109 | O6: D_2_107
B7: Seleccione el tipo de informante | C7: Seleccione el tipo de beneficiario efectivo | D7: Seleccione el tipo de documento del beneficiario efectivo que va a ser informado o reportado. Si la Persona o Entidad del exterior, tiene Número, Código o Clave Fiscal, Utilice 42. | E7: Indique el número de identificación del beneficiario efectivo. | F7: Indique el primer apellido del beneficiario efectivo informado. Si es una persona jurídica, deje este espacio en blanco. | G7: Indique el segundo apellido del Beneficiario Efectivo informado. Si no tiene segundo apellido o es una persona jurídica, deje esta casilla en blanco. | H7: Indique el primer nombre del Beneficiario Efectivo informado. Si es una persona jurídica, deje este espacio en blanco. | I7: Indique el segundo nombre u otros nombres del Beneficiario Efectivo informado. Si no tiene más nombres o es una persona jurídica, deje este espacio en blanco. | J7: Informe la fecha de nacimiento utilice el formato AAAA- MM- DD | K7: Seleccione el codigo del pais de la nacionalidad del beneficiario efectivo. | O7: Seleccione el codigo del pais de la residencia fiscal del beneficiario efectivo. | Q7: Informe la fecha de Inicial del beneficio efectivo, utilice el formato AAAA- MM- DD | R7: Informe la fecha de Final del beneficio efectivo, utilice el formato AAAA- MM- DD | S7: Para valores con parte decimal, se debe diligenciar el valor sin separación decimal. Ejemplo: - Para el valor 12.78915, diligencie 1278915. - Para el valor 0.000001 diligencie 1. - Para el valor 100% diligencie 100. El porcentaje de participación máximo es 100. | T7: Diligencie el número de posiciones decimales para el valor de la casilla anterior, contada desde la derecha del valor de la casilla. El valor de esta casilla puede ser máximo 18 Ejemplo: - Para el valor 12.78915, diligencie 5. - Para el valor 0.000001 diligencie 6. - Para el valor 100% diligencie 0. En caso de no tener valor decimal diligencie 0 (Cero). | U7: Para valores con parte decimal, se debe diligenciar el valor sin separación decimal | V7: Diligencie el número de posiciones decimales para el valor de la casilla anterior, contada desde la derecha del valor de la casilla. El valor de esta casilla puede ser máximo 18 Ejemplo: - Para el valor 12.78915, diligencie 5. - Para el valor 0.000001 diligencie 6. - Para el valor 100% diligencie 0. En caso de no tener valor decimal diligencie 0 (Cero). | W7: Informe el valor de las cesantias e intereses pagados al beneficiario informado. | X7: Informe el valor de la pensiones de jubilacion, vejez o invalidez pagados al beneficiario informado. | Y7: Informe el valor total de los ingresos brutos de rentas de trabajo | Z7: Informe el valor de los Aportes Obligatorios por salud pagados por el beneficiario
A8: ColPadre
A9: ValEsp | E9: E0064 | F9: E0311 | H9: E0311 | L9: E0100 | Q9: E0137 | R9: E0025 | S9: E0302 | T9: E0138 | U9: E0302 | V9: E0138 | W9: E0103 | X9: E0103 | Y9: E0103 | AA9: |Denominación casilla - Este campo es obligatorio|Tipo de documento del beneficiario - El campo debe ser numérico, no utilice puntos(.), ni comas(,)|Dirección del beneficiario - Este campo debe ser numérico mayor o igual a 0, no utilice puntos(.), ni comas(,) - La longitud excede el maximo de 2 caracteres. - El código diligenciado no coincide con la tabla.|Departamentodel beneficiario - Este campo debe ser numérico mayor o igual a 0, no utilice puntos(.), ni comas(,) - La longitud excede el maximo de 3 caracteres. - Valor no valido para este campo|Municipio del beneficiario - Este campo es obligatorio|País del Beneficiario - Este campo debe ser numérico mayor o igual a 0, no utilice puntos(.), ni comas(,) - La longitud excede el maximo de 18 caracteres.|Pagos por salarios - Este campo es obligatorio|Pagos por emolumentos eclesiásticos - Este campo es obligatorio|Pagos por honorarios - Este campo es obligatorio|Pagos por servicios - Este campo es obligatorio|Pagos por comisiones - Este campo es obligatorio|Pagos por prestaciones sociales - Este campo es obligatorio|Pagos por viáticos - Este campo es obligatorio|Pagos por gastos de representación - Este campo es obligatorio|Pagos por compensaciones trabajo asociado cooperativo - Este campo es obligatorio|Otros pagos - Este campo es obligatorio|Pagos realizados con bonos electrónicos o de papel de servicio, cheques, tarjetas, vales, etc - Este campo es obligatorio|Cesantías e intereses Pagadas Periodo - Este campo es obligatorio|Pensiones de jubilación, vejez o invalidez - Este campo es obligatorio|Aportes obligatorios por salud - Este campo es obligatorio|Aportes obligatorios a fondos de pensiones y solidaridad pensional - Este campo es obligatorio|Aportes voluntarios a fondos de pensiones y cuentas AFC - Este campo es obligatorio
A10: bene | B10: tinfo | C10: tbenef | D10: tdoc | E10: nid | F10: apl1 | G10: apl2 | H10: nom1 | I10: nom2 | J10: fena | K10: paina | L10: dir | M10: dpto | N10: mun | O10: paire | P10: email | Q10: fein | R10: fefi | S10: papj | T10: papjpd | U10: prupj | V10: prupjpd | W10: vtrupjbe | X10: vtprpj | Y10: vtrupj | Z10: ifide | AA10: |Concepto - Este campo debe ser numérico mayor o igual a 0, no utilice puntos(.), ni comas(,) - El código diligenciado no coincide con la tabla.|Tipo de documento - Este campo debe ser numérico mayor o igual a 0, no utilice puntos(.), ni comas(,) - La longitud excede el maximo de 2 caracteres. - El código diligenciado no coincide con la tabla.|Número identificación - El campo debe ser numérico, no utilice puntos(.), ni comas(,)|DV - Este campo debe ser numérico mayor o igual a 0, no utilice puntos(.), ni comas(,) - La longitud excede el maximo de 1 caracter. - El Digito de Verificación solamente se debe diligenciar si el Tipo de Documento 31 - NIT|Dirección - Esta casilla no debe diligenciarse si su pais de residencia es diferente a Colombia.|Código dpto - Este campo debe ser numérico mayor o igual a 0, no utilice puntos(.), ni comas(,) - La longitud excede el maximo de 2 caracteres. - El código diligenciado no coincide con la tabla. - Esta casilla no debe diligenciarse si su pais de residencia es diferente a Colombia.|Código mcp - Este campo debe ser numérico mayor o igual a 0, no utilice puntos(.), ni comas(,) - Valor no valido para este campo - Esta casilla no debe diligenciarse si su pais de residencia es diferente a Colombia.|País de Residencia o domicilio - Este campo debe ser numérico mayor o igual a 0, no utilice puntos(.), ni comas(,) - El código diligenciado no coincide con la tabla.|Pago o abono en cuenta deducible - Este campo debe ser numérico mayor o igual a 0, no utilice puntos(.), ni comas(,)|Pago o abono en cuenta NO deducible - Este campo debe ser numérico mayor o igual a 0, no utilice puntos(.), ni comas(,)|IVA mayor valor del costo o gasto deducible - Este campo debe ser numérico mayor o igual a 0, no utilice puntos(.), ni comas(,) - El valor ingresado no es numerico.|IVA mayor valor del costo o gasto NO deducible - Este campo debe ser numérico mayor o igual a 0, no utilice puntos(.), ni comas(,) - El valor ingresado no es numerico.|Retención en la fuente practicada Renta - Este campo debe ser numérico mayor o igual a 0, no utilice puntos(.), ni comas(,)|Retención en la fuente asumida Renta - Este campo debe ser numérico mayor o igual a 0, no utilice puntos(.), ni comas(,) - El valor ingresado no es numerico.|Retención en la fuente practicada IVA Régimen Común - Este campo debe ser numérico mayor o igual a 0, no utilice puntos(.), ni comas(,) - El valor ingresado no es numerico.|Retención en la fuente asumida IVA Régimen Simplificado - Este campo debe ser numérico mayor o igual a 0, no utilice puntos(.), ni comas(,)|Retención en la fuente practicada IVA NO domiciliados - Este campo debe ser numérico mayor o igual a 0, no utilice puntos(.), ni comas(,)|Retención en la fuente practicadas CREE - Este campo debe ser numérico mayor o igual a 0, no utilice puntos(.), ni comas(,)|Retención en la fuente asumidas CREE - Este campo debe ser numérico mayor o igual a 0, no utilice puntos(.), ni comas(,)
D11: 5253 INFORMACIÓN DE BENEFICIARIOS EFECTIVOS | U11: 2276 Información Certificado de Ingresos y Retenciones para personas naturales Empleados | AA11: |Número de Identificación del empleado - Este campo es obligatorio|Código Dpto - Este campo es obligatorio|Código Mcpio - Este campo es obligatorio|Código País - Este campo es obligatorio|Fecha Inicial Periodo de Certificación - Este campo es obligatorio|Fecha Final Periodo de Certificación - Este campo es obligatorio|Fecha de Expedición del Certificado - Este campo es obligatorio|Departamento donde se practicó la retención - Este campo es obligatorio|Municipio donde se practicó la retención - Este campo es obligatorio|Número entidades que consolidan la retención - Este campo es obligatorio|Pagos al Empleado - Este campo es obligatorio|Cesantías e Intereses Pagadas Periodo - Este campo es obligatorio|Gastos de Representación - Este campo es obligatorio|Pensiones de Jubilación, vejez o invalidez - Este campo es obligatorio|Otros Ingresos como Empleado - Este campo es obligatorio|Total Ingresos Brutos - Este campo es obligatorio|Aportes Obligatorios por Salud - Este campo es obligatorio|Aportes Obligatorios a fondos de pensiones y solidaridad pensional - Este campo debe ser numérico mayor o igual a 0, no utilice puntos(.), ni comas(,) - La longitud excede el maximo de 18 caracteres. - El campo debe ser numérico, no utilice puntos(.), ni comas(,)|Aportes Voluntarios a fondos de Pensiones y Cuentas AFC - Este campo es obligatorio|Valores de las Retenciones en la Fuente por Pagos al Empleado - Este campo es obligatorio
